Workbook
Name CapexAmount: Drivers!$M$7:$M$67
Name CapexCategory: Drivers!$K$7:$K$67
Name CapexDepMonths: Drivers!$P$7:$P$67
Name CapexItem: Drivers!$J$7:$J$67
Name CapexMonth: Drivers!$L$7:$L$67
Name CapexSalvage: Drivers!$O$7:$O$67
Name CapExSalvageMonth: Drivers!$N$7:$N$67
Name CapitalCommon: Drivers!$H$7:$H$67
Name CapitalCommonStart: Drivers!$H$7
Name CapitalDebtMonth: Drivers!$C$7:$C$67
Name CapitalDividends: Drivers!$I$7:$I$67
Name CapitalEquityMonth: Drivers!$F$7:$F$67
Name CapitalLong: Drivers!$E$7:$E$67
Name CapitalLongStart: Drivers!$E$7
Name CapitalPreferred: Drivers!$G$7:$G$67
Name CapitalPreferredStart: Drivers!$G$7
Name CapitalShort: Drivers!$D$7:$D$67
Name CapitalShortStart: Drivers!$D$7
Name CompBonus: Drivers!$AD$7:$AD$67
Name CompFTE: Drivers!$AB$7:$AB$67
Name CompGrowth: Drivers!$AO$19
Name CompLoad: Drivers!$AO$20
Name CompSalary: Drivers!$AC$7:$AC$67
Name CompStartMonth: Drivers!$AA$7:$AA$67
Name CompTotal: Drivers!$AE$7:$AE$67
Name DepExp: Drivers!$S$7:$S$67
Name DepMos: Drivers!$R$7:$R$67
Name DepStop: Drivers!$Q$7:$Q$67
Name LoanCohortMonth: Drivers!$AJ$7:$AJ$67
Name LoanCohortRate: Drivers!$AK$7:$AK$67
Name LoanCostCommission: Drivers!$AM$17
Name LoanCostProcessing: Drivers!$AM$18
Name LoanCostReferral: Drivers!$AM$16
Name LoanGrowth: Drivers!$AM$10
Name LoanOriginations: Loans!$K$5:$BR$5
Name LoanQuantity: Drivers!$AM$9
Name LoanRateMonth: Drivers!$AF$7:$AF$67
Name LoanRates: Drivers!$AI$7:$AI$67
Name LoanRevApplication: Drivers!$AM$12
Name LoanRevDelinquency: Drivers!$AO$15
Name LoanRevOrigination: Drivers!$AM$13
Name LoanRevServicing: Drivers!$AM$14
Name LoanSaleHeld: Drivers!$AM$21
Name LoanSalePercent: Drivers!$AM$20
Name LoanSalePremium: Drivers!$AM$22
Name LoanSize: Drivers!$AM$7
Name LoanTerm: Drivers!$AM$8
Name MitigateChargeoff: Drivers!$AO$16
Name MitigateDelinquency: Drivers!$AO$14
Name MitigateReserves: Drivers!$AO$17
Name OtherMinCash: Drivers!$AO$22
Name OtherTaxes: Drivers!$AO$21
Name OverheadAmount: Drivers!$X$7:$X$67
Name OverheadGrowth: Drivers!$Y$7:$Y$67
Name RateCommon: Drivers!$AO$10
Name RateCredit: Drivers!$AO$11
Name RateLong: Drivers!$AO$8
Name RatePreferred: Drivers!$AO$9
Name RateShort: Drivers!$AO$7
Name SalGain: Drivers!$V$7:$V$67

Sheet ℹ️ 
A1: info
C4: Loans | D4: Credit Facility | E4: Capital Expense | F4: Profit & Loss | G4: Balance Sheet | H4: Cash Flow
C5: Originations | D5: Starting cash | E5: Categories | F5: Fee revenue | G5: Cash | H5: Cash fr. operations
C6: Sales | D6: Collections | E6: Expenditures | F6: Interest income | G6: Loans Receivable | H6: Cash fr. investing
C7: Interest | D7: Disbursements | E7: Depreciation | F7: Loan sales | G7: Net fixed assets | H7: Cash fr. financing
C8: Principal | D8: Cash In/out | E8: Accum. Deprec. | F8: Cost of sales | G8: Short-term debt | H8: Free cash flow
C9: Amortization | D9: Borrow/repay | E9: Balance | F9: Operating exp. | G9: Credit facility | H9: WACC
C10: Chargeoffs | D10: Ending cash | E10: Salvage proceeds | F10: Net earnings | G10: Long-term debt | H10: Terminal value
C11: Outstanding | D11: Ending balance | E11: Salvage gain/loss | F11: Dividends | G11: Equity | H11: Equity value

Sheet Drivers
B2: Info
C3: Drivers
C4: Capitalization | J4: Capital Expenditures | W4: Overhead | Z4: Payroll | AF4: Rates | AL4: Loans | AN4: Other | AQ4: 5-year Summary
D5: Debt | F5: Equity | L5: Purchase | N5: Salvage | P5: Deprc | Q5: Dep | T5: Sal | AR5: Year 1 | AS5: Year 2 | AT5: Year 3 | AU5: Year 4 | AV5: Year 5
C6: m | D6: S/T | E6: L/T | F6: m | G6: Pref | H6: Com | I6: Divs | J6: Expense | K6: Catgry | L6: m | M6: amt | N6: m | O6: amt | P6: # m | Q6: Stop | R6: Mos | S6: Exp | T6: Off | U6: NAV | V6: Gain | W6: Expense | X6: y1 | Y6: y/y | Z6: Title / Level | AA6: m | AB6: FTE | AC6: Base | AD6: Bonus | AE6: Comp | AF6: m | AG6: Prime | AH6: Spread | AI6: RateLend | AJ6: OrigMo | AK6: MoRate | AL6: Originations | AN6: Cost of capital | AQ6: Loans
C7: 0 | D7: 10 | E7: 100 | F7: 0 | G7: 100 | H7: 50 | I7: 0 | J7: Improvements | K7: Facility | L7: 4 | M7: 250 | N7: 20 | O7: 175 | P7: 27 | Q7: =IF(P7=0,0,MIN(P7+L7-1,N7)) -> 20 | R7: =IF(Q7=0,0,Q7-L7+1) -> 17 | S7: =IF(R7=0,0,M7/P7) -> 9.2592593 | T7: =IF( AND(P7=0,N7=0),61, IF( P7=0, N7, MIN(P7+L7-1,N7))) -> 20 | U7: =M7-(R7*S7) -> 92.592593 | V7: =O7-(M7-R7* S7) -> 82.407407 | W7: General & Admin | X7: 150 | Y7: 0.02 | Z7: CEO | AA7: 1 | AB7: 1 | AC7: 120 | AD7: 0.2 | AE7: =AB7*AC7/12*(1+AD7)*(1+CompLoad) -> 15.36 | AF7: 1 | AG7: 0.02 | AH7: 0.16 | AI7: =SUM(AG7:AH7) -> 0.18 | AJ7: 1 | AK7: =VLOOKUP(AJ7,$AF$7:$AI$67,4)/12 -> 0.015 | AL7: Avg size | AM7: 25 | AN7: S/T debt | AO7: 0.06 | AQ7: # Orig | AR7: =Loans!E5 -> 1233.5562 | AS7: =Loans!F5 -> 1309.6393 | AT7: =Loans!G5 -> 1390.415 | AU7: =Loans!H5 -> 1476.1727 | AV7: =Loans!I5 -> 1567.2198
C8: 6 | D8: 25 | F8: 6 | G8: 10 | I8: 50 | J8: Systems | K8: Equip | L8: 1 | M8: 40 | N8: 55 | O8: 15 | P8: 10 | Q8: =IF(P8=0,0,MIN(P8+L8-1,N8)) -> 10 | R8: =IF(Q8=0,0,Q8-L8+1) -> 10 | S8: =IF(R8=0,0,M8/P8) -> 4 | T8: =IF( AND(P8=0,N8=0),61, IF( P8=0, N8, MIN(P8+L8-1,N8))) -> 10 | U8: =M8-(R8*S8) -> 0 | V8: =O8-(M8-R8* S8) -> 15 | W8: Sales & Marketing | X8: 350 | Y8: 0.015 | Z8: CFO | AA8: 1 | AB8: 1 | AC8: 110 | AD8: 0.2 | AE8: =AB8*AC8/12*(1+AD8)*(1+CompLoad) -> 14.08 | AF8: 2 | AG8: 0.03 | AH8: 0.165 | AI8: =SUM(AG8:AH8) -> 0.195 | AJ8: 2 | AK8: =VLOOKUP(AJ8,$AF$7:$AI$67,4)/12 -> 0.01625 | AL8: Avg term | AM8: 18 | AN8: L/T debt | AO8: 0.07 | AQ8: # Sold | AR8: =Loans!E6 -> 366.18388 | AS8: =Loans!F6 -> 514.52913 | AT8: =Loans!G6 -> 546.26416 | AU8: =Loans!H6 -> 579.95654 | AV8: =Loans!I6 -> 615.72699
C9: 9 | D9: 25 | F9: 18 | I9: 100 | J9: Furniture | K9: Fixture | L9: 8 | M9: 50 | N9: 33 | P9: 3 | Q9: =IF(P9=0,0,MIN(P9+L9-1,N9)) -> 10 | R9: =IF(Q9=0,0,Q9-L9+1) -> 3 | S9: =IF(R9=0,0,M9/P9) -> 16.666667 | T9: =IF( AND(P9=0,N9=0),61, IF( P9=0, N9, MIN(P9+L9-1,N9))) -> 10 | U9: =M9-(R9*S9) -> 0 | V9: =O9-(M9-R9* S9) -> 0 | W9: Tech & Systems | X9: 100 | Y9: 0.02 | Z9: COO | AA9: 1 | AB9: 1 | AC9: 95 | AD9: 0.2 | AE9: =AB9*AC9/12*(1+AD9)*(1+CompLoad) -> 12.16 | AF9: 10 | AG9: 0.035 | AH9: 0.15 | AI9: =SUM(AG9:AH9) -> 0.185 | AJ9: 3 | AK9: =VLOOKUP(AJ9,$AF$7:$AI$67,4)/12 -> 0.01625 | AL9: # Loans/m | AM9: 100 | AN9: Preferred | AO9: 0.12 | AQ9: Recvables | AR9: =Loans!E25 -> 14458.59 | AS9: =Loans!F25 -> 16365.492 | AT9: =Loans!G25 -> 16130.832 | AU9: =Loans!H25 -> 16369.232 | AV9: =Loans!I25 -> 16355.537
J10: Trademark | K10: Intang | L10: 6 | M10: 100 | N10: 12 | O10: 18 | P10: 14 | Q10: =IF(P10=0,0,MIN(P10+L10-1,N10)) -> 12 | R10: =IF(Q10=0,0,Q10-L10+1) -> 7 | S10: =IF(R10=0,0,M10/P10) -> 7.1428571 | T10: =IF( AND(P10=0,N10=0),61, IF( P10=0, N10, MIN(P10+L10-1,N10))) -> 12 | U10: =M10-(R10*S10) -> 50 | V10: =O10-(M10-R10* S10) -> -32 | Z10: Finance/1 | AA10: 1 | AB10: 1 | AC10: 75 | AD10: 0.15 | AE10: =AB10*AC10/12*(1+AD10)*(1+CompLoad) -> 9.2 | AF10: 16 | AG10: 0.03 | AH10: 0.155 | AI10: =SUM(AG10:AH10) -> 0.185 | AJ10: 4 | AK10: =VLOOKUP(AJ10,$AF$7:$AI$67,4)/12 -> 0.01625 | AL10: Increase/mo | AM10: 0.005 | AN10: Common | AO10: 0.15 | AQ10: Credit line
J11: Land | K11: Land | Q11: =IF(P11=0,0,MIN(P11+L11-1,N11)) -> 0 | R11: =IF(Q11=0,0,Q11-L11+1) -> 0 | S11: =IF(R11=0,0,M11/P11) -> 0 | T11: =IF( AND(P11=0,N11=0),61, IF( P11=0, N11, MIN(P11+L11-1,N11))) -> 61 | U11: =M11-(R11*S11) -> 0 | V11: =O11-(M11-R11* S11) -> 0 | Z11: Finance/2 | AA11: 15 | AB11: 2 | AC11: 65 | AD11: 0.15 | AE11: =AB11*AC11/12*(1+AD11)*(1+CompLoad) -> 15.946667 | AI11: =SUM(AG11:AH11) -> 0 | AJ11: 5 | AK11: =VLOOKUP(AJ11,$AF$7:$AI$67,4)/12 -> 0.01625 | AL11: Proceeds | AN11: Credit line | AO11: 0.065 | AQ11: Borrow | AR11: =Credit!E44 -> 15070.944 | AS11: =Credit!F44 -> 1434.8174 | AT11: =Credit!G44 -> -608.53818 | AU11: =Credit!H44 -> -413.181 | AV11: =Credit!I44 -> -867.63463
J12: Unknown | L12: 18 | M12: 10 | N12: 40 | O12: 5 | P12: 3 | Q12: =IF(P12=0,0,MIN(P12+L12-1,N12)) -> 20 | R12: =IF(Q12=0,0,Q12-L12+1) -> 3 | S12: =IF(R12=0,0,M12/P12) -> 3.3333333 | T12: =IF( AND(P12=0,N12=0),61, IF( P12=0, N12, MIN(P12+L12-1,N12))) -> 20 | U12: =M12-(R12*S12) -> 0 | V12: =O12-(M12-R12* S12) -> 5 | Z12: Operations/1 | AA12: 2 | AB12: 1 | AC12: 75 | AD12: 0.15 | AE12: =AB12*AC12/12*(1+AD12)*(1+CompLoad) -> 9.2 | AI12: =SUM(AG12:AH12) -> 0 | AJ12: 6 | AK12: =VLOOKUP(AJ12,$AF$7:$AI$67,4)/12 -> 0.01625 | AL12: Appllicat'n $ | AM12: 150 | AN12: Terminal % | AO12: 0.02 | AQ12: Balance | AR12: =Credit!E46 -> 15070.944 | AS12: =Credit!F46 -> 16505.762 | AT12: =Credit!G46 -> 15897.223 | AU12: =Credit!H46 -> 15484.042 | AV12: =Credit!I46 -> 14616.408
Q13: =IF(P13=0,0,MIN(P13+L13-1,N13)) -> 0 | R13: =IF(Q13=0,0,Q13-L13+1) -> 0 | S13: =IF(R13=0,0,M13/P13) -> 0 | T13: =IF( AND(P13=0,N13=0),61, IF( P13=0, N13, MIN(P13+L13-1,N13))) -> 61 | U13: =M13-(R13*S13) -> 0 | V13: =O13-(M13-R13* S13) -> 0 | Z13: Operations/2 | AA13: 13 | AB13: 1 | AC13: 60 | AD13: 0.15 | AE13: =AB13*AC13/12*(1+AD13)*(1+CompLoad) -> 7.36 | AI13: =SUM(AG13:AH13) -> 0 | AJ13: 7 | AK13: =VLOOKUP(AJ13,$AF$7:$AI$67,4)/12 -> 0.01625 | AL13: Origination | AM13: 0.011 | AN13: Miitigation | AQ13: CapEx
Q14: =IF(P14=0,0,MIN(P14+L14-1,N14)) -> 0 | R14: =IF(Q14=0,0,Q14-L14+1) -> 0 | S14: =IF(R14=0,0,M14/P14) -> 0 | T14: =IF( AND(P14=0,N14=0),61, IF( P14=0, N14, MIN(P14+L14-1,N14))) -> 61 | U14: =M14-(R14*S14) -> 0 | V14: =O14-(M14-R14* S14) -> 0 | Z14: Marketing/1 | AA14: 3 | AB14: 1 | AC14: 65 | AD14: 0.15 | AE14: =AB14*AC14/12*(1+AD14)*(1+CompLoad) -> 7.9733333 | AI14: =SUM(AG14:AH14) -> 0 | AJ14: 8 | AK14: =VLOOKUP(AJ14,$AF$7:$AI$67,4)/12 -> 0.01625 | AL14: Servicing/yr | AM14: 0.02 | AN14: Delinquncy | AO14: 0.01 | AQ14: Expense | AR14: =CapEx!E11 -> 440 | AS14: =CapEx!F11 -> 10 | AT14: =CapEx!G11 -> 0 | AU14: =CapEx!H11 -> 0 | AV14: =CapEx!I11 -> 0
Q15: =IF(P15=0,0,MIN(P15+L15-1,N15)) -> 0 | R15: =IF(Q15=0,0,Q15-L15+1) -> 0 | S15: =IF(R15=0,0,M15/P15) -> 0 | T15: =IF( AND(P15=0,N15=0),61, IF( P15=0, N15, MIN(P15+L15-1,N15))) -> 61 | U15: =M15-(R15*S15) -> 0 | V15: =O15-(M15-R15* S15) -> 0 | Z15: Marketing/2 | AA15: 7 | AB15: 1 | AC15: 60 | AD15: 0.15 | AE15: =AB15*AC15/12*(1+AD15)*(1+CompLoad) -> 7.36 | AI15: =SUM(AG15:AH15) -> 0 | AJ15: 9 | AK15: =VLOOKUP(AJ15,$AF$7:$AI$67,4)/12 -> 0.01625 | AL15: Costs | AN15: Delinq $ | AO15: 35 | AQ15: Salvage | AR15: =CapEx!E41 -> 18 | AS15: =CapEx!F41 -> 175 | AT15: =CapEx!G41 -> 0 | AU15: =CapEx!H41 -> 5 | AV15: =CapEx!I41 -> 15
Q16: =IF(P16=0,0,MIN(P16+L16-1,N16)) -> 0 | R16: =IF(Q16=0,0,Q16-L16+1) -> 0 | S16: =IF(R16=0,0,M16/P16) -> 0 | T16: =IF( AND(P16=0,N16=0),61, IF( P16=0, N16, MIN(P16+L16-1,N16))) -> 61 | U16: =M16-(R16*S16) -> 0 | V16: =O16-(M16-R16* S16) -> 0 | Z16: Tech/1 | AA16: 1 | AB16: 2 | AC16: 80 | AD16: 0.15 | AE16: =AB16*AC16/12*(1+AD16)*(1+CompLoad) -> 19.626667 | AI16: =SUM(AG16:AH16) -> 0 | AJ16: 10 | AK16: =VLOOKUP(AJ16,$AF$7:$AI$67,4)/12 -> 0.015416667 | AL16: Referral $ | AM16: 125 | AN16: Charge-off | AO16: 0.1 | AQ16: Income
Q17: =IF(P17=0,0,MIN(P17+L17-1,N17)) -> 0 | R17: =IF(Q17=0,0,Q17-L17+1) -> 0 | S17: =IF(R17=0,0,M17/P17) -> 0 | T17: =IF( AND(P17=0,N17=0),61, IF( P17=0, N17, MIN(P17+L17-1,N17))) -> 61 | U17: =M17-(R17*S17) -> 0 | V17: =O17-(M17-R17* S17) -> 0 | Z17: Tech/2 | AA17: 15 | AB17: 1 | AC17: 70 | AD17: 0.15 | AE17: =AB17*AC17/12*(1+AD17)*(1+CompLoad) -> 8.5866667 | AI17: =SUM(AG17:AH17) -> 0 | AJ17: 11 | AK17: =VLOOKUP(AJ17,$AF$7:$AI$67,4)/12 -> 0.015416667 | AL17: Commission | AM17: 0.01 | AN17: Loss resrve | AO17: 0.05 | AQ17: Revenue | AR17: =Income!E14 -> 2571.0347 | AS17: =Income!F14 -> 3818.8744 | AT17: =Income!G14 -> 3823.8521 | AU17: =Income!H14 -> 4385.1613 | AV17: =Income!I14 -> 4783.2031
Q18: =IF(P18=0,0,MIN(P18+L18-1,N18)) -> 0 | R18: =IF(Q18=0,0,Q18-L18+1) -> 0 | S18: =IF(R18=0,0,M18/P18) -> 0 | T18: =IF( AND(P18=0,N18=0),61, IF( P18=0, N18, MIN(P18+L18-1,N18))) -> 61 | U18: =M18-(R18*S18) -> 0 | V18: =O18-(M18-R18* S18) -> 0 | Z18: Tech/2 | AA18: 18 | AB18: 1 | AC18: 70 | AD18: 0.15 | AE18: =AB18*AC18/12*(1+AD18)*(1+CompLoad) -> 8.5866667 | AI18: =SUM(AG18:AH18) -> 0 | AJ18: 12 | AK18: =VLOOKUP(AJ18,$AF$7:$AI$67,4)/12 -> 0.015416667 | AL18: Processing $ | AM18: 100 | AN18: Other | AQ18: COGS | AR18: =Income!E20 -> 1346.9176 | AS18: =Income!F20 -> 722.44194 | AT18: =Income!G20 -> 648.09659 | AU18: =Income!H20 -> 713.72941 | AV18: =Income!I20 -> 743.70864
Q19: =IF(P19=0,0,MIN(P19+L19-1,N19)) -> 0 | R19: =IF(Q19=0,0,Q19-L19+1) -> 0 | S19: =IF(R19=0,0,M19/P19) -> 0 | T19: =IF( AND(P19=0,N19=0),61, IF( P19=0, N19, MIN(P19+L19-1,N19))) -> 61 | U19: =M19-(R19*S19) -> 0 | V19: =O19-(M19-R19* S19) -> 0 | AE19: =AB19*AC19/12*(1+AD19)*(1+CompLoad) -> 0 | AI19: =SUM(AG19:AH19) -> 0 | AJ19: 13 | AK19: =VLOOKUP(AJ19,$AF$7:$AI$67,4)/12 -> 0.015416667 | AL19: Sales | AN19: Salary incr | AO19: 0.015 | AQ19: OpEx | AR19: =SUM(Income!E21:E22) -> 1681.9912 | AS19: =SUM(Income!F21:F22) -> 2174.77 | AT19: =SUM(Income!G21:G22) -> 2302.0506 | AU19: =SUM(Income!H21:H22) -> 2338.1426 | AV19: =SUM(Income!I21:I22) -> 2374.8025
Q20: =IF(P20=0,0,MIN(P20+L20-1,N20)) -> 0 | R20: =IF(Q20=0,0,Q20-L20+1) -> 0 | S20: =IF(R20=0,0,M20/P20) -> 0 | T20: =IF( AND(P20=0,N20=0),61, IF( P20=0, N20, MIN(P20+L20-1,N20))) -> 61 | U20: =M20-(R20*S20) -> 0 | V20: =O20-(M20-R20* S20) -> 0 | AE20: =AB20*AC20/12*(1+AD20)*(1+CompLoad) -> 0 | AI20: =SUM(AG20:AH20) -> 0 | AJ20: 14 | AK20: =VLOOKUP(AJ20,$AF$7:$AI$67,4)/12 -> 0.015416667 | AL20: Loans sold | AM20: 0.4 | AN20: Salary load | AO20: 0.28 | AQ20: Earnings | AR20: =Income!E30 -> -515.68804 | AS20: =Income!F30 -> 405.4183 | AT20: =Income!G30 -> 373.8783 | AU20: =Income!H30 -> 651.58088 | AV20: =Income!I30 -> 853.93982
Q21: =IF(P21=0,0,MIN(P21+L21-1,N21)) -> 0 | R21: =IF(Q21=0,0,Q21-L21+1) -> 0 | S21: =IF(R21=0,0,M21/P21) -> 0 | T21: =IF( AND(P21=0,N21=0),61, IF( P21=0, N21, MIN(P21+L21-1,N21))) -> 61 | U21: =M21-(R21*S21) -> 0 | V21: =O21-(M21-R21* S21) -> 0 | AE21: =AB21*AC21/12*(1+AD21)*(1+CompLoad) -> 0 | AI21: =SUM(AG21:AH21) -> 0 | AJ21: 15 | AK21: =VLOOKUP(AJ21,$AF$7:$AI$67,4)/12 -> 0.015416667 | AL21: Months held | AM21: 3 | AN21: Income tax | AO21: 0.4 | AQ21: Balance
Q22: =IF(P22=0,0,MIN(P22+L22-1,N22)) -> 0 | R22: =IF(Q22=0,0,Q22-L22+1) -> 0 | S22: =IF(R22=0,0,M22/P22) -> 0 | T22: =IF( AND(P22=0,N22=0),61, IF( P22=0, N22, MIN(P22+L22-1,N22))) -> 61 | U22: =M22-(R22*S22) -> 0 | V22: =O22-(M22-R22* S22) -> 0 | AE22: =AB22*AC22/12*(1+AD22)*(1+CompLoad) -> 0 | AI22: =SUM(AG22:AH22) -> 0 | AJ22: 16 | AK22: =VLOOKUP(AJ22,$AF$7:$AI$67,4)/12 -> 0.015416667 | AL22: Sale premium | AM22: 0.025 | AN22: Min. cash | AO22: 200 | AQ22: Assets | AR22: =Balance!E20 -> 14825.256 | AS22: =Balance!F20 -> 16565.492 | AT22: =Balance!G20 -> 16330.832 | AU22: =Balance!H20 -> 16569.232 | AV22: =Balance!I20 -> 16555.537
Q23: =IF(P23=0,0,MIN(P23+L23-1,N23)) -> 0 | R23: =IF(Q23=0,0,Q23-L23+1) -> 0 | S23: =IF(R23=0,0,M23/P23) -> 0 | T23: =IF( AND(P23=0,N23=0),61, IF( P23=0, N23, MIN(P23+L23-1,N23))) -> 61 | U23: =M23-(R23*S23) -> 0 | V23: =O23-(M23-R23* S23) -> 0 | AE23: =AB23*AC23/12*(1+AD23)*(1+CompLoad) -> 0 | AI23: =SUM(AG23:AH23) -> 0 | AJ23: 17 | AK23: =VLOOKUP(AJ23,$AF$7:$AI$67,4)/12 -> 0.015416667 | AQ23: Liabilities | AR23: =Balance!E26 -> 15230.944 | AS23: =Balance!F26 -> 16665.762 | AT23: =Balance!G26 -> 16057.223 | AU23: =Balance!H26 -> 15644.042 | AV23: =Balance!I26 -> 14776.408
Q24: =IF(P24=0,0,MIN(P24+L24-1,N24)) -> 0 | R24: =IF(Q24=0,0,Q24-L24+1) -> 0 | S24: =IF(R24=0,0,M24/P24) -> 0 | T24: =IF( AND(P24=0,N24=0),61, IF( P24=0, N24, MIN(P24+L24-1,N24))) -> 61 | U24: =M24-(R24*S24) -> 0 | V24: =O24-(M24-R24* S24) -> 0 | AE24: =AB24*AC24/12*(1+AD24)*(1+CompLoad) -> 0 | AI24: =SUM(AG24:AH24) -> 0 | AJ24: 18 | AK24: =VLOOKUP(AJ24,$AF$7:$AI$67,4)/12 -> 0.015416667 | AQ24: Equity | AR24: =Balance!E31 -> -405.68804 | AS24: =Balance!F31 -> -100.26974 | AT24: =Balance!G31 -> 273.60856 | AU24: =Balance!H31 -> 925.18944 | AV24: =Balance!I31 -> 1779.1293
Q25: =IF(P25=0,0,MIN(P25+L25-1,N25)) -> 0 | R25: =IF(Q25=0,0,Q25-L25+1) -> 0 | S25: =IF(R25=0,0,M25/P25) -> 0 | T25: =IF( AND(P25=0,N25=0),61, IF( P25=0, N25, MIN(P25+L25-1,N25))) -> 61 | U25: =M25-(R25*S25) -> 0 | V25: =O25-(M25-R25* S25) -> 0 | AE25: =AB25*AC25/12*(1+AD25)*(1+CompLoad) -> 0 | AI25: =SUM(AG25:AH25) -> 0 | AJ25: 19 | AK25: =VLOOKUP(AJ25,$AF$7:$AI$67,4)/12 -> 0.015416667 | AQ25: Cash flow
Q26: =IF(P26=0,0,MIN(P26+L26-1,N26)) -> 0 | R26: =IF(Q26=0,0,Q26-L26+1) -> 0 | S26: =IF(R26=0,0,M26/P26) -> 0 | T26: =IF( AND(P26=0,N26=0),61, IF( P26=0, N26, MIN(P26+L26-1,N26))) -> 61 | U26: =M26-(R26*S26) -> 0 | V26: =O26-(M26-R26* S26) -> 0 | AE26: =AB26*AC26/12*(1+AD26)*(1+CompLoad) -> 0 | AI26: =SUM(AG26:AH26) -> 0 | AJ26: 20 | AK26: =VLOOKUP(AJ26,$AF$7:$AI$67,4)/12 -> 0.015416667 | AQ26: Ops | AR26: =Balance!E24 -> 15130.944 | AS26: =Balance!F24 -> 16565.762 | AT26: =Balance!G24 -> 15957.223 | AU26: =Balance!H24 -> 15544.042 | AV26: =Balance!I24 -> 14676.408
Q27: =IF(P27=0,0,MIN(P27+L27-1,N27)) -> 0 | R27: =IF(Q27=0,0,Q27-L27+1) -> 0 | S27: =IF(R27=0,0,M27/P27) -> 0 | T27: =IF( AND(P27=0,N27=0),61, IF( P27=0, N27, MIN(P27+L27-1,N27))) -> 61 | U27: =M27-(R27*S27) -> 0 | V27: =O27-(M27-R27* S27) -> 0 | AE27: =AB27*AC27/12*(1+AD27)*(1+CompLoad) -> 0 | AI27: =SUM(AG27:AH27) -> 0 | AJ27: 21 | AK27: =VLOOKUP(AJ27,$AF$7:$AI$67,4)/12 -> 0.015416667 | AQ27: Investing | AR27: =Balance!E30 -> -565.68804 | AS27: =Balance!F30 -> -260.26974 | AT27: =Balance!G30 -> 113.60856 | AU27: =Balance!H30 -> 765.18944 | AV27: =Balance!I30 -> 1619.1293
Q28: =IF(P28=0,0,MIN(P28+L28-1,N28)) -> 0 | R28: =IF(Q28=0,0,Q28-L28+1) -> 0 | S28: =IF(R28=0,0,M28/P28) -> 0 | T28: =IF( AND(P28=0,N28=0),61, IF( P28=0, N28, MIN(P28+L28-1,N28))) -> 61 | U28: =M28-(R28*S28) -> 0 | V28: =O28-(M28-R28* S28) -> 0 | AE28: =AB28*AC28/12*(1+AD28)*(1+CompLoad) -> 0 | AI28: =SUM(AG28:AH28) -> 0 | AJ28: 22 | AK28: =VLOOKUP(AJ28,$AF$7:$AI$67,4)/12 -> 0.015416667 | AQ28: Financing | AR28: =Cash!E20 -> 10 | AS28: =Cash!F20 -> -100 | AT28: =Cash!G20 -> 0 | AU28: =Cash!H20 -> 0 | AV28: =Cash!I20 -> 0
Q29: =IF(P29=0,0,MIN(P29+L29-1,N29)) -> 0 | R29: =IF(Q29=0,0,Q29-L29+1) -> 0 | S29: =IF(R29=0,0,M29/P29) -> 0 | T29: =IF( AND(P29=0,N29=0),61, IF( P29=0, N29, MIN(P29+L29-1,N29))) -> 61 | U29: =M29-(R29*S29) -> 0 | V29: =O29-(M29-R29* S29) -> 0 | AE29: =AB29*AC29/12*(1+AD29)*(1+CompLoad) -> 0 | AI29: =SUM(AG29:AH29) -> 0 | AJ29: 23 | AK29: =VLOOKUP(AJ29,$AF$7:$AI$67,4)/12 -> 0.015416667 | AQ29: In/Out | AR29: =Cash!E22 -> -15130.944 | AS29: =Cash!F22 -> -1434.8174 | AT29: =Cash!G22 -> 608.53818 | AU29: =Cash!H22 -> 413.181 | AV29: =Cash!I22 -> 867.63463
Q30: =IF(P30=0,0,MIN(P30+L30-1,N30)) -> 0 | R30: =IF(Q30=0,0,Q30-L30+1) -> 0 | S30: =IF(R30=0,0,M30/P30) -> 0 | T30: =IF( AND(P30=0,N30=0),61, IF( P30=0, N30, MIN(P30+L30-1,N30))) -> 61 | U30: =M30-(R30*S30) -> 0 | V30: =O30-(M30-R30* S30) -> 0 | AE30: =AB30*AC30/12*(1+AD30)*(1+CompLoad) -> 0 | AI30: =SUM(AG30:AH30) -> 0 | AJ30: 24 | AK30: =VLOOKUP(AJ30,$AF$7:$AI$67,4)/12 -> 0.015416667 | AQ30: Equity val | AR30: =Cash!E32 -> -1878.523
Q31: =IF(P31=0,0,MIN(P31+L31-1,N31)) -> 0 | R31: =IF(Q31=0,0,Q31-L31+1) -> 0 | S31: =IF(R31=0,0,M31/P31) -> 0 | T31: =IF( AND(P31=0,N31=0),61, IF( P31=0, N31, MIN(P31+L31-1,N31))) -> 61 | U31: =M31-(R31*S31) -> 0 | V31: =O31-(M31-R31* S31) -> 0 | AE31: =AB31*AC31/12*(1+AD31)*(1+CompLoad) -> 0 | AI31: =SUM(AG31:AH32) -> 0 | AJ31: 25 | AK31: =VLOOKUP(AJ31,$AF$7:$AI$67,4)/12 -> 0.015416667
Q33: =IF(P33=0,0,MIN(P33+L33-1,N33)) -> 0 | R33: =IF(Q33=0,0,Q33-L33+1) -> 0 | S33: =IF(R33=0,0,M33/P33) -> 0 | T33: =IF( AND(P33=0,N33=0),61, IF( P33=0, N33, MIN(P33+L33-1,N33))) -> 61 | U33: =M33-(R33*S33) -> 0 | V33: =O33-(M33-R33* S33) -> 0 | AE33: =AB33*AC33/12*(1+AD33)*(1+CompLoad) -> 0 | AI33: =SUM(AG33:AH33) -> 0 | AJ33: 26 | AK33: =VLOOKUP(AJ33,$AF$7:$AI$67,4)/12 -> 0.015416667
Q34: =IF(P34=0,0,MIN(P34+L34-1,N34)) -> 0 | R34: =IF(Q34=0,0,Q34-L34+1) -> 0 | S34: =IF(R34=0,0,M34/P34) -> 0 | T34: =IF( AND(P34=0,N34=0),61, IF( P34=0, N34, MIN(P34+L34-1,N34))) -> 61 | U34: =M34-(R34*S34) -> 0 | V34: =O34-(M34-R34* S34) -> 0 | AE34: =AB34*AC34/12*(1+AD34)*(1+CompLoad) -> 0 | AI34: =SUM(AG34:AH34) -> 0 | AJ34: 27 | AK34: =VLOOKUP(AJ34,$AF$7:$AI$67,4)/12 -> 0.015416667
Q35: =IF(P35=0,0,MIN(P35+L35-1,N35)) -> 0 | R35: =IF(Q35=0,0,Q35-L35+1) -> 0 | S35: =IF(R35=0,0,M35/P35) -> 0 | T35: =IF( AND(P35=0,N35=0),61, IF( P35=0, N35, MIN(P35+L35-1,N35))) -> 61 | U35: =M35-(R35*S35) -> 0 | V35: =O35-(M35-R35* S35) -> 0 | AE35: =AB35*AC35/12*(1+AD35)*(1+CompLoad) -> 0 | AI35: =SUM(AG35:AH35) -> 0 | AJ35: 28 | AK35: =VLOOKUP(AJ35,$AF$7:$AI$67,4)/12 -> 0.015416667
Q36: =IF(P36=0,0,MIN(P36+L36-1,N36)) -> 0 | R36: =IF(Q36=0,0,Q36-L36+1) -> 0 | S36: =IF(R36=0,0,M36/P36) -> 0 | T36: =IF( AND(P36=0,N36=0),61, IF( P36=0, N36, MIN(P36+L36-1,N36))) -> 61 | U36: =M36-(R36*S36) -> 0 | V36: =O36-(M36-R36* S36) -> 0 | AE36: =AB36*AC36/12*(1+AD36)*(1+CompLoad) -> 0 | AI36: =SUM(AG36:AH36) -> 0 | AJ36: 29 | AK36: =VLOOKUP(AJ36,$AF$7:$AI$67,4)/12 -> 0.015416667
Q37: =IF(P37=0,0,MIN(P37+L37-1,N37)) -> 0 | R37: =IF(Q37=0,0,Q37-L37+1) -> 0 | S37: =IF(R37=0,0,M37/P37) -> 0 | T37: =IF( AND(P37=0,N37=0),61, IF( P37=0, N37, MIN(P37+L37-1,N37))) -> 61 | U37: =M37-(R37*S37) -> 0 | V37: =O37-(M37-R37* S37) -> 0 | AE37: =AB37*AC37/12*(1+AD37)*(1+CompLoad) -> 0 | AI37: =SUM(AG37:AH37) -> 0 | AJ37: 30 | AK37: =VLOOKUP(AJ37,$AF$7:$AI$67,4)/12 -> 0.015416667
Q38: =IF(P38=0,0,MIN(P38+L38-1,N38)) -> 0 | R38: =IF(Q38=0,0,Q38-L38+1) -> 0 | S38: =IF(R38=0,0,M38/P38) -> 0 | T38: =IF( AND(P38=0,N38=0),61, IF( P38=0, N38, MIN(P38+L38-1,N38))) -> 61 | U38: =M38-(R38*S38) -> 0 | V38: =O38-(M38-R38* S38) -> 0 | AE38: =AB38*AC38/12*(1+AD38)*(1+CompLoad) -> 0 | AI38: =SUM(AG38:AH38) -> 0 | AJ38: 31 | AK38: =VLOOKUP(AJ38,$AF$7:$AI$67,4)/12 -> 0.015416667
Q39: =IF(P39=0,0,MIN(P39+L39-1,N39)) -> 0 | R39: =IF(Q39=0,0,Q39-L39+1) -> 0 | S39: =IF(R39=0,0,M39/P39) -> 0 | T39: =IF( AND(P39=0,N39=0),61, IF( P39=0, N39, MIN(P39+L39-1,N39))) -> 61 | U39: =M39-(R39*S39) -> 0 | V39: =O39-(M39-R39* S39) -> 0 | AE39: =AB39*AC39/12*(1+AD39)*(1+CompLoad) -> 0 | AI39: =SUM(AG39:AH39) -> 0 | AJ39: 32 | AK39: =VLOOKUP(AJ39,$AF$7:$AI$67,4)/12 -> 0.015416667
Q40: =IF(P40=0,0,MIN(P40+L40-1,N40)) -> 0 | R40: =IF(Q40=0,0,Q40-L40+1) -> 0 | S40: =IF(R40=0,0,M40/P40) -> 0 | T40: =IF( AND(P40=0,N40=0),61, IF( P40=0, N40, MIN(P40+L40-1,N40))) -> 61 | U40: =M40-(R40*S40) -> 0 | V40: =O40-(M40-R40* S40) -> 0 | AE40: =AB40*AC40/12*(1+AD40)*(1+CompLoad) -> 0 | AI40: =SUM(AG40:AH40) -> 0 | AJ40: 33 | AK40: =VLOOKUP(AJ40,$AF$7:$AI$67,4)/12 -> 0.015416667
Q41: =IF(P41=0,0,MIN(P41+L41-1,N41)) -> 0 | R41: =IF(Q41=0,0,Q41-L41+1) -> 0 | S41: =IF(R41=0,0,M41/P41) -> 0 | T41: =IF( AND(P41=0,N41=0),61, IF( P41=0, N41, MIN(P41+L41-1,N41))) -> 61 | U41: =M41-(R41*S41) -> 0 | V41: =O41-(M41-R41* S41) -> 0 | AE41: =AB41*AC41/12*(1+AD41)*(1+CompLoad) -> 0 | AI41: =SUM(AG41:AH41) -> 0 | AJ41: 34 | AK41: =VLOOKUP(AJ41,$AF$7:$AI$67,4)/12 -> 0.015416667
Q42: =IF(P42=0,0,MIN(P42+L42-1,N42)) -> 0 | R42: =IF(Q42=0,0,Q42-L42+1) -> 0 | S42: =IF(R42=0,0,M42/P42) -> 0 | T42: =IF( AND(P42=0,N42=0),61, IF( P42=0, N42, MIN(P42+L42-1,N42))) -> 61 | U42: =M42-(R42*S42) -> 0 | V42: =O42-(M42-R42* S42) -> 0 | AE42: =AB42*AC42/12*(1+AD42)*(1+CompLoad) -> 0 | AI42: =SUM(AG42:AH42) -> 0 | AJ42: 35 | AK42: =VLOOKUP(AJ42,$AF$7:$AI$67,4)/12 -> 0.015416667
Q43: =IF(P43=0,0,MIN(P43+L43-1,N43)) -> 0 | R43: =IF(Q43=0,0,Q43-L43+1) -> 0 | S43: =IF(R43=0,0,M43/P43) -> 0 | T43: =IF( AND(P43=0,N43=0),61, IF( P43=0, N43, MIN(P43+L43-1,N43))) -> 61 | U43: =M43-(R43*S43) -> 0 | V43: =O43-(M43-R43* S43) -> 0 | AE43: =AB43*AC43/12*(1+AD43)*(1+CompLoad) -> 0 | AI43: =SUM(AG43:AH43) -> 0 | AJ43: 36 | AK43: =VLOOKUP(AJ43,$AF$7:$AI$67,4)/12 -> 0.015416667
Q44: =IF(P44=0,0,MIN(P44+L44-1,N44)) -> 0 | R44: =IF(Q44=0,0,Q44-L44+1) -> 0 | S44: =IF(R44=0,0,M44/P44) -> 0 | T44: =IF( AND(P44=0,N44=0),61, IF( P44=0, N44, MIN(P44+L44-1,N44))) -> 61 | U44: =M44-(R44*S44) -> 0 | V44: =O44-(M44-R44* S44) -> 0 | AE44: =AB44*AC44/12*(1+AD44)*(1+CompLoad) -> 0 | AI44: =SUM(AG44:AH44) -> 0 | AJ44: 37 | AK44: =VLOOKUP(AJ44,$AF$7:$AI$67,4)/12 -> 0.015416667
... Q67: =IF(P67=0,0,MIN(P67+L67-1,N67)) -> 0 | R67: =IF(Q67=0,0,Q67-L67+1) -> 0 | S67: =IF(R67=0,0,M67/P67) -> 0 | T67: =IF( AND(P67=0,N67=0),61, IF( P67=0, N67, MIN(P67+L67-1,N67))) -> 61 | U67: =M67-(R67*S67) -> 0 | V67: =O67-(M67-R67* S67) -> 0 | AE67: =AB67*AC67/12*(1+AD67)*(1+CompLoad) -> 0 | AI67: =SUM(AG67:AH67) -> 0 | AJ67: 60 | AK67: =VLOOKUP(AJ67,$AF$7:$AI$67,4)/12 -> 0.015416667

Sheet Loans
A1: info
B3: Loans | E3: 1 | F3: 2 | G3: 3 | H3: 4 | I3: 5 | K3: 1 | L3: 2 | M3: 3 | N3: 4 | O3: 5 | P3: 6 | Q3: 7 | R3: 8 | S3: 9 | T3: 10 | U3: 11 | V3: 12 | W3: 13 | X3: 14 | Y3: 15 | Z3: 16 | AA3: 17 | AB3: 18 | AC3: 19 | AD3: 20 | AE3: 21 | AF3: 22 | AG3: 23 | AH3: 24 | AI3: 25 | AJ3: 26 | AK3: 27 | AL3: 28 | AM3: 29 | AN3: 30 | AO3: 31 | AP3: 32 | AQ3: 33 | AR3: 34 | AS3: 35 | AT3: 36 | AU3: 37 | AV3: 38 | AW3: 39 | AX3: 40 | AY3: 41 | AZ3: 42 | BA3: 43 | BB3: 44 | BC3: 45 | BD3: 46 | BE3: 47 | BF3: 48 | BG3: 49 | BH3: 50 | BI3: 51 | BJ3: 52 | BK3: 53 | BL3: 54 | BM3: 55 | BN3: 56 | BO3: 57 | BP3: 58 | BQ3: 59 | BR3: 60
B5: # Originations | E5: =SUM(K5:V5) -> 1233.5562 | F5: =SUM(W5:AH5) -> 1309.6393 | G5: =SUM(AI5:AT5) -> 1390.415 | H5: =SUM(AU5:BF5) -> 1476.1727 | I5: =SUM(BG5:BR5) -> 1567.2198 | K5: =LoanQuantity -> 100 | L5: =K5*(1+LoanGrowth) -> 100.5 | M5: =L5*(1+LoanGrowth) -> 101.0025 | N5: =M5*(1+LoanGrowth) -> 101.50751 | O5: =N5*(1+LoanGrowth) -> 102.01505 | P5: =O5*(1+LoanGrowth) -> 102.52513 | Q5: =P5*(1+LoanGrowth) -> 103.03775 | R5: =Q5*(1+LoanGrowth) -> 103.55294 | S5: =R5*(1+LoanGrowth) -> 104.0707 | ... BR5: =BQ5*(1+LoanGrowth) -> 134.21395
B6: # Sales | E6: =SUM(K6:V6) -> 366.18388 | F6: =SUM(W6:AH6) -> 514.52913 | G6: =SUM(AI6:AT6) -> 546.26416 | H6: =SUM(AU6:BF6) -> 579.95654 | I6: =SUM(BG6:BR6) -> 615.72699 | K6: =IF(K3-LoanSaleHeld>0,OFFSET(K5,0,-LoanSaleHeld)*LoanSalePercent,0)*(1-((1+MitigateDelinquency*MitigateChargeoff)^(LoanSaleHeld)-1)) -> 0 | L6: =IF(L3-LoanSaleHeld>0,OFFSET(L5,0,-LoanSaleHeld)*LoanSalePercent,0)*(1-((1+MitigateDelinquency*MitigateChargeoff)^(LoanSaleHeld)-1)) -> 0 | M6: =IF(M3-LoanSaleHeld>0,OFFSET(M5,0,-LoanSaleHeld)*LoanSalePercent,0)*(1-((1+MitigateDelinquency*MitigateChargeoff)^(LoanSaleHeld)-1)) -> 0 | N6: =IF(N3-LoanSaleHeld<=0,0,OFFSET(N5,0,-LoanSaleHeld)*(1+((1-MitigateDelinquency*MitigateChargeoff)^3-1))*LoanSalePercent) -> 39.88012 | O6: =IF(O3-LoanSaleHeld<=0,0,OFFSET(O5,0,-LoanSaleHeld)*(1+((1-MitigateDelinquency*MitigateChargeoff)^3-1))*LoanSalePercent) -> 40.079521 | P6: =IF(P3-LoanSaleHeld<=0,0,OFFSET(P5,0,-LoanSaleHeld)*(1+((1-MitigateDelinquency*MitigateChargeoff)^3-1))*LoanSalePercent) -> 40.279918 | Q6: =IF(Q3-LoanSaleHeld<=0,0,OFFSET(Q5,0,-LoanSaleHeld)*(1+((1-MitigateDelinquency*MitigateChargeoff)^3-1))*LoanSalePercent) -> 40.481318 | R6: =IF(R3-LoanSaleHeld<=0,0,OFFSET(R5,0,-LoanSaleHeld)*(1+((1-MitigateDelinquency*MitigateChargeoff)^3-1))*LoanSalePercent) -> 40.683724 | S6: =IF(S3-LoanSaleHeld<=0,0,OFFSET(S5,0,-LoanSaleHeld)*(1+((1-MitigateDelinquency*MitigateChargeoff)^3-1))*LoanSalePercent) -> 40.887143 | T6: =IF(T3-LoanSaleHeld<=0,0,OFFSET(T5,0,-LoanSaleHeld)*(1+((1-MitigateDelinquency*MitigateChargeoff)^3-1))*LoanSalePercent) -> 41.091579 | U6: =IF(U3-LoanSaleHeld<=0,0,OFFSET(U5,0,-LoanSaleHeld)*(1+((1-MitigateDelinquency*MitigateChargeoff)^3-1))*LoanSalePercent) -> 41.297037 | ... BR6: =IF(BR3-LoanSaleHeld<=0,0,OFFSET(BR5,0,-LoanSaleHeld)*(1+((1-MitigateDelinquency*MitigateChargeoff)^3-1))*LoanSalePercent) -> 52.729775
B7: # Retirements | E7: =SUM(K7:V7) -> 0 | F7: =SUM(W7:AH7) -> 364.53011 | G7: =SUM(AI7:AT7) -> 762.61716 | H7: =SUM(AU7:BF7) -> 809.65372 | I7: =SUM(BG7:BR7) -> 859.59139 | K7: =IF(K3<LoanTerm,0, OFFSET(K5,0,-LoanTerm))*(1-LoanSalePercent) -> 0 | L7: =IF(L3<LoanTerm,0, OFFSET(L5,0,-LoanTerm))*(1-LoanSalePercent) -> 0 | M7: =IF(M3<LoanTerm,0, OFFSET(M5,0,-LoanTerm))*(1-LoanSalePercent) -> 0 | N7: =IF(N3<LoanTerm,0, OFFSET(N5,0,-LoanTerm))*(1-LoanSalePercent) -> 0 | O7: =IF(O3<LoanTerm,0, OFFSET(O5,0,-LoanTerm))*(1-LoanSalePercent) -> 0 | P7: =IF(P3<LoanTerm,0, OFFSET(P5,0,-LoanTerm))*(1-LoanSalePercent) -> 0 | Q7: =IF(Q3<LoanTerm,0, OFFSET(Q5,0,-LoanTerm))*(1-LoanSalePercent) -> 0 | R7: =IF(R3<LoanTerm,0, OFFSET(R5,0,-LoanTerm))*(1-LoanSalePercent) -> 0 | ... BR7: =IF(BR3<LoanTerm,0, OFFSET(BR5,0,-LoanTerm))*(1-LoanSalePercent) -> 73.613892
B8: Net Activity | E8: =SUM(K8:V8) -> 867.37236 | F8: =SUM(W8:AH8) -> 430.58005 | G8: =SUM(AI8:AT8) -> 81.533652 | H8: =SUM(AU8:BF8) -> 86.562469 | I8: =SUM(BG8:BR8) -> 91.901453 | K8: =K5-K6-K7 -> 100 | L8: =L5-L6-L7 -> 100.5 | M8: =M5-M6-M7 -> 101.0025 | N8: =N5-N6-N7 -> 61.627393 | O8: =O5-O6-O7 -> 61.93553 | P8: =P5-P6-P7 -> 62.245207 | Q8: =Q5-Q6-Q7 -> 62.556433 | R8: =R5-R6-R7 -> 62.869215 | ... BR8: =BR5-BR6-BR7 -> 7.8702785
B9: # Loans outstanding | E9: =V9 -> 867.37236 | F9: =AH9 -> 1297.9524 | G9: =AT9 -> 1379.4861 | H9: =BF9 -> 1466.0485 | I9: =BR9 -> 1557.95 | K9: =K8 -> 100 | L9: =K9+L8 -> 200.5 | M9: =L9+M8 -> 301.5025 | N9: =M9+N8 -> 363.12989 | O9: =N9+O8 -> 425.06542 | P9: =O9+P8 -> 487.31063 | Q9: =P9+Q8 -> 549.86706 | R9: =Q9+R8 -> 612.73628 | S9: =R9+S8 -> 675.91984 | ... BR9: =BQ9+BR8 -> 1557.95
B11: Interest Collected | E11: =SUM(K11:V11) -> 2198.5169 | F11: =SUM(W11:AH11) -> 3656.916 | G11: =SUM(AI11:AT11) -> 3603.0023 | H11: =SUM(AU11:BF11) -> 4074.2232 | I11: =SUM(BG11:BR11) -> 4373.3931 | K11: =Amort!D2 -> 37.5 | L11: =Amort!E2 -> 76.462238 | M11: =Amort!F2 -> 113.62441 | N11: =Amort!G2 -> 148.94974 | O11: =Amort!H2 -> 170.44367 | P11: =Amort!I2 -> 189.67199 | Q11: =Amort!J2 -> 207.7313 | R11: =Amort!K2 -> 224.59803 | ... BR11: =Amort!BK2 -> 374.52968
B13: Face value | E13: =SUM(K13:V13) -> 9154.597 | F13: =SUM(W13:AH13) -> 12863.228 | G13: =SUM(AI13:AT13) -> 13656.604 | H13: =SUM(AU13:BF13) -> 14498.913 | I13: =SUM(BG13:BR13) -> 15393.175 | K13: =K6*LoanSize -> 0 | L13: =L6*LoanSize -> 0 | M13: =M6*LoanSize -> 0 | N13: =N6*LoanSize -> 997.003 | O13: =O6*LoanSize -> 1001.988 | P13: =P6*LoanSize -> 1006.998 | Q13: =Q6*LoanSize -> 1012.0329 | R13: =R6*LoanSize -> 1017.0931 | ... BR13: =BR6*LoanSize -> 1318.2444
B14: Amortization | E14: =SUM(K14:V14) -> -1791.7123 | F14: =SUM(W14:AH14) -> -2551.7101 | G14: =SUM(AI14:AT14) -> -2773.7343 | H14: =SUM(AU14:BF14) -> -2876.185 | I14: =SUM(BG14:BR14) -> -3053.5818 | K14: =-Amort!D4 -> 0 | L14: =-Amort!E4 -> 0 | M14: =-Amort!F4 -> 0 | N14: =-Amort!G4 -> -199.35674 | O14: =-Amort!H4 -> -195.58723 | P14: =-Amort!I4 -> -196.56516 | Q14: =-Amort!J4 -> -197.54799 | R14: =-Amort!K4 -> -198.53573 | ... BR14: =-Amort!BK4 -> -261.50337
B15: Sale Proceeds | E15: =SUM(K15:V15) -> 7362.8847 | F15: =SUM(W15:AH15) -> 10311.518 | G15: =SUM(AI15:AT15) -> 10882.87 | H15: =SUM(AU15:BF15) -> 11622.728 | I15: =SUM(BG15:BR15) -> 12339.593 | K15: =SUM(K13:K14) -> 0 | L15: =SUM(L13:L14) -> 0 | M15: =SUM(M13:M14) -> 0 | N15: =SUM(N13:N14) -> 797.64626 | O15: =SUM(O13:O14) -> 806.40079 | P15: =SUM(P13:P14) -> 810.43279 | Q15: =SUM(Q13:Q14) -> 814.48495 | R15: =SUM(R13:R14) -> 818.55738 | ... BR15: =SUM(BR13:BR14) -> 1056.741
B16: Gain from Sales | E16: =SUM(K16:V16) -> 184.07212 | F16: =SUM(W16:AH16) -> 257.78795 | G16: =SUM(AI16:AT16) -> 272.07174 | H16: =SUM(AU16:BF16) -> 290.56821 | I16: =SUM(BG16:BR16) -> 308.48982 | K16: =K15*LoanSalePremium -> 0 | L16: =L15*LoanSalePremium -> 0 | M16: =M15*LoanSalePremium -> 0 | N16: =N15*LoanSalePremium -> 19.941157 | O16: =O15*LoanSalePremium -> 20.16002 | P16: =P15*LoanSalePremium -> 20.26082 | Q16: =Q15*LoanSalePremium -> 20.362124 | R16: =R15*LoanSalePremium -> 20.463934 | ... BR16: =BR15*LoanSalePremium -> 26.418525
B18: Starting balance | E18: =V18 -> 14598.996 | F18: =AH18 -> 17228.854 | G18: =AT18 -> 16994.688 | H18: =BF18 -> 17232.494 | I18: =BR18 -> 17217.107 | L18: =K23 -> 2375.4855 | M18: =L23 -> 4639.8928 | N18: =M23 -> 6790.9539 | O18: =N23 -> 8028.717 | P18: =O23 -> 9192.1215 | Q18: =P23 -> 10283.365 | R18: =Q23 -> 11300.994 | S18: =R23 -> 12243.533 | ... BR18: =BQ23 -> 17217.107
B19: Originations | K19: =K5*LoanSize -> 2500 | L19: =L5*LoanSize -> 2512.5 | M19: =M5*LoanSize -> 2525.0625 | N19: =N5*LoanSize -> 2537.6878 | O19: =O5*LoanSize -> 2550.3763 | P19: =P5*LoanSize -> 2563.1281 | Q19: =Q5*LoanSize -> 2575.9438 | R19: =R5*LoanSize -> 2588.8235 | ... BR19: =BR5*LoanSize -> 3355.3486
B20: ⎯ Chargeoffs | K20: =SUM(K18:K19)*MitigateDelinquency*MitigateChargeoff -> 2.5 | L20: =SUM(L18:L19)*MitigateDelinquency*MitigateChargeoff -> 4.8879855 | M20: =SUM(M18:M19)*MitigateDelinquency*MitigateChargeoff -> 7.1649553 | N20: =SUM(N18:N19)*MitigateDelinquency*MitigateChargeoff -> 9.3286417 | O20: =SUM(O18:O19)*MitigateDelinquency*MitigateChargeoff -> 10.579093 | P20: =SUM(P18:P19)*MitigateDelinquency*MitigateChargeoff -> 11.75525 | Q20: =SUM(Q18:Q19)*MitigateDelinquency*MitigateChargeoff -> 12.859309 | R20: =SUM(R18:R19)*MitigateDelinquency*MitigateChargeoff -> 13.889818 | ... BR20: =SUM(BR18:BR19)*MitigateDelinquency*MitigateChargeoff -> 20.572456
B21: ⎯ Sales | E21: =SUM(K21:V21) -> 7362.8847 | F21: =SUM(W21:AH21) -> 10311.518 | G21: =SUM(AI21:AT21) -> 10882.87 | H21: =SUM(AU21:BF21) -> 11622.728 | I21: =SUM(BG21:BR21) -> 12339.593 | K21: =K15 -> 0 | L21: =L15 -> 0 | M21: =M15 -> 0 | N21: =N15 -> 797.64626 | O21: =O15 -> 806.40079 | P21: =P15 -> 810.43279 | Q21: =Q15 -> 814.48495 | R21: =R15 -> 818.55738 | ... BR21: =BR15 -> 1056.741
B22: ⎯ Principal collected | E22: =SUM(K22:V22) -> 8119.1557 | F22: =SUM(W22:AH22) -> 20188.5 | G22: =SUM(AI22:AT22) -> 23884.541 | H22: =SUM(AU22:BF22) -> 24788.921 | I22: =SUM(BG22:BR22) -> 26609.46 | K22: =Amort!D3 -> 122.01445 | L22: =Amort!E3 -> 243.20473 | M22: =Amort!F3 -> 366.83647 | N22: =Amort!G3 -> 492.94984 | O22: =Amort!H3 -> 569.99182 | P22: =Amort!I3 -> 649.69676 | Q22: =Amort!J3 -> 730.97015 | R22: =Amort!K3 -> 813.83764 | ... BR22: =Amort!BK3 -> 2278.7872
B23: Loans Outstanding | E23: =V23 -> 15219.568 | F23: =AH23 -> 17226.834 | G23: =AT23 -> 16979.823 | H23: =BF23 -> 17230.77 | I23: =BR23 -> 17216.355 | K23: =SUM(K18:K19)-SUM(K20:K22) -> 2375.4855 | L23: =SUM(L18:L19)-SUM(L20:L22) -> 4639.8928 | M23: =SUM(M18:M19)-SUM(M20:M22) -> 6790.9539 | N23: =SUM(N18:N19)-SUM(N20:N22) -> 8028.717 | O23: =SUM(O18:O19)-SUM(O20:O22) -> 9192.1215 | P23: =SUM(P18:P19)-SUM(P20:P22) -> 10283.365 | Q23: =SUM(Q18:Q19)-SUM(Q20:Q22) -> 11300.994 | R23: =SUM(R18:R19)-SUM(R20:R22) -> 12243.533 | ... BR23: =SUM(BR18:BR19)-SUM(BR20:BR22) -> 17216.355
B24: Loss Reserve | E24: =V24 -> 760.9784 | F24: =AH24 -> 861.34168 | G24: =AT24 -> 848.99116 | H24: =BF24 -> 861.53852 | I24: =BR24 -> 860.81774 | K24: =K23*MitigateReserves -> 118.77428 | L24: =L23*MitigateReserves -> 231.99464 | M24: =M23*MitigateReserves -> 339.5477 | N24: =N23*MitigateReserves -> 401.43585 | O24: =O23*MitigateReserves -> 459.60608 | P24: =P23*MitigateReserves -> 514.16824 | Q24: =Q23*MitigateReserves -> 565.04971 | R24: =R23*MitigateReserves -> 612.17664 | ... BR24: =BR23*MitigateReserves -> 860.81774
B25: Loans Receivable | E25: =V25 -> 14458.59 | F25: =AH25 -> 16365.492 | G25: =AT25 -> 16130.832 | H25: =BF25 -> 16369.232 | I25: =BR25 -> 16355.537 | K25: =K23-K24 -> 2256.7113 | L25: =L23-L24 -> 4407.8982 | M25: =M23-M24 -> 6451.4062 | N25: =N23-N24 -> 7627.2811 | O25: =O23-O24 -> 8732.5155 | P25: =P23-P24 -> 9769.1966 | Q25: =Q23-Q24 -> 10735.945 | R25: =R23-R24 -> 11631.356 | ... BR25: =BR23-BR24 -> 16355.537

Sheet Amort
A1: Amort | D1: 1 | E1: 2 | F1: 3 | G1: 4 | H1: 5 | I1: 6 | J1: 7 | K1: 8 | L1: 9 | M1: 10 | N1: 11 | O1: 12 | P1: 13 | Q1: 14 | R1: 15 | S1: 16 | T1: 17 | U1: 18 | V1: 19 | W1: 20 | X1: 21 | Y1: 22 | Z1: 23 | AA1: 24 | AB1: 25 | AC1: 26 | AD1: 27 | AE1: 28 | AF1: 29 | AG1: 30 | AH1: 31 | AI1: 32 | AJ1: 33 | AK1: 34 | AL1: 35 | AM1: 36 | AN1: 37 | AO1: 38 | AP1: 39 | AQ1: 40 | AR1: 41 | AS1: 42 | AT1: 43 | AU1: 44 | AV1: 45 | AW1: 46 | AX1: 47 | AY1: 48 | AZ1: 49 | BA1: 50 | BB1: 51 | BC1: 52 | BD1: 53 | BE1: 54 | BF1: 55 | BG1: 56 | BH1: 57 | BI1: 58 | BJ1: 59 | BK1: 60
A2: iCollect | D2: =SUMIF($A$6:$A$545,$A2,D$6:D$545) -> 37.5 | E2: =SUMIF($A$6:$A$545,$A2,E$6:E$545) -> 76.462238 | F2: =SUMIF($A$6:$A$545,$A2,F$6:F$545) -> 113.62441 | G2: =SUMIF($A$6:$A$545,$A2,G$6:G$545) -> 148.94974 | H2: =SUMIF($A$6:$A$545,$A2,H$6:H$545) -> 170.44367 | I2: =SUMIF($A$6:$A$545,$A2,I$6:I$545) -> 189.67199 | J2: =SUMIF($A$6:$A$545,$A2,J$6:J$545) -> 207.7313 | K2: =SUMIF($A$6:$A$545,$A2,K$6:K$545) -> 224.59803 | ... BK2: =SUMIF($A$6:$A$545,$A2,BK$6:BK$545) -> 374.52968
A3: pCollect | D3: =SUMIF($A$6:$A$545,$A3,D$6:D$545) -> 122.01445 | E3: =SUMIF($A$6:$A$545,$A3,E$6:E$545) -> 243.20473 | F3: =SUMIF($A$6:$A$545,$A3,F$6:F$545) -> 366.83647 | G3: =SUMIF($A$6:$A$545,$A3,G$6:G$545) -> 492.94984 | H3: =SUMIF($A$6:$A$545,$A3,H$6:H$545) -> 569.99182 | I3: =SUMIF($A$6:$A$545,$A3,I$6:I$545) -> 649.69676 | J3: =SUMIF($A$6:$A$545,$A3,J$6:J$545) -> 730.97015 | K3: =SUMIF($A$6:$A$545,$A3,K$6:K$545) -> 813.83764 | ... BK3: =SUMIF($A$6:$A$545,$A3,BK$6:BK$545) -> 2278.7872
A4: sAmort | D4: =SUMIF($A$6:$A$545,$A4,D$6:D$545) -> 0 | E4: =SUMIF($A$6:$A$545,$A4,E$6:E$545) -> 0 | F4: =SUMIF($A$6:$A$545,$A4,F$6:F$545) -> 0 | G4: =SUMIF($A$6:$A$545,$A4,G$6:G$545) -> 199.35674 | H4: =SUMIF($A$6:$A$545,$A4,H$6:H$545) -> 195.58723 | I4: =SUMIF($A$6:$A$545,$A4,I$6:I$545) -> 196.56516 | J4: =SUMIF($A$6:$A$545,$A4,J$6:J$545) -> 197.54799 | K4: =SUMIF($A$6:$A$545,$A4,K$6:K$545) -> 198.53573 | ... BK4: =SUMIF($A$6:$A$545,$A4,BK$6:BK$545) -> 261.50337
A5: Loans | D5: =SUMIF($A$6:$A$545,$A5,D$6:D$545)*LoanSize -> 2500 | E5: =SUMIF($A$6:$A$545,$A5,E$6:E$545)*LoanSize -> 5010 | F5: =SUMIF($A$6:$A$545,$A5,F$6:F$545)*LoanSize -> 7530.0525 | G5: =SUMIF($A$6:$A$545,$A5,G$6:G$545)*LoanSize -> 10060.21 | H5: =SUMIF($A$6:$A$545,$A5,H$6:H$545)*LoanSize -> 11604.52 | I5: =SUMIF($A$6:$A$545,$A5,I$6:I$545)*LoanSize -> 13155.058 | J5: =SUMIF($A$6:$A$545,$A5,J$6:J$545)*LoanSize -> 14711.856 | K5: =SUMIF($A$6:$A$545,$A5,K$6:K$545)*LoanSize -> 16274.946 | ... BK5: =SUMIF($A$6:$A$545,$A5,BK$6:BK$545)*LoanSize -> 41584.271
A6: 1 | D6: 101 | E6: =IF(E7=0,0,D6+1) -> 102 | F6: =IF(F7=0,0,E6+1) -> 103 | G6: =IF(G7=0,0,F6+1) -> 104 | H6: =IF(H7=0,0,G6+1) -> 105 | I6: =IF(I7=0,0,H6+1) -> 106 | J6: =IF(J7=0,0,I6+1) -> 107 | K6: =IF(K7=0,0,J6+1) -> 108 | L6: =IF(L7=0,0,K6+1) -> 109 | ... BK6: =IF(BK7=0,0,BJ6+1) -> 0
A7: Bal | D7: =LoanSize -> 25 | E7: =IF(D7-D10<=0.1,0,D7-D10) -> 23.779855 | F7: =IF(E7-E10<=0.1,0,E7-E10) -> 22.541409 | G7: =IF(F7-F10<=0.1,0,F7-F10) -> 21.284385 | H7: =IF(G7-G10<=0.1,0,G7-G10) -> 20.008507 | I7: =IF(H7-H10<=0.1,0,H7-H10) -> 18.71349 | J7: =IF(I7-I10<=0.1,0,I7-I10) -> 17.399047 | K7: =IF(J7-J10<=0.1,0,J7-J10) -> 16.064889 | L7: =IF(K7-K10<=0.1,0,K7-K10) -> 14.710717 | ... BK7: =IF(BJ7-BJ10<=0.1,0,BJ7-BJ10) -> 0
A8: Pmt | D8: =IF(D7=0,0,PMT(INDEX(LoanCohortRate,1),LoanTerm, -LoanSize)) -> 1.5951445 | E8: =IF(E7=0,0, D8) -> 1.5951445 | F8: =IF(F7=0,0, E8) -> 1.5951445 | G8: =IF(G7=0,0, F8) -> 1.5951445 | H8: =IF(H7=0,0, G8) -> 1.5951445 | I8: =IF(I7=0,0, H8) -> 1.5951445 | J8: =IF(J7=0,0, I8) -> 1.5951445 | K8: =IF(K7=0,0, J8) -> 1.5951445 | L8: =IF(L7=0,0, K8) -> 1.5951445 | ... BK8: =IF(BK7=0,0, BJ8) -> 0
A9: Int | D9: {=D7*INDEX(LoanCohortRate,$A6)} -> 0.375 | E9: {=E7*INDEX(LoanCohortRate,$A6)} -> 0.35669783 | F9: {=F7*INDEX(LoanCohortRate,$A6)} -> 0.33812113 | G9: {=G7*INDEX(LoanCohortRate,$A6)} -> 0.31926578 | H9: {=H7*INDEX(LoanCohortRate,$A6)} -> 0.3001276 | I9: {=I7*INDEX(LoanCohortRate,$A6)} -> 0.28070234 | J9: {=J7*INDEX(LoanCohortRate,$A6)} -> 0.26098571 | K9: {=K7*INDEX(LoanCohortRate,$A6)} -> 0.24097333 | ... BK9: {=BK7*INDEX(LoanCohortRate,$A6)} -> 0
A10: Princ | D10: =D8-D9 -> 1.2201445 | E10: =E8-E9 -> 1.2384467 | F10: =F8-F9 -> 1.2570234 | G10: =G8-G9 -> 1.2758788 | H10: =H8-H9 -> 1.2950169 | I10: =I8-I9 -> 1.3144422 | J10: =J8-J9 -> 1.3341588 | K10: =K8-K9 -> 1.3541712 | ... BK10: =BK8-BK9 -> 0
A11: Loans | D11: {=INDEX(LoanOriginations,$A6)} -> 100 | E11: =D11*(1-MitigateDelinquency*MitigateChargeoff) * IF(E6=0,0,IF(E6-102=LoanSaleHeld,0.6,1)) -> 99.9 | F11: =E11*(1-MitigateDelinquency*MitigateChargeoff) * IF(F6=0,0,IF(F6-102=LoanSaleHeld,0.6,1)) -> 99.8001 | G11: =F11*(1-MitigateDelinquency*MitigateChargeoff) * IF(G6=0,0,IF(G6-102=LoanSaleHeld,0.6,1)) -> 99.7003 | H11: =G11*(1-MitigateDelinquency*MitigateChargeoff) * IF(H6=0,0,IF(H6-102=LoanSaleHeld,0.6,1)) -> 59.76036 | I11: =H11*(1-MitigateDelinquency*MitigateChargeoff) * IF(I6=0,0,IF(I6-102=LoanSaleHeld,0.6,1)) -> 59.700599 | J11: =I11*(1-MitigateDelinquency*MitigateChargeoff) * IF(J6=0,0,IF(J6-102=LoanSaleHeld,0.6,1)) -> 59.640899 | K11: =J11*(1-MitigateDelinquency*MitigateChargeoff) * IF(K6=0,0,IF(K6-102=LoanSaleHeld,0.6,1)) -> 59.581258 | L11: =K11*(1-MitigateDelinquency*MitigateChargeoff) * IF(L6=0,0,IF(L6-102=LoanSaleHeld,0.6,1)) -> 59.521677 | ... BK11: =BJ11*(1-MitigateDelinquency*MitigateChargeoff) * IF(BK6=0,0,IF(BK6-102=LoanSaleHeld,0.6,1)) -> 0
A12: iCollect | D12: =D9*D11 -> 37.5 | E12: =E9*E11 -> 35.634113 | F12: =F9*F11 -> 33.744523 | G12: =G9*G11 -> 31.830894 | H12: =H9*H11 -> 17.935733 | I12: =I9*I11 -> 16.758098 | J12: =J9*J11 -> 15.565422 | K12: =K9*K11 -> 14.357494 | ... BK12: =BK9*BK11 -> 0
A13: pCollect | D13: =D10*D11 -> 122.01445 | E13: =E10*E11 -> 123.72083 | F13: =F10*F11 -> 125.45106 | G13: =G10*G11 -> 127.2055 | H13: =H10*H11 -> 77.390679 | I13: =I10*I11 -> 78.472987 | J13: =J10*J11 -> 79.570432 | K13: =K10*K11 -> 80.683224 | ... BK13: =BK10*BK11 -> 0
A14: sAmort | D14: =IF(D6-101<>LoanSaleHeld,0,SUM($D13:D13)*LoanSalePercent) -> 0 | E14: =IF(E6-101<>LoanSaleHeld,0,SUM($D13:E13)*LoanSalePercent) -> 0 | F14: =IF(F6-101<>LoanSaleHeld,0,SUM($D13:F13)*LoanSalePercent) -> 0 | G14: =IF(G6-101<>LoanSaleHeld,0,SUM($D13:G13)*LoanSalePercent) -> 199.35674 | H14: =IF(H6-101<>LoanSaleHeld,0,SUM($D13:H13)*LoanSalePercent) -> 0 | I14: =IF(I6-101<>LoanSaleHeld,0,SUM($D13:I13)*LoanSalePercent) -> 0 | J14: =IF(J6-101<>LoanSaleHeld,0,SUM($D13:J13)*LoanSalePercent) -> 0 | K14: =IF(K6-101<>LoanSaleHeld,0,SUM($D13:K13)*LoanSalePercent) -> 0 | ... BK14: =IF(BK6-101<>LoanSaleHeld,0,SUM($D13:BK13)*LoanSalePercent) -> 0
A15: =A6+1 -> 2 | E15: 101 | F15: =IF(F16=0,0,E15+1) -> 102 | G15: =IF(G16=0,0,F15+1) -> 103 | H15: =IF(H16=0,0,G15+1) -> 104 | I15: =IF(I16=0,0,H15+1) -> 105 | J15: =IF(J16=0,0,I15+1) -> 106 | K15: =IF(K16=0,0,J15+1) -> 107 | L15: =IF(L16=0,0,K15+1) -> 108 | M15: =IF(M16=0,0,L15+1) -> 109 | ... BK15: =IF(BK16=0,0,BJ15+1) -> 0
A16: Bal | E16: =LoanSize -> 25 | F16: =IF(E16-E19<=0.1,0,E16-E19) -> 23.811105 | G16: =IF(F16-F19<=0.1,0,F16-F19) -> 22.602891 | H16: =IF(G16-G19<=0.1,0,G16-G19) -> 21.375044 | I16: =IF(H16-H19<=0.1,0,H16-H19) -> 20.127244 | J16: =IF(I16-I19<=0.1,0,I16-I19) -> 18.859167 | K16: =IF(J16-J19<=0.1,0,J16-J19) -> 17.570484 | L16: =IF(K16-K19<=0.1,0,K16-K19) -> 16.26086 | M16: =IF(L16-L19<=0.1,0,L16-L19) -> 14.929954 | ... BK16: =IF(BJ16-BJ19<=0.1,0,BJ16-BJ19) -> 0
A17: Pmt | E17: =IF(E16=0,0,PMT(INDEX(LoanCohortRate,1),LoanTerm, -LoanSize)) -> 1.5951445 | F17: =IF(F16=0,0, E17) -> 1.5951445 | G17: =IF(G16=0,0, F17) -> 1.5951445 | H17: =IF(H16=0,0, G17) -> 1.5951445 | I17: =IF(I16=0,0, H17) -> 1.5951445 | J17: =IF(J16=0,0, I17) -> 1.5951445 | K17: =IF(K16=0,0, J17) -> 1.5951445 | L17: =IF(L16=0,0, K17) -> 1.5951445 | M17: =IF(M16=0,0, L17) -> 1.5951445 | ... BK17: =IF(BK16=0,0, BJ17) -> 0
A18: Int | E18: {=E16*INDEX(LoanCohortRate,$A15)} -> 0.40625 | F18: {=F16*INDEX(LoanCohortRate,$A15)} -> 0.38693046 | G18: {=G16*INDEX(LoanCohortRate,$A15)} -> 0.36729698 | H18: {=H16*INDEX(LoanCohortRate,$A15)} -> 0.34734446 | I18: {=I16*INDEX(LoanCohortRate,$A15)} -> 0.32706771 | J18: {=J16*INDEX(LoanCohortRate,$A15)} -> 0.30646146 | K18: {=K16*INDEX(LoanCohortRate,$A15)} -> 0.28552036 | L18: {=L16*INDEX(LoanCohortRate,$A15)} -> 0.26423897 | ... BK18: {=BK16*INDEX(LoanCohortRate,$A15)} -> 0
A19: Princ | E19: =E17-E18 -> 1.1888945 | F19: =F17-F18 -> 1.2082141 | G19: =G17-G18 -> 1.2278476 | H19: =H17-H18 -> 1.2478001 | I19: =I17-I18 -> 1.2680768 | J19: =J17-J18 -> 1.2886831 | K19: =K17-K18 -> 1.3096242 | L19: =L17-L18 -> 1.3309056 | ... BK19: =BK17-BK18 -> 0
A20: Loans | E20: {=INDEX(LoanOriginations,$A15)} -> 100.5 | F20: =E20*(1-MitigateDelinquency*MitigateChargeoff) * IF(F15=0,0,IF(F15-102=LoanSaleHeld,0.6,1)) -> 100.3995 | G20: =F20*(1-MitigateDelinquency*MitigateChargeoff) * IF(G15=0,0,IF(G15-102=LoanSaleHeld,0.6,1)) -> 100.2991 | H20: =G20*(1-MitigateDelinquency*MitigateChargeoff) * IF(H15=0,0,IF(H15-102=LoanSaleHeld,0.6,1)) -> 100.1988 | I20: =H20*(1-MitigateDelinquency*MitigateChargeoff) * IF(I15=0,0,IF(I15-102=LoanSaleHeld,0.6,1)) -> 60.059162 | J20: =I20*(1-MitigateDelinquency*MitigateChargeoff) * IF(J15=0,0,IF(J15-102=LoanSaleHeld,0.6,1)) -> 59.999102 | K20: =J20*(1-MitigateDelinquency*MitigateChargeoff) * IF(K15=0,0,IF(K15-102=LoanSaleHeld,0.6,1)) -> 59.939103 | L20: =K20*(1-MitigateDelinquency*MitigateChargeoff) * IF(L15=0,0,IF(L15-102=LoanSaleHeld,0.6,1)) -> 59.879164 | M20: =L20*(1-MitigateDelinquency*MitigateChargeoff) * IF(M15=0,0,IF(M15-102=LoanSaleHeld,0.6,1)) -> 59.819285 | ... BK20: =BJ20*(1-MitigateDelinquency*MitigateChargeoff) * IF(BK15=0,0,IF(BK15-102=LoanSaleHeld,0.6,1)) -> 0
A21: iCollect | E21: =E18*E20 -> 40.828125 | F21: =F18*F20 -> 38.847625 | G21: =G18*G20 -> 36.839557 | H21: =H18*H20 -> 34.803499 | I21: =I18*I20 -> 19.643412 | J21: =J18*J20 -> 18.387413 | K21: =K18*K20 -> 17.113834 | L21: =L18*L20 -> 15.822409 | ... BK21: =BK18*BK20 -> 0
A22: pCollect | E22: =E19*E20 -> 119.4839 | F22: =F19*F20 -> 121.30409 | G22: =G19*G20 -> 123.15201 | H22: =H19*H20 -> 125.02807 | I22: =I19*I20 -> 76.159631 | J22: =J19*J20 -> 77.319828 | K22: =K19*K20 -> 78.497699 | L22: =L19*L20 -> 79.693513 | ... BK22: =BK19*BK20 -> 0
A23: sAmort | E23: =IF(E15-101<>LoanSaleHeld,0,SUM($D22:E22)*LoanSalePercent) -> 0 | F23: =IF(F15-101<>LoanSaleHeld,0,SUM($D22:F22)*LoanSalePercent) -> 0 | G23: =IF(G15-101<>LoanSaleHeld,0,SUM($D22:G22)*LoanSalePercent) -> 0 | H23: =IF(H15-101<>LoanSaleHeld,0,SUM($D22:H22)*LoanSalePercent) -> 195.58723 | I23: =IF(I15-101<>LoanSaleHeld,0,SUM($D22:I22)*LoanSalePercent) -> 0 | J23: =IF(J15-101<>LoanSaleHeld,0,SUM($D22:J22)*LoanSalePercent) -> 0 | K23: =IF(K15-101<>LoanSaleHeld,0,SUM($D22:K22)*LoanSalePercent) -> 0 | L23: =IF(L15-101<>LoanSaleHeld,0,SUM($D22:L22)*LoanSalePercent) -> 0 | ... BK23: =IF(BK15-101<>LoanSaleHeld,0,SUM($D22:BK22)*LoanSalePercent) -> 0
A24: =A15+1 -> 3 | F24: 101 | G24: =IF(G25=0,0,F24+1) -> 102 | H24: =IF(H25=0,0,G24+1) -> 103 | I24: =IF(I25=0,0,H24+1) -> 104 | J24: =IF(J25=0,0,I24+1) -> 105 | K24: =IF(K25=0,0,J24+1) -> 106 | L24: =IF(L25=0,0,K24+1) -> 107 | M24: =IF(M25=0,0,L24+1) -> 108 | N24: =IF(N25=0,0,M24+1) -> 109 | ... BK24: =IF(BK25=0,0,BJ24+1) -> 0
A25: Bal | F25: =LoanSize -> 25 | G25: =IF(F25-F28<=0.1,0,F25-F28) -> 23.811105 | H25: =IF(G25-G28<=0.1,0,G25-G28) -> 22.602891 | I25: =IF(H25-H28<=0.1,0,H25-H28) -> 21.375044 | J25: =IF(I25-I28<=0.1,0,I25-I28) -> 20.127244 | K25: =IF(J25-J28<=0.1,0,J25-J28) -> 18.859167 | L25: =IF(K25-K28<=0.1,0,K25-K28) -> 17.570484 | M25: =IF(L25-L28<=0.1,0,L25-L28) -> 16.26086 | N25: =IF(M25-M28<=0.1,0,M25-M28) -> 14.929954 | ... BK25: =IF(BJ25-BJ28<=0.1,0,BJ25-BJ28) -> 0
A26: Pmt | F26: =IF(F25=0,0,PMT(INDEX(LoanCohortRate,1),LoanTerm, -LoanSize)) -> 1.5951445 | G26: =IF(G25=0,0, F26) -> 1.5951445 | H26: =IF(H25=0,0, G26) -> 1.5951445 | I26: =IF(I25=0,0, H26) -> 1.5951445 | J26: =IF(J25=0,0, I26) -> 1.5951445 | K26: =IF(K25=0,0, J26) -> 1.5951445 | L26: =IF(L25=0,0, K26) -> 1.5951445 | M26: =IF(M25=0,0, L26) -> 1.5951445 | N26: =IF(N25=0,0, M26) -> 1.5951445 | ... BK26: =IF(BK25=0,0, BJ26) -> 0
A27: Int | F27: {=F25*INDEX(LoanCohortRate,$A24)} -> 0.40625 | G27: {=G25*INDEX(LoanCohortRate,$A24)} -> 0.38693046 | H27: {=H25*INDEX(LoanCohortRate,$A24)} -> 0.36729698 | I27: {=I25*INDEX(LoanCohortRate,$A24)} -> 0.34734446 | J27: {=J25*INDEX(LoanCohortRate,$A24)} -> 0.32706771 | K27: {=K25*INDEX(LoanCohortRate,$A24)} -> 0.30646146 | L27: {=L25*INDEX(LoanCohortRate,$A24)} -> 0.28552036 | M27: {=M25*INDEX(LoanCohortRate,$A24)} -> 0.26423897 | ... BK27: {=BK25*INDEX(LoanCohortRate,$A24)} -> 0
A28: Princ | F28: =F26-F27 -> 1.1888945 | G28: =G26-G27 -> 1.2082141 | H28: =H26-H27 -> 1.2278476 | I28: =I26-I27 -> 1.2478001 | J28: =J26-J27 -> 1.2680768 | K28: =K26-K27 -> 1.2886831 | L28: =L26-L27 -> 1.3096242 | M28: =M26-M27 -> 1.3309056 | ... BK28: =BK26-BK27 -> 0
A29: Loans | F29: {=INDEX(LoanOriginations,$A24)} -> 101.0025 | G29: =F29*(1-MitigateDelinquency*MitigateChargeoff) * IF(G24=0,0,IF(G24-102=LoanSaleHeld,0.6,1)) -> 100.9015 | H29: =G29*(1-MitigateDelinquency*MitigateChargeoff) * IF(H24=0,0,IF(H24-102=LoanSaleHeld,0.6,1)) -> 100.8006 | I29: =H29*(1-MitigateDelinquency*MitigateChargeoff) * IF(I24=0,0,IF(I24-102=LoanSaleHeld,0.6,1)) -> 100.6998 | J29: =I29*(1-MitigateDelinquency*MitigateChargeoff) * IF(J24=0,0,IF(J24-102=LoanSaleHeld,0.6,1)) -> 60.359457 | K29: =J29*(1-MitigateDelinquency*MitigateChargeoff) * IF(K24=0,0,IF(K24-102=LoanSaleHeld,0.6,1)) -> 60.299098 | L29: =K29*(1-MitigateDelinquency*MitigateChargeoff) * IF(L24=0,0,IF(L24-102=LoanSaleHeld,0.6,1)) -> 60.238799 | M29: =L29*(1-MitigateDelinquency*MitigateChargeoff) * IF(M24=0,0,IF(M24-102=LoanSaleHeld,0.6,1)) -> 60.17856 | N29: =M29*(1-MitigateDelinquency*MitigateChargeoff) * IF(N24=0,0,IF(N24-102=LoanSaleHeld,0.6,1)) -> 60.118381 | ... BK29: =BJ29*(1-MitigateDelinquency*MitigateChargeoff) * IF(BK24=0,0,IF(BK24-102=LoanSaleHeld,0.6,1)) -> 0
A30: iCollect | F30: =F27*F29 -> 41.032266 | G30: =G27*G29 -> 39.041863 | H30: =H27*H29 -> 37.023755 | I30: =I27*I29 -> 34.977516 | J30: =J27*J29 -> 19.74163 | K30: =K27*K29 -> 18.47935 | L30: =L27*L29 -> 17.199404 | M30: =M27*M29 -> 15.901521 | ... BK30: =BK27*BK29 -> 0
A31: pCollect | F31: =F28*F29 -> 120.08132 | G31: =G28*G29 -> 121.91061 | H31: =H28*H29 -> 123.76777 | I31: =I28*I29 -> 125.65321 | J31: =J28*J29 -> 76.54043 | K31: =K28*K29 -> 77.706427 | L31: =L28*L29 -> 78.890188 | M31: =M28*M29 -> 80.091981 | ... BK31: =BK28*BK29 -> 0
A32: sAmort | F32: =IF(F24-101<>LoanSaleHeld,0,SUM($D31:F31)*LoanSalePercent) -> 0 | G32: =IF(G24-101<>LoanSaleHeld,0,SUM($D31:G31)*LoanSalePercent) -> 0 | H32: =IF(H24-101<>LoanSaleHeld,0,SUM($D31:H31)*LoanSalePercent) -> 0 | I32: =IF(I24-101<>LoanSaleHeld,0,SUM($D31:I31)*LoanSalePercent) -> 196.56516 | J32: =IF(J24-101<>LoanSaleHeld,0,SUM($D31:J31)*LoanSalePercent) -> 0 | K32: =IF(K24-101<>LoanSaleHeld,0,SUM($D31:K31)*LoanSalePercent) -> 0 | L32: =IF(L24-101<>LoanSaleHeld,0,SUM($D31:L31)*LoanSalePercent) -> 0 | M32: =IF(M24-101<>LoanSaleHeld,0,SUM($D31:M31)*LoanSalePercent) -> 0 | ... BK32: =IF(BK24-101<>LoanSaleHeld,0,SUM($D31:BK31)*LoanSalePercent) -> 0
A33: =A24+1 -> 4 | G33: 101 | H33: =IF(H34=0,0,G33+1) -> 102 | I33: =IF(I34=0,0,H33+1) -> 103 | J33: =IF(J34=0,0,I33+1) -> 104 | K33: =IF(K34=0,0,J33+1) -> 105 | L33: =IF(L34=0,0,K33+1) -> 106 | M33: =IF(M34=0,0,L33+1) -> 107 | N33: =IF(N34=0,0,M33+1) -> 108 | O33: =IF(O34=0,0,N33+1) -> 109 | ... BK33: =IF(BK34=0,0,BJ33+1) -> 0
A34: Bal | G34: =LoanSize -> 25 | H34: =IF(G34-G37<=0.1,0,G34-G37) -> 23.811105 | I34: =IF(H34-H37<=0.1,0,H34-H37) -> 22.602891 | J34: =IF(I34-I37<=0.1,0,I34-I37) -> 21.375044 | K34: =IF(J34-J37<=0.1,0,J34-J37) -> 20.127244 | L34: =IF(K34-K37<=0.1,0,K34-K37) -> 18.859167 | M34: =IF(L34-L37<=0.1,0,L34-L37) -> 17.570484 | N34: =IF(M34-M37<=0.1,0,M34-M37) -> 16.26086 | O34: =IF(N34-N37<=0.1,0,N34-N37) -> 14.929954 | ... BK34: =IF(BJ34-BJ37<=0.1,0,BJ34-BJ37) -> 0
A35: Pmt | G35: =IF(G34=0,0,PMT(INDEX(LoanCohortRate,1),LoanTerm, -LoanSize)) -> 1.5951445 | H35: =IF(H34=0,0, G35) -> 1.5951445 | I35: =IF(I34=0,0, H35) -> 1.5951445 | J35: =IF(J34=0,0, I35) -> 1.5951445 | K35: =IF(K34=0,0, J35) -> 1.5951445 | L35: =IF(L34=0,0, K35) -> 1.5951445 | M35: =IF(M34=0,0, L35) -> 1.5951445 | N35: =IF(N34=0,0, M35) -> 1.5951445 | O35: =IF(O34=0,0, N35) -> 1.5951445 | ... BK35: =IF(BK34=0,0, BJ35) -> 0
A36: Int | G36: {=G34*INDEX(LoanCohortRate,$A33)} -> 0.40625 | H36: {=H34*INDEX(LoanCohortRate,$A33)} -> 0.38693046 | I36: {=I34*INDEX(LoanCohortRate,$A33)} -> 0.36729698 | J36: {=J34*INDEX(LoanCohortRate,$A33)} -> 0.34734446 | K36: {=K34*INDEX(LoanCohortRate,$A33)} -> 0.32706771 | L36: {=L34*INDEX(LoanCohortRate,$A33)} -> 0.30646146 | M36: {=M34*INDEX(LoanCohortRate,$A33)} -> 0.28552036 | N36: {=N34*INDEX(LoanCohortRate,$A33)} -> 0.26423897 | ... BK36: {=BK34*INDEX(LoanCohortRate,$A33)} -> 0
A37: Princ | G37: =G35-G36 -> 1.1888945 | H37: =H35-H36 -> 1.2082141 | I37: =I35-I36 -> 1.2278476 | J37: =J35-J36 -> 1.2478001 | K37: =K35-K36 -> 1.2680768 | L37: =L35-L36 -> 1.2886831 | M37: =M35-M36 -> 1.3096242 | N37: =N35-N36 -> 1.3309056 | ... BK37: =BK35-BK36 -> 0
A38: Loans | G38: {=INDEX(LoanOriginations,$A33)} -> 101.50751 | H38: =G38*(1-MitigateDelinquency*MitigateChargeoff) * IF(H33=0,0,IF(H33-102=LoanSaleHeld,0.6,1)) -> 101.406 | I38: =H38*(1-MitigateDelinquency*MitigateChargeoff) * IF(I33=0,0,IF(I33-102=LoanSaleHeld,0.6,1)) -> 101.3046 | J38: =I38*(1-MitigateDelinquency*MitigateChargeoff) * IF(J33=0,0,IF(J33-102=LoanSaleHeld,0.6,1)) -> 101.20329 | K38: =J38*(1-MitigateDelinquency*MitigateChargeoff) * IF(K33=0,0,IF(K33-102=LoanSaleHeld,0.6,1)) -> 60.661255 | L38: =K38*(1-MitigateDelinquency*MitigateChargeoff) * IF(L33=0,0,IF(L33-102=LoanSaleHeld,0.6,1)) -> 60.600593 | M38: =L38*(1-MitigateDelinquency*MitigateChargeoff) * IF(M33=0,0,IF(M33-102=LoanSaleHeld,0.6,1)) -> 60.539993 | N38: =M38*(1-MitigateDelinquency*MitigateChargeoff) * IF(N33=0,0,IF(N33-102=LoanSaleHeld,0.6,1)) -> 60.479453 | O38: =N38*(1-MitigateDelinquency*MitigateChargeoff) * IF(O33=0,0,IF(O33-102=LoanSaleHeld,0.6,1)) -> 60.418973 | ... BK38: =BJ38*(1-MitigateDelinquency*MitigateChargeoff) * IF(BK33=0,0,IF(BK33-102=LoanSaleHeld,0.6,1)) -> 0
A39: iCollect | G39: =G36*G38 -> 41.237427 | H39: =H36*H38 -> 39.237073 | I39: =I36*I38 -> 37.208874 | J39: =J36*J38 -> 35.152404 | K39: =K36*K38 -> 19.840338 | L39: =L36*L38 -> 18.571746 | M39: =M36*M38 -> 17.285401 | N39: =N36*N38 -> 15.981028 | ... BK39: =BK36*BK38 -> 0
A40: pCollect | G40: =G37*G38 -> 120.68173 | H40: =H37*H38 -> 122.52016 | I40: =I37*I38 -> 124.3866 | J40: =J37*J38 -> 126.28148 | K40: =K37*K38 -> 76.923132 | L40: =L37*L38 -> 78.094959 | M40: =M37*M38 -> 79.284639 | N40: =N37*N38 -> 80.492441 | ... BK40: =BK37*BK38 -> 0
A41: sAmort | G41: =IF(G33-101<>LoanSaleHeld,0,SUM($D40:G40)*LoanSalePercent) -> 0 | H41: =IF(H33-101<>LoanSaleHeld,0,SUM($D40:H40)*LoanSalePercent) -> 0 | I41: =IF(I33-101<>LoanSaleHeld,0,SUM($D40:I40)*LoanSalePercent) -> 0 | J41: =IF(J33-101<>LoanSaleHeld,0,SUM($D40:J40)*LoanSalePercent) -> 197.54799 | K41: =IF(K33-101<>LoanSaleHeld,0,SUM($D40:K40)*LoanSalePercent) -> 0 | L41: =IF(L33-101<>LoanSaleHeld,0,SUM($D40:L40)*LoanSalePercent) -> 0 | M41: =IF(M33-101<>LoanSaleHeld,0,SUM($D40:M40)*LoanSalePercent) -> 0 | N41: =IF(N33-101<>LoanSaleHeld,0,SUM($D40:N40)*LoanSalePercent) -> 0 | ... BK41: =IF(BK33-101<>LoanSaleHeld,0,SUM($D40:BK40)*LoanSalePercent) -> 0
A42: =A33+1 -> 5 | H42: 101 | I42: =IF(I43=0,0,H42+1) -> 102 | J42: =IF(J43=0,0,I42+1) -> 103 | K42: =IF(K43=0,0,J42+1) -> 104 | L42: =IF(L43=0,0,K42+1) -> 105 | M42: =IF(M43=0,0,L42+1) -> 106 | N42: =IF(N43=0,0,M42+1) -> 107 | O42: =IF(O43=0,0,N42+1) -> 108 | P42: =IF(P43=0,0,O42+1) -> 109 | ... BK42: =IF(BK43=0,0,BJ42+1) -> 0
A43: Bal | H43: =LoanSize -> 25 | I43: =IF(H43-H46<=0.1,0,H43-H46) -> 23.811105 | J43: =IF(I43-I46<=0.1,0,I43-I46) -> 22.602891 | K43: =IF(J43-J46<=0.1,0,J43-J46) -> 21.375044 | L43: =IF(K43-K46<=0.1,0,K43-K46) -> 20.127244 | M43: =IF(L43-L46<=0.1,0,L43-L46) -> 18.859167 | N43: =IF(M43-M46<=0.1,0,M43-M46) -> 17.570484 | O43: =IF(N43-N46<=0.1,0,N43-N46) -> 16.26086 | P43: =IF(O43-O46<=0.1,0,O43-O46) -> 14.929954 | ... BK43: =IF(BJ43-BJ46<=0.1,0,BJ43-BJ46) -> 0
A44: Pmt | H44: =IF(H43=0,0,PMT(INDEX(LoanCohortRate,1),LoanTerm, -LoanSize)) -> 1.5951445 | I44: =IF(I43=0,0, H44) -> 1.5951445 | J44: =IF(J43=0,0, I44) -> 1.5951445 | K44: =IF(K43=0,0, J44) -> 1.5951445 | L44: =IF(L43=0,0, K44) -> 1.5951445 | M44: =IF(M43=0,0, L44) -> 1.5951445 | N44: =IF(N43=0,0, M44) -> 1.5951445 | O44: =IF(O43=0,0, N44) -> 1.5951445 | P44: =IF(P43=0,0, O44) -> 1.5951445 | ... BK44: =IF(BK43=0,0, BJ44) -> 0
A45: Int | H45: {=H43*INDEX(LoanCohortRate,$A42)} -> 0.40625 | I45: {=I43*INDEX(LoanCohortRate,$A42)} -> 0.38693046 | J45: {=J43*INDEX(LoanCohortRate,$A42)} -> 0.36729698 | K45: {=K43*INDEX(LoanCohortRate,$A42)} -> 0.34734446 | L45: {=L43*INDEX(LoanCohortRate,$A42)} -> 0.32706771 | M45: {=M43*INDEX(LoanCohortRate,$A42)} -> 0.30646146 | N45: {=N43*INDEX(LoanCohortRate,$A42)} -> 0.28552036 | O45: {=O43*INDEX(LoanCohortRate,$A42)} -> 0.26423897 | ... BK45: {=BK43*INDEX(LoanCohortRate,$A42)} -> 0
A46: Princ | H46: =H44-H45 -> 1.1888945 | I46: =I44-I45 -> 1.2082141 | J46: =J44-J45 -> 1.2278476 | K46: =K44-K45 -> 1.2478001 | L46: =L44-L45 -> 1.2680768 | M46: =M44-M45 -> 1.2886831 | N46: =N44-N45 -> 1.3096242 | O46: =O44-O45 -> 1.3309056 | ... BK46: =BK44-BK45 -> 0
A47: Loans | H47: {=INDEX(LoanOriginations,$A42)} -> 102.01505 | I47: =H47*(1-MitigateDelinquency*MitigateChargeoff) * IF(I42=0,0,IF(I42-102=LoanSaleHeld,0.6,1)) -> 101.91304 | J47: =I47*(1-MitigateDelinquency*MitigateChargeoff) * IF(J42=0,0,IF(J42-102=LoanSaleHeld,0.6,1)) -> 101.81112 | K47: =J47*(1-MitigateDelinquency*MitigateChargeoff) * IF(K42=0,0,IF(K42-102=LoanSaleHeld,0.6,1)) -> 101.70931 | L47: =K47*(1-MitigateDelinquency*MitigateChargeoff) * IF(L42=0,0,IF(L42-102=LoanSaleHeld,0.6,1)) -> 60.964561 | M47: =L47*(1-MitigateDelinquency*MitigateChargeoff) * IF(M42=0,0,IF(M42-102=LoanSaleHeld,0.6,1)) -> 60.903596 | N47: =M47*(1-MitigateDelinquency*MitigateChargeoff) * IF(N42=0,0,IF(N42-102=LoanSaleHeld,0.6,1)) -> 60.842693 | O47: =N47*(1-MitigateDelinquency*MitigateChargeoff) * IF(O42=0,0,IF(O42-102=LoanSaleHeld,0.6,1)) -> 60.78185 | P47: =O47*(1-MitigateDelinquency*MitigateChargeoff) * IF(P42=0,0,IF(P42-102=LoanSaleHeld,0.6,1)) -> 60.721068 | ... BK47: =BJ47*(1-MitigateDelinquency*MitigateChargeoff) * IF(BK42=0,0,IF(BK42-102=LoanSaleHeld,0.6,1)) -> 0
A48: iCollect | H48: =H45*H47 -> 41.443614 | I48: =I45*I47 -> 39.433258 | J48: =J45*J47 -> 37.394918 | K48: =K45*K47 -> 35.328166 | L48: =L45*L47 -> 19.939539 | M48: =M45*M47 -> 18.664605 | N48: =N45*N47 -> 17.371828 | O48: =O45*O47 -> 16.060933 | ... BK48: =BK45*BK47 -> 0
A49: pCollect | H49: =H46*H47 -> 121.28514 | I49: =I46*I47 -> 123.13276 | J49: =J46*J47 -> 125.00854 | K49: =K46*K47 -> 126.91289 | L49: =L46*L47 -> 77.307747 | M49: =M46*M47 -> 78.485434 | N49: =N46*N47 -> 79.681062 | O49: =O46*O47 -> 80.894903 | ... BK49: =BK46*BK47 -> 0
A50: sAmort | H50: =IF(H42-101<>LoanSaleHeld,0,SUM($D49:H49)*LoanSalePercent) -> 0 | I50: =IF(I42-101<>LoanSaleHeld,0,SUM($D49:I49)*LoanSalePercent) -> 0 | J50: =IF(J42-101<>LoanSaleHeld,0,SUM($D49:J49)*LoanSalePercent) -> 0 | K50: =IF(K42-101<>LoanSaleHeld,0,SUM($D49:K49)*LoanSalePercent) -> 198.53573 | L50: =IF(L42-101<>LoanSaleHeld,0,SUM($D49:L49)*LoanSalePercent) -> 0 | M50: =IF(M42-101<>LoanSaleHeld,0,SUM($D49:M49)*LoanSalePercent) -> 0 | N50: =IF(N42-101<>LoanSaleHeld,0,SUM($D49:N49)*LoanSalePercent) -> 0 | O50: =IF(O42-101<>LoanSaleHeld,0,SUM($D49:O49)*LoanSalePercent) -> 0 | ... BK50: =IF(BK42-101<>LoanSaleHeld,0,SUM($D49:BK49)*LoanSalePercent) -> 0
A51: =A42+1 -> 6 | I51: 101 | J51: =IF(J52=0,0,I51+1) -> 102 | K51: =IF(K52=0,0,J51+1) -> 103 | L51: =IF(L52=0,0,K51+1) -> 104 | M51: =IF(M52=0,0,L51+1) -> 105 | N51: =IF(N52=0,0,M51+1) -> 106 | O51: =IF(O52=0,0,N51+1) -> 107 | P51: =IF(P52=0,0,O51+1) -> 108 | Q51: =IF(Q52=0,0,P51+1) -> 109 | ... BK51: =IF(BK52=0,0,BJ51+1) -> 0
A52: Bal | I52: =LoanSize -> 25 | J52: =IF(I52-I55<=0.1,0,I52-I55) -> 23.811105 | K52: =IF(J52-J55<=0.1,0,J52-J55) -> 22.602891 | L52: =IF(K52-K55<=0.1,0,K52-K55) -> 21.375044 | M52: =IF(L52-L55<=0.1,0,L52-L55) -> 20.127244 | N52: =IF(M52-M55<=0.1,0,M52-M55) -> 18.859167 | O52: =IF(N52-N55<=0.1,0,N52-N55) -> 17.570484 | P52: =IF(O52-O55<=0.1,0,O52-O55) -> 16.26086 | Q52: =IF(P52-P55<=0.1,0,P52-P55) -> 14.929954 | ... BK52: =IF(BJ52-BJ55<=0.1,0,BJ52-BJ55) -> 0
A53: Pmt | I53: =IF(I52=0,0,PMT(INDEX(LoanCohortRate,1),LoanTerm, -LoanSize)) -> 1.5951445 | J53: =IF(J52=0,0, I53) -> 1.5951445 | K53: =IF(K52=0,0, J53) -> 1.5951445 | L53: =IF(L52=0,0, K53) -> 1.5951445 | M53: =IF(M52=0,0, L53) -> 1.5951445 | N53: =IF(N52=0,0, M53) -> 1.5951445 | O53: =IF(O52=0,0, N53) -> 1.5951445 | P53: =IF(P52=0,0, O53) -> 1.5951445 | Q53: =IF(Q52=0,0, P53) -> 1.5951445 | ... BK53: =IF(BK52=0,0, BJ53) -> 0
A54: Int | I54: {=I52*INDEX(LoanCohortRate,$A51)} -> 0.40625 | J54: {=J52*INDEX(LoanCohortRate,$A51)} -> 0.38693046 | K54: {=K52*INDEX(LoanCohortRate,$A51)} -> 0.36729698 | L54: {=L52*INDEX(LoanCohortRate,$A51)} -> 0.34734446 | M54: {=M52*INDEX(LoanCohortRate,$A51)} -> 0.32706771 | N54: {=N52*INDEX(LoanCohortRate,$A51)} -> 0.30646146 | O54: {=O52*INDEX(LoanCohortRate,$A51)} -> 0.28552036 | P54: {=P52*INDEX(LoanCohortRate,$A51)} -> 0.26423897 | ... BK54: {=BK52*INDEX(LoanCohortRate,$A51)} -> 0
A55: Princ | I55: =I53-I54 -> 1.1888945 | J55: =J53-J54 -> 1.2082141 | K55: =K53-K54 -> 1.2278476 | L55: =L53-L54 -> 1.2478001 | M55: =M53-M54 -> 1.2680768 | N55: =N53-N54 -> 1.2886831 | O55: =O53-O54 -> 1.3096242 | P55: =P53-P54 -> 1.3309056 | ... BK55: =BK53-BK54 -> 0
A56: Loans | I56: {=INDEX(LoanOriginations,$A51)} -> 102.52513 | J56: =I56*(1-MitigateDelinquency*MitigateChargeoff) * IF(J51=0,0,IF(J51-102=LoanSaleHeld,0.6,1)) -> 102.4226 | K56: =J56*(1-MitigateDelinquency*MitigateChargeoff) * IF(K51=0,0,IF(K51-102=LoanSaleHeld,0.6,1)) -> 102.32018 | L56: =K56*(1-MitigateDelinquency*MitigateChargeoff) * IF(L51=0,0,IF(L51-102=LoanSaleHeld,0.6,1)) -> 102.21786 | M56: =L56*(1-MitigateDelinquency*MitigateChargeoff) * IF(M51=0,0,IF(M51-102=LoanSaleHeld,0.6,1)) -> 61.269384 | N56: =M56*(1-MitigateDelinquency*MitigateChargeoff) * IF(N51=0,0,IF(N51-102=LoanSaleHeld,0.6,1)) -> 61.208114 | O56: =N56*(1-MitigateDelinquency*MitigateChargeoff) * IF(O51=0,0,IF(O51-102=LoanSaleHeld,0.6,1)) -> 61.146906 | P56: =O56*(1-MitigateDelinquency*MitigateChargeoff) * IF(P51=0,0,IF(P51-102=LoanSaleHeld,0.6,1)) -> 61.085759 | Q56: =P56*(1-MitigateDelinquency*MitigateChargeoff) * IF(Q51=0,0,IF(Q51-102=LoanSaleHeld,0.6,1)) -> 61.024674 | ... BK56: =BJ56*(1-MitigateDelinquency*MitigateChargeoff) * IF(BK51=0,0,IF(BK51-102=LoanSaleHeld,0.6,1)) -> 0
A57: iCollect | I57: =I54*I56 -> 41.650832 | J57: =J54*J56 -> 39.630424 | K57: =K54*K56 -> 37.581893 | L57: =L54*L56 -> 35.504807 | M57: =M54*M56 -> 20.039237 | N57: =N54*N56 -> 18.757928 | O57: =O54*O56 -> 17.458687 | P57: =P54*P56 -> 16.141238 | ... BK57: =BK54*BK56 -> 0
A58: pCollect | I58: =I55*I56 -> 121.89156 | J58: =J55*J56 -> 123.74843 | K58: =K55*K56 -> 125.63358 | L58: =L55*L56 -> 127.54745 | M58: =M55*M56 -> 77.694286 | N58: =N55*N56 -> 78.877861 | O58: =O55*O56 -> 80.079467 | P58: =P55*P56 -> 81.299378 | ... BK58: =BK55*BK56 -> 0
A59: sAmort | I59: =IF(I51-101<>LoanSaleHeld,0,SUM($D58:I58)*LoanSalePercent) -> 0 | J59: =IF(J51-101<>LoanSaleHeld,0,SUM($D58:J58)*LoanSalePercent) -> 0 | K59: =IF(K51-101<>LoanSaleHeld,0,SUM($D58:K58)*LoanSalePercent) -> 0 | L59: =IF(L51-101<>LoanSaleHeld,0,SUM($D58:L58)*LoanSalePercent) -> 199.52841 | M59: =IF(M51-101<>LoanSaleHeld,0,SUM($D58:M58)*LoanSalePercent) -> 0 | N59: =IF(N51-101<>LoanSaleHeld,0,SUM($D58:N58)*LoanSalePercent) -> 0 | O59: =IF(O51-101<>LoanSaleHeld,0,SUM($D58:O58)*LoanSalePercent) -> 0 | P59: =IF(P51-101<>LoanSaleHeld,0,SUM($D58:P58)*LoanSalePercent) -> 0 | ... BK59: =IF(BK51-101<>LoanSaleHeld,0,SUM($D58:BK58)*LoanSalePercent) -> 0
A60: =A51+1 -> 7 | J60: 101 | K60: =IF(K61=0,0,J60+1) -> 102 | L60: =IF(L61=0,0,K60+1) -> 103 | M60: =IF(M61=0,0,L60+1) -> 104 | N60: =IF(N61=0,0,M60+1) -> 105 | O60: =IF(O61=0,0,N60+1) -> 106 | P60: =IF(P61=0,0,O60+1) -> 107 | Q60: =IF(Q61=0,0,P60+1) -> 108 | R60: =IF(R61=0,0,Q60+1) -> 109 | ... BK60: =IF(BK61=0,0,BJ60+1) -> 0
A61: Bal | J61: =LoanSize -> 25 | K61: =IF(J61-J64<=0.1,0,J61-J64) -> 23.811105 | L61: =IF(K61-K64<=0.1,0,K61-K64) -> 22.602891 | M61: =IF(L61-L64<=0.1,0,L61-L64) -> 21.375044 | N61: =IF(M61-M64<=0.1,0,M61-M64) -> 20.127244 | O61: =IF(N61-N64<=0.1,0,N61-N64) -> 18.859167 | P61: =IF(O61-O64<=0.1,0,O61-O64) -> 17.570484 | Q61: =IF(P61-P64<=0.1,0,P61-P64) -> 16.26086 | R61: =IF(Q61-Q64<=0.1,0,Q61-Q64) -> 14.929954 | ... BK61: =IF(BJ61-BJ64<=0.1,0,BJ61-BJ64) -> 0
A62: Pmt | J62: =IF(J61=0,0,PMT(INDEX(LoanCohortRate,1),LoanTerm, -LoanSize)) -> 1.5951445 | K62: =IF(K61=0,0, J62) -> 1.5951445 | L62: =IF(L61=0,0, K62) -> 1.5951445 | M62: =IF(M61=0,0, L62) -> 1.5951445 | N62: =IF(N61=0,0, M62) -> 1.5951445 | O62: =IF(O61=0,0, N62) -> 1.5951445 | P62: =IF(P61=0,0, O62) -> 1.5951445 | Q62: =IF(Q61=0,0, P62) -> 1.5951445 | R62: =IF(R61=0,0, Q62) -> 1.5951445 | ... BK62: =IF(BK61=0,0, BJ62) -> 0
A63: Int | J63: {=J61*INDEX(LoanCohortRate,$A60)} -> 0.40625 | K63: {=K61*INDEX(LoanCohortRate,$A60)} -> 0.38693046 | L63: {=L61*INDEX(LoanCohortRate,$A60)} -> 0.36729698 | M63: {=M61*INDEX(LoanCohortRate,$A60)} -> 0.34734446 | N63: {=N61*INDEX(LoanCohortRate,$A60)} -> 0.32706771 | O63: {=O61*INDEX(LoanCohortRate,$A60)} -> 0.30646146 | P63: {=P61*INDEX(LoanCohortRate,$A60)} -> 0.28552036 | Q63: {=Q61*INDEX(LoanCohortRate,$A60)} -> 0.26423897 | ... BK63: {=BK61*INDEX(LoanCohortRate,$A60)} -> 0
A64: Princ | J64: =J62-J63 -> 1.1888945 | K64: =K62-K63 -> 1.2082141 | L64: =L62-L63 -> 1.2278476 | M64: =M62-M63 -> 1.2478001 | N64: =N62-N63 -> 1.2680768 | O64: =O62-O63 -> 1.2886831 | P64: =P62-P63 -> 1.3096242 | Q64: =Q62-Q63 -> 1.3309056 | ... BK64: =BK62-BK63 -> 0
A65: Loans | J65: {=INDEX(LoanOriginations,$A60)} -> 103.03775 | K65: =J65*(1-MitigateDelinquency*MitigateChargeoff) * IF(K60=0,0,IF(K60-102=LoanSaleHeld,0.6,1)) -> 102.93471 | L65: =K65*(1-MitigateDelinquency*MitigateChargeoff) * IF(L60=0,0,IF(L60-102=LoanSaleHeld,0.6,1)) -> 102.83178 | M65: =L65*(1-MitigateDelinquency*MitigateChargeoff) * IF(M60=0,0,IF(M60-102=LoanSaleHeld,0.6,1)) -> 102.72895 | N65: =M65*(1-MitigateDelinquency*MitigateChargeoff) * IF(N60=0,0,IF(N60-102=LoanSaleHeld,0.6,1)) -> 61.575731 | O65: =N65*(1-MitigateDelinquency*MitigateChargeoff) * IF(O60=0,0,IF(O60-102=LoanSaleHeld,0.6,1)) -> 61.514155 | P65: =O65*(1-MitigateDelinquency*MitigateChargeoff) * IF(P60=0,0,IF(P60-102=LoanSaleHeld,0.6,1)) -> 61.452641 | Q65: =P65*(1-MitigateDelinquency*MitigateChargeoff) * IF(Q60=0,0,IF(Q60-102=LoanSaleHeld,0.6,1)) -> 61.391188 | R65: =Q65*(1-MitigateDelinquency*MitigateChargeoff) * IF(R60=0,0,IF(R60-102=LoanSaleHeld,0.6,1)) -> 61.329797 | ... BK65: =BJ65*(1-MitigateDelinquency*MitigateChargeoff) * IF(BK60=0,0,IF(BK60-102=LoanSaleHeld,0.6,1)) -> 0
A66: iCollect | J66: =J63*J65 -> 41.859086 | K66: =K63*K65 -> 39.828576 | L66: =L63*L65 -> 37.769802 | M66: =M63*M65 -> 35.682331 | N66: =N63*N65 -> 20.139433 | O66: =O63*O65 -> 18.851718 | P66: =P63*P65 -> 17.54598 | Q66: =Q63*Q65 -> 16.221944 | ... BK66: =BK63*BK65 -> 0
A67: pCollect | J67: =J64*J65 -> 122.50102 | K67: =K64*K65 -> 124.36717 | L67: =L64*L65 -> 126.26175 | M67: =M64*M65 -> 128.18519 | N67: =N64*N65 -> 78.082758 | O67: =O64*O65 -> 79.272251 | P67: =P64*P65 -> 80.479864 | Q67: =Q64*Q65 -> 81.705875 | ... BK67: =BK64*BK65 -> 0
A68: sAmort | J68: =IF(J60-101<>LoanSaleHeld,0,SUM($D67:J67)*LoanSalePercent) -> 0 | K68: =IF(K60-101<>LoanSaleHeld,0,SUM($D67:K67)*LoanSalePercent) -> 0 | L68: =IF(L60-101<>LoanSaleHeld,0,SUM($D67:L67)*LoanSalePercent) -> 0 | M68: =IF(M60-101<>LoanSaleHeld,0,SUM($D67:M67)*LoanSalePercent) -> 200.52605 | N68: =IF(N60-101<>LoanSaleHeld,0,SUM($D67:N67)*LoanSalePercent) -> 0 | O68: =IF(O60-101<>LoanSaleHeld,0,SUM($D67:O67)*LoanSalePercent) -> 0 | P68: =IF(P60-101<>LoanSaleHeld,0,SUM($D67:P67)*LoanSalePercent) -> 0 | Q68: =IF(Q60-101<>LoanSaleHeld,0,SUM($D67:Q67)*LoanSalePercent) -> 0 | ... BK68: =IF(BK60-101<>LoanSaleHeld,0,SUM($D67:BK67)*LoanSalePercent) -> 0
A69: =A60+1 -> 8 | K69: 101 | L69: =IF(L70=0,0,K69+1) -> 102 | M69: =IF(M70=0,0,L69+1) -> 103 | N69: =IF(N70=0,0,M69+1) -> 104 | O69: =IF(O70=0,0,N69+1) -> 105 | P69: =IF(P70=0,0,O69+1) -> 106 | Q69: =IF(Q70=0,0,P69+1) -> 107 | R69: =IF(R70=0,0,Q69+1) -> 108 | S69: =IF(S70=0,0,R69+1) -> 109 | ... BK69: =IF(BK70=0,0,BJ69+1) -> 0
A70: Bal | K70: =LoanSize -> 25 | L70: =IF(K70-K73<=0.1,0,K70-K73) -> 23.811105 | M70: =IF(L70-L73<=0.1,0,L70-L73) -> 22.602891 | N70: =IF(M70-M73<=0.1,0,M70-M73) -> 21.375044 | O70: =IF(N70-N73<=0.1,0,N70-N73) -> 20.127244 | P70: =IF(O70-O73<=0.1,0,O70-O73) -> 18.859167 | Q70: =IF(P70-P73<=0.1,0,P70-P73) -> 17.570484 | R70: =IF(Q70-Q73<=0.1,0,Q70-Q73) -> 16.26086 | S70: =IF(R70-R73<=0.1,0,R70-R73) -> 14.929954 | ... BK70: =IF(BJ70-BJ73<=0.1,0,BJ70-BJ73) -> 0
A71: Pmt | K71: =IF(K70=0,0,PMT(INDEX(LoanCohortRate,1),LoanTerm, -LoanSize)) -> 1.5951445 | L71: =IF(L70=0,0, K71) -> 1.5951445 | M71: =IF(M70=0,0, L71) -> 1.5951445 | N71: =IF(N70=0,0, M71) -> 1.5951445 | O71: =IF(O70=0,0, N71) -> 1.5951445 | P71: =IF(P70=0,0, O71) -> 1.5951445 | Q71: =IF(Q70=0,0, P71) -> 1.5951445 | R71: =IF(R70=0,0, Q71) -> 1.5951445 | S71: =IF(S70=0,0, R71) -> 1.5951445 | ... BK71: =IF(BK70=0,0, BJ71) -> 0
A72: Int | K72: {=K70*INDEX(LoanCohortRate,$A69)} -> 0.40625 | L72: {=L70*INDEX(LoanCohortRate,$A69)} -> 0.38693046 | M72: {=M70*INDEX(LoanCohortRate,$A69)} -> 0.36729698 | N72: {=N70*INDEX(LoanCohortRate,$A69)} -> 0.34734446 | O72: {=O70*INDEX(LoanCohortRate,$A69)} -> 0.32706771 | P72: {=P70*INDEX(LoanCohortRate,$A69)} -> 0.30646146 | Q72: {=Q70*INDEX(LoanCohortRate,$A69)} -> 0.28552036 | R72: {=R70*INDEX(LoanCohortRate,$A69)} -> 0.26423897 | ... BK72: {=BK70*INDEX(LoanCohortRate,$A69)} -> 0
A73: Princ | K73: =K71-K72 -> 1.1888945 | L73: =L71-L72 -> 1.2082141 | M73: =M71-M72 -> 1.2278476 | N73: =N71-N72 -> 1.2478001 | O73: =O71-O72 -> 1.2680768 | P73: =P71-P72 -> 1.2886831 | Q73: =Q71-Q72 -> 1.3096242 | R73: =R71-R72 -> 1.3309056 | ... BK73: =BK71-BK72 -> 0
A74: Loans | K74: {=INDEX(LoanOriginations,$A69)} -> 103.55294 | L74: =K74*(1-MitigateDelinquency*MitigateChargeoff) * IF(L69=0,0,IF(L69-102=LoanSaleHeld,0.6,1)) -> 103.44939 | M74: =L74*(1-MitigateDelinquency*MitigateChargeoff) * IF(M69=0,0,IF(M69-102=LoanSaleHeld,0.6,1)) -> 103.34594 | N74: =M74*(1-MitigateDelinquency*MitigateChargeoff) * IF(N69=0,0,IF(N69-102=LoanSaleHeld,0.6,1)) -> 103.24259 | O74: =N74*(1-MitigateDelinquency*MitigateChargeoff) * IF(O69=0,0,IF(O69-102=LoanSaleHeld,0.6,1)) -> 61.883609 | P74: =O74*(1-MitigateDelinquency*MitigateChargeoff) * IF(P69=0,0,IF(P69-102=LoanSaleHeld,0.6,1)) -> 61.821726 | Q74: =P74*(1-MitigateDelinquency*MitigateChargeoff) * IF(Q69=0,0,IF(Q69-102=LoanSaleHeld,0.6,1)) -> 61.759904 | R74: =Q74*(1-MitigateDelinquency*MitigateChargeoff) * IF(R69=0,0,IF(R69-102=LoanSaleHeld,0.6,1)) -> 61.698144 | S74: =R74*(1-MitigateDelinquency*MitigateChargeoff) * IF(S69=0,0,IF(S69-102=LoanSaleHeld,0.6,1)) -> 61.636446 | ... BK74: =BJ74*(1-MitigateDelinquency*MitigateChargeoff) * IF(BK69=0,0,IF(BK69-102=LoanSaleHeld,0.6,1)) -> 0
A75: iCollect | K75: =K72*K74 -> 42.068382 | L75: =L72*L74 -> 40.027719 | M75: =M72*M74 -> 37.958651 | N75: =N72*N74 -> 35.860742 | O75: =O72*O74 -> 20.24013 | P75: =P72*P74 -> 18.945976 | Q75: =Q72*Q74 -> 17.63371 | R75: =R72*R74 -> 16.303054 | ... BK75: =BK72*BK74 -> 0
A76: pCollect | K76: =K73*K74 -> 123.11353 | L76: =L73*L74 -> 124.98901 | M76: =M73*M74 -> 126.89306 | N76: =N73*N74 -> 128.82611 | O76: =O73*O74 -> 78.473171 | P76: =P73*P74 -> 79.668612 | Q76: =Q73*Q74 -> 80.882264 | R76: =R73*R74 -> 82.114404 | ... BK76: =BK73*BK74 -> 0
A77: sAmort | K77: =IF(K69-101<>LoanSaleHeld,0,SUM($D76:K76)*LoanSalePercent) -> 0 | L77: =IF(L69-101<>LoanSaleHeld,0,SUM($D76:L76)*LoanSalePercent) -> 0 | M77: =IF(M69-101<>LoanSaleHeld,0,SUM($D76:M76)*LoanSalePercent) -> 0 | N77: =IF(N69-101<>LoanSaleHeld,0,SUM($D76:N76)*LoanSalePercent) -> 201.52868 | O77: =IF(O69-101<>LoanSaleHeld,0,SUM($D76:O76)*LoanSalePercent) -> 0 | P77: =IF(P69-101<>LoanSaleHeld,0,SUM($D76:P76)*LoanSalePercent) -> 0 | Q77: =IF(Q69-101<>LoanSaleHeld,0,SUM($D76:Q76)*LoanSalePercent) -> 0 | R77: =IF(R69-101<>LoanSaleHeld,0,SUM($D76:R76)*LoanSalePercent) -> 0 | ... BK77: =IF(BK69-101<>LoanSaleHeld,0,SUM($D76:BK76)*LoanSalePercent) -> 0
A78: =A69+1 -> 9 | L78: 101 | M78: =IF(M79=0,0,L78+1) -> 102 | N78: =IF(N79=0,0,M78+1) -> 103 | O78: =IF(O79=0,0,N78+1) -> 104 | P78: =IF(P79=0,0,O78+1) -> 105 | Q78: =IF(Q79=0,0,P78+1) -> 106 | R78: =IF(R79=0,0,Q78+1) -> 107 | S78: =IF(S79=0,0,R78+1) -> 108 | T78: =IF(T79=0,0,S78+1) -> 109 | ... BK78: =IF(BK79=0,0,BJ78+1) -> 0
A79: Bal | L79: =LoanSize -> 25 | M79: =IF(L79-L82<=0.1,0,L79-L82) -> 23.811105 | N79: =IF(M79-M82<=0.1,0,M79-M82) -> 22.602891 | O79: =IF(N79-N82<=0.1,0,N79-N82) -> 21.375044 | P79: =IF(O79-O82<=0.1,0,O79-O82) -> 20.127244 | Q79: =IF(P79-P82<=0.1,0,P79-P82) -> 18.859167 | R79: =IF(Q79-Q82<=0.1,0,Q79-Q82) -> 17.570484 | S79: =IF(R79-R82<=0.1,0,R79-R82) -> 16.26086 | T79: =IF(S79-S82<=0.1,0,S79-S82) -> 14.929954 | ... BK79: =IF(BJ79-BJ82<=0.1,0,BJ79-BJ82) -> 0
A80: Pmt | L80: =IF(L79=0,0,PMT(INDEX(LoanCohortRate,1),LoanTerm, -LoanSize)) -> 1.5951445 | M80: =IF(M79=0,0, L80) -> 1.5951445 | N80: =IF(N79=0,0, M80) -> 1.5951445 | O80: =IF(O79=0,0, N80) -> 1.5951445 | P80: =IF(P79=0,0, O80) -> 1.5951445 | Q80: =IF(Q79=0,0, P80) -> 1.5951445 | R80: =IF(R79=0,0, Q80) -> 1.5951445 | S80: =IF(S79=0,0, R80) -> 1.5951445 | T80: =IF(T79=0,0, S80) -> 1.5951445 | ... BK80: =IF(BK79=0,0, BJ80) -> 0
A81: Int | L81: {=L79*INDEX(LoanCohortRate,$A78)} -> 0.40625 | M81: {=M79*INDEX(LoanCohortRate,$A78)} -> 0.38693046 | N81: {=N79*INDEX(LoanCohortRate,$A78)} -> 0.36729698 | O81: {=O79*INDEX(LoanCohortRate,$A78)} -> 0.34734446 | P81: {=P79*INDEX(LoanCohortRate,$A78)} -> 0.32706771 | Q81: {=Q79*INDEX(LoanCohortRate,$A78)} -> 0.30646146 | R81: {=R79*INDEX(LoanCohortRate,$A78)} -> 0.28552036 | S81: {=S79*INDEX(LoanCohortRate,$A78)} -> 0.26423897 | ... BK81: {=BK79*INDEX(LoanCohortRate,$A78)} -> 0
A82: Princ | L82: =L80-L81 -> 1.1888945 | M82: =M80-M81 -> 1.2082141 | N82: =N80-N81 -> 1.2278476 | O82: =O80-O81 -> 1.2478001 | P82: =P80-P81 -> 1.2680768 | Q82: =Q80-Q81 -> 1.2886831 | R82: =R80-R81 -> 1.3096242 | S82: =S80-S81 -> 1.3309056 | ... BK82: =BK80-BK81 -> 0
A83: Loans | L83: {=INDEX(LoanOriginations,$A78)} -> 104.0707 | M83: =L83*(1-MitigateDelinquency*MitigateChargeoff) * IF(M78=0,0,IF(M78-102=LoanSaleHeld,0.6,1)) -> 103.96663 | N83: =M83*(1-MitigateDelinquency*MitigateChargeoff) * IF(N78=0,0,IF(N78-102=LoanSaleHeld,0.6,1)) -> 103.86267 | O83: =N83*(1-MitigateDelinquency*MitigateChargeoff) * IF(O78=0,0,IF(O78-102=LoanSaleHeld,0.6,1)) -> 103.7588 | P83: =O83*(1-MitigateDelinquency*MitigateChargeoff) * IF(P78=0,0,IF(P78-102=LoanSaleHeld,0.6,1)) -> 62.193027 | Q83: =P83*(1-MitigateDelinquency*MitigateChargeoff) * IF(Q78=0,0,IF(Q78-102=LoanSaleHeld,0.6,1)) -> 62.130834 | R83: =Q83*(1-MitigateDelinquency*MitigateChargeoff) * IF(R78=0,0,IF(R78-102=LoanSaleHeld,0.6,1)) -> 62.068703 | S83: =R83*(1-MitigateDelinquency*MitigateChargeoff) * IF(S78=0,0,IF(S78-102=LoanSaleHeld,0.6,1)) -> 62.006635 | T83: =S83*(1-MitigateDelinquency*MitigateChargeoff) * IF(T78=0,0,IF(T78-102=LoanSaleHeld,0.6,1)) -> 61.944628 | ... BK83: =BJ83*(1-MitigateDelinquency*MitigateChargeoff) * IF(BK78=0,0,IF(BK78-102=LoanSaleHeld,0.6,1)) -> 0
A84: iCollect | L84: =L81*L83 -> 42.278724 | M84: =M81*M83 -> 40.227858 | N84: =N81*N83 -> 38.148444 | O84: =O81*O83 -> 36.040046 | P84: =P81*P83 -> 20.341331 | Q84: =Q81*Q83 -> 19.040706 | R84: =R81*R83 -> 17.721879 | S84: =S81*S83 -> 16.384569 | ... BK84: =BK81*BK83 -> 0
A85: pCollect | L85: =L82*L83 -> 123.72909 | M85: =M82*M83 -> 125.61395 | N85: =N82*N83 -> 127.52752 | O85: =O82*O83 -> 129.47024 | P85: =P82*P83 -> 78.865537 | Q85: =Q82*Q83 -> 80.066955 | R85: =R82*R83 -> 81.286675 | S85: =S82*S83 -> 82.524976 | ... BK85: =BK82*BK83 -> 0
A86: sAmort | L86: =IF(L78-101<>LoanSaleHeld,0,SUM($D85:L85)*LoanSalePercent) -> 0 | M86: =IF(M78-101<>LoanSaleHeld,0,SUM($D85:M85)*LoanSalePercent) -> 0 | N86: =IF(N78-101<>LoanSaleHeld,0,SUM($D85:N85)*LoanSalePercent) -> 0 | O86: =IF(O78-101<>LoanSaleHeld,0,SUM($D85:O85)*LoanSalePercent) -> 202.53632 | P86: =IF(P78-101<>LoanSaleHeld,0,SUM($D85:P85)*LoanSalePercent) -> 0 | Q86: =IF(Q78-101<>LoanSaleHeld,0,SUM($D85:Q85)*LoanSalePercent) -> 0 | R86: =IF(R78-101<>LoanSaleHeld,0,SUM($D85:R85)*LoanSalePercent) -> 0 | S86: =IF(S78-101<>LoanSaleHeld,0,SUM($D85:S85)*LoanSalePercent) -> 0 | ... BK86: =IF(BK78-101<>LoanSaleHeld,0,SUM($D85:BK85)*LoanSalePercent) -> 0
A87: =A78+1 -> 10 | M87: 101 | N87: =IF(N88=0,0,M87+1) -> 102 | O87: =IF(O88=0,0,N87+1) -> 103 | P87: =IF(P88=0,0,O87+1) -> 104 | Q87: =IF(Q88=0,0,P87+1) -> 105 | R87: =IF(R88=0,0,Q87+1) -> 106 | S87: =IF(S88=0,0,R87+1) -> 107 | T87: =IF(T88=0,0,S87+1) -> 108 | U87: =IF(U88=0,0,T87+1) -> 109 | ... BK87: =IF(BK88=0,0,BJ87+1) -> 0
A88: Bal | M88: =LoanSize -> 25 | N88: =IF(M88-M91<=0.1,0,M88-M91) -> 23.790272 | O88: =IF(N88-N91<=0.1,0,N88-N91) -> 22.561894 | P88: =IF(O88-O91<=0.1,0,O88-O91) -> 21.314579 | Q88: =IF(P88-P91<=0.1,0,P88-P91) -> 20.048034 | R88: =IF(Q88-Q91<=0.1,0,Q88-Q91) -> 18.761963 | S88: =IF(R88-R91<=0.1,0,R88-R91) -> 17.456066 | T88: =IF(S88-S91<=0.1,0,S88-S91) -> 16.130036 | U88: =IF(T88-T91<=0.1,0,T88-T91) -> 14.783562 | ... BK88: =IF(BJ88-BJ91<=0.1,0,BJ88-BJ91) -> 0
A89: Pmt | M89: =IF(M88=0,0,PMT(INDEX(LoanCohortRate,1),LoanTerm, -LoanSize)) -> 1.5951445 | N89: =IF(N88=0,0, M89) -> 1.5951445 | O89: =IF(O88=0,0, N89) -> 1.5951445 | P89: =IF(P88=0,0, O89) -> 1.5951445 | Q89: =IF(Q88=0,0, P89) -> 1.5951445 | R89: =IF(R88=0,0, Q89) -> 1.5951445 | S89: =IF(S88=0,0, R89) -> 1.5951445 | T89: =IF(T88=0,0, S89) -> 1.5951445 | U89: =IF(U88=0,0, T89) -> 1.5951445 | ... BK89: =IF(BK88=0,0, BJ89) -> 0
A90: Int | M90: {=M88*INDEX(LoanCohortRate,$A87)} -> 0.38541667 | N90: {=N88*INDEX(LoanCohortRate,$A87)} -> 0.3667667 | O90: {=O88*INDEX(LoanCohortRate,$A87)} -> 0.3478292 | P90: {=P88*INDEX(LoanCohortRate,$A87)} -> 0.32859976 | Q90: {=Q88*INDEX(LoanCohortRate,$A87)} -> 0.30907386 | R90: {=R88*INDEX(LoanCohortRate,$A87)} -> 0.28924694 | S90: {=S88*INDEX(LoanCohortRate,$A87)} -> 0.26911435 | T90: {=T88*INDEX(LoanCohortRate,$A87)} -> 0.24867138 | ... BK90: {=BK88*INDEX(LoanCohortRate,$A87)} -> 0
A91: Princ | M91: =M89-M90 -> 1.2097279 | N91: =N89-N90 -> 1.2283778 | O91: =O89-O90 -> 1.2473153 | P91: =P89-P90 -> 1.2665448 | Q91: =Q89-Q90 -> 1.2860707 | R91: =R89-R90 -> 1.3058976 | S91: =S89-S90 -> 1.3260302 | T91: =T89-T90 -> 1.3464732 | ... BK91: =BK89-BK90 -> 0
A92: Loans | M92: {=INDEX(LoanOriginations,$A87)} -> 104.59106 | N92: =M92*(1-MitigateDelinquency*MitigateChargeoff) * IF(N87=0,0,IF(N87-102=LoanSaleHeld,0.6,1)) -> 104.48647 | O92: =N92*(1-MitigateDelinquency*MitigateChargeoff) * IF(O87=0,0,IF(O87-102=LoanSaleHeld,0.6,1)) -> 104.38198 | P92: =O92*(1-MitigateDelinquency*MitigateChargeoff) * IF(P87=0,0,IF(P87-102=LoanSaleHeld,0.6,1)) -> 104.2776 | Q92: =P92*(1-MitigateDelinquency*MitigateChargeoff) * IF(Q87=0,0,IF(Q87-102=LoanSaleHeld,0.6,1)) -> 62.503992 | R92: =Q92*(1-MitigateDelinquency*MitigateChargeoff) * IF(R87=0,0,IF(R87-102=LoanSaleHeld,0.6,1)) -> 62.441488 | S92: =R92*(1-MitigateDelinquency*MitigateChargeoff) * IF(S87=0,0,IF(S87-102=LoanSaleHeld,0.6,1)) -> 62.379047 | T92: =S92*(1-MitigateDelinquency*MitigateChargeoff) * IF(T87=0,0,IF(T87-102=LoanSaleHeld,0.6,1)) -> 62.316668 | U92: =T92*(1-MitigateDelinquency*MitigateChargeoff) * IF(U87=0,0,IF(U87-102=LoanSaleHeld,0.6,1)) -> 62.254351 | ... BK92: =BJ92*(1-MitigateDelinquency*MitigateChargeoff) * IF(BK87=0,0,IF(BK87-102=LoanSaleHeld,0.6,1)) -> 0
A93: iCollect | M93: =M90*M92 -> 40.311137 | N93: =N90*N92 -> 38.322156 | O93: =O90*O92 -> 36.307101 | P93: =P90*P92 -> 34.265594 | Q93: =Q90*Q92 -> 19.31835 | R93: =R90*R92 -> 18.061009 | S93: =S90*S92 -> 16.787097 | T93: =T90*T92 -> 15.496372 | ... BK93: =BK90*BK92 -> 0
A94: pCollect | M94: =M91*M92 -> 126.52672 | N94: =N91*N92 -> 128.34886 | O94: =O91*O92 -> 130.19725 | P94: =P91*P92 -> 132.07225 | Q94: =Q91*Q92 -> 80.384552 | R94: =R91*R92 -> 81.54219 | S94: =S91*S92 -> 82.7165 | T94: =T91*T92 -> 83.907721 | ... BK94: =BK91*BK92 -> 0
A95: sAmort | M95: =IF(M87-101<>LoanSaleHeld,0,SUM($D94:M94)*LoanSalePercent) -> 0 | N95: =IF(N87-101<>LoanSaleHeld,0,SUM($D94:N94)*LoanSalePercent) -> 0 | O95: =IF(O87-101<>LoanSaleHeld,0,SUM($D94:O94)*LoanSalePercent) -> 0 | P95: =IF(P87-101<>LoanSaleHeld,0,SUM($D94:P94)*LoanSalePercent) -> 206.85803 | Q95: =IF(Q87-101<>LoanSaleHeld,0,SUM($D94:Q94)*LoanSalePercent) -> 0 | R95: =IF(R87-101<>LoanSaleHeld,0,SUM($D94:R94)*LoanSalePercent) -> 0 | S95: =IF(S87-101<>LoanSaleHeld,0,SUM($D94:S94)*LoanSalePercent) -> 0 | T95: =IF(T87-101<>LoanSaleHeld,0,SUM($D94:T94)*LoanSalePercent) -> 0 | ... BK95: =IF(BK87-101<>LoanSaleHeld,0,SUM($D94:BK94)*LoanSalePercent) -> 0
A96: =A87+1 -> 11 | N96: 101 | O96: =IF(O97=0,0,N96+1) -> 102 | P96: =IF(P97=0,0,O96+1) -> 103 | Q96: =IF(Q97=0,0,P96+1) -> 104 | R96: =IF(R97=0,0,Q96+1) -> 105 | S96: =IF(S97=0,0,R96+1) -> 106 | T96: =IF(T97=0,0,S96+1) -> 107 | U96: =IF(U97=0,0,T96+1) -> 108 | V96: =IF(V97=0,0,U96+1) -> 109 | ... BK96: =IF(BK97=0,0,BJ96+1) -> 0
A97: Bal | N97: =LoanSize -> 25 | O97: =IF(N97-N100<=0.1,0,N97-N100) -> 23.790272 | P97: =IF(O97-O100<=0.1,0,O97-O100) -> 22.561894 | Q97: =IF(P97-P100<=0.1,0,P97-P100) -> 21.314579 | R97: =IF(Q97-Q100<=0.1,0,Q97-Q100) -> 20.048034 | S97: =IF(R97-R100<=0.1,0,R97-R100) -> 18.761963 | T97: =IF(S97-S100<=0.1,0,S97-S100) -> 17.456066 | U97: =IF(T97-T100<=0.1,0,T97-T100) -> 16.130036 | V97: =IF(U97-U100<=0.1,0,U97-U100) -> 14.783562 | ... BK97: =IF(BJ97-BJ100<=0.1,0,BJ97-BJ100) -> 0
A98: Pmt | N98: =IF(N97=0,0,PMT(INDEX(LoanCohortRate,1),LoanTerm, -LoanSize)) -> 1.5951445 | O98: =IF(O97=0,0, N98) -> 1.5951445 | P98: =IF(P97=0,0, O98) -> 1.5951445 | Q98: =IF(Q97=0,0, P98) -> 1.5951445 | R98: =IF(R97=0,0, Q98) -> 1.5951445 | S98: =IF(S97=0,0, R98) -> 1.5951445 | T98: =IF(T97=0,0, S98) -> 1.5951445 | U98: =IF(U97=0,0, T98) -> 1.5951445 | V98: =IF(V97=0,0, U98) -> 1.5951445 | ... BK98: =IF(BK97=0,0, BJ98) -> 0
A99: Int | N99: {=N97*INDEX(LoanCohortRate,$A96)} -> 0.38541667 | O99: {=O97*INDEX(LoanCohortRate,$A96)} -> 0.3667667 | P99: {=P97*INDEX(LoanCohortRate,$A96)} -> 0.3478292 | Q99: {=Q97*INDEX(LoanCohortRate,$A96)} -> 0.32859976 | R99: {=R97*INDEX(LoanCohortRate,$A96)} -> 0.30907386 | S99: {=S97*INDEX(LoanCohortRate,$A96)} -> 0.28924694 | T99: {=T97*INDEX(LoanCohortRate,$A96)} -> 0.26911435 | U99: {=U97*INDEX(LoanCohortRate,$A96)} -> 0.24867138 | ... BK99: {=BK97*INDEX(LoanCohortRate,$A96)} -> 0
A100: Princ | N100: =N98-N99 -> 1.2097279 | O100: =O98-O99 -> 1.2283778 | P100: =P98-P99 -> 1.2473153 | Q100: =Q98-Q99 -> 1.2665448 | R100: =R98-R99 -> 1.2860707 | S100: =S98-S99 -> 1.3058976 | T100: =T98-T99 -> 1.3260302 | U100: =U98-U99 -> 1.3464732 | ... BK100: =BK98-BK99 -> 0
...

Sheet Credit
A1: info
B3: Credit Facility | E3: 1 | F3: 2 | G3: 3 | H3: 4 | I3: 5 | K3: 1 | L3: 2 | M3: 3 | N3: 4 | O3: 5 | P3: 6 | Q3: 7 | R3: 8 | S3: 9 | T3: 10 | U3: 11 | V3: 12 | W3: 13 | X3: 14 | Y3: 15 | Z3: 16 | AA3: 17 | AB3: 18 | AC3: 19 | AD3: 20 | AE3: 21 | AF3: 22 | AG3: 23 | AH3: 24 | AI3: 25 | AJ3: 26 | AK3: 27 | AL3: 28 | AM3: 29 | AN3: 30 | AO3: 31 | AP3: 32 | AQ3: 33 | AR3: 34 | AS3: 35 | AT3: 36 | AU3: 37 | AV3: 38 | AW3: 39 | AX3: 40 | AY3: 41 | AZ3: 42 | BA3: 43 | BB3: 44 | BC3: 45 | BD3: 46 | BE3: 47 | BF3: 48 | BG3: 49 | BH3: 50 | BI3: 51 | BJ3: 52 | BK3: 53 | BL3: 54 | BM3: 55 | BN3: 56 | BO3: 57 | BP3: 58 | BQ3: 59 | BR3: 60
B5: Starting Cash | E5: =SUM(K5:V5) -> 2460 | F5: =SUM(W5:AH5) -> 2400 | G5: =SUM(AI5:AT5) -> 2400 | H5: =SUM(AU5:BF5) -> 2400 | I5: =SUM(BG5:BR5) -> 2400 | K5: =CapitalPreferredStart+CapitalCommonStart+CapitalShortStart+CapitalLongStart -> 260 | L5: =K45 -> 200 | M5: =L45 -> 200 | N5: =M45 -> 200 | O5: =N45 -> 200 | P5: =O45 -> 200 | Q5: =P45 -> 200 | R5: =Q45 -> 200 | S5: =R45 -> 200 | ... BR5: =BQ45 -> 200
B6: Short-Term Debt | E6: =SUM(K6:V6) -> 50 | F6: =SUM(W6:AH6) -> 0 | G6: =SUM(AI6:AT6) -> 0 | H6: =SUM(AU6:BF6) -> 0 | I6: =SUM(BG6:BR6) -> 0 | K6: =IFERROR(VLOOKUP(K$3,CapitalDebtMonth:CapitalShort,2,FALSE),0) -> 0 | L6: =IFERROR(VLOOKUP(L$3,CapitalDebtMonth:CapitalShort,2,FALSE),0) -> 0 | M6: =IFERROR(VLOOKUP(M$3,CapitalDebtMonth:CapitalShort,2,FALSE),0) -> 0 | N6: =IFERROR(VLOOKUP(N$3,CapitalDebtMonth:CapitalShort,2,FALSE),0) -> 0 | O6: =IFERROR(VLOOKUP(O$3,CapitalDebtMonth:CapitalShort,2,FALSE),0) -> 0 | P6: =IFERROR(VLOOKUP(P$3,CapitalDebtMonth:CapitalShort,2,FALSE),0) -> 25 | Q6: =IFERROR(VLOOKUP(Q$3,CapitalDebtMonth:CapitalShort,2,FALSE),0) -> 0 | R6: =IFERROR(VLOOKUP(R$3,CapitalDebtMonth:CapitalShort,2,FALSE),0) -> 0 | ... BR6: =IFERROR(VLOOKUP(BR$3,CapitalDebtMonth:CapitalShort,2,FALSE),0) -> 0
B7: Long-Term Debt | E7: =SUM(K7:V7) -> 0 | F7: =SUM(W7:AH7) -> 0 | G7: =SUM(AI7:AT7) -> 0 | H7: =SUM(AU7:BF7) -> 0 | I7: =SUM(BG7:BR7) -> 0 | K7: =IFERROR(VLOOKUP(K$3,CapitalDebtMonth:CapitalLong,3,FALSE),0) -> 0 | L7: =IFERROR(VLOOKUP(L$3,CapitalDebtMonth:CapitalLong,3,FALSE),0) -> 0 | M7: =IFERROR(VLOOKUP(M$3,CapitalDebtMonth:CapitalLong,3,FALSE),0) -> 0 | N7: =IFERROR(VLOOKUP(N$3,CapitalDebtMonth:CapitalLong,3,FALSE),0) -> 0 | O7: =IFERROR(VLOOKUP(O$3,CapitalDebtMonth:CapitalLong,3,FALSE),0) -> 0 | P7: =IFERROR(VLOOKUP(P$3,CapitalDebtMonth:CapitalLong,3,FALSE),0) -> 0 | Q7: =IFERROR(VLOOKUP(Q$3,CapitalDebtMonth:CapitalLong,3,FALSE),0) -> 0 | R7: =IFERROR(VLOOKUP(R$3,CapitalDebtMonth:CapitalLong,3,FALSE),0) -> 0 | ... BR7: =IFERROR(VLOOKUP(BR$3,CapitalDebtMonth:CapitalLong,3,FALSE),0) -> 0
B8: New Debt | E8: =SUM(K8:V8) -> 50 | F8: =SUM(W8:AH8) -> 0 | G8: =SUM(AI8:AT8) -> 0 | H8: =SUM(AU8:BF8) -> 0 | I8: =SUM(BG8:BR8) -> 0 | K8: =SUM(K6:K7) -> 0 | L8: =SUM(L6:L7) -> 0 | M8: =SUM(M6:M7) -> 0 | N8: =SUM(N6:N7) -> 0 | O8: =SUM(O6:O7) -> 0 | P8: =SUM(P6:P7) -> 25 | Q8: =SUM(Q6:Q7) -> 0 | R8: =SUM(R6:R7) -> 0 | ... BR8: =SUM(BR6:BR7) -> 0
B9: Preferred Stock | E9: =SUM(K9:V9) -> 10 | F9: =SUM(W9:AH9) -> 0 | G9: =SUM(AI9:AT9) -> 0 | H9: =SUM(AU9:BF9) -> 0 | I9: =SUM(BG9:BR9) -> 0 | K9: =IFERROR(VLOOKUP(K$3,CapitalEquityMonth:CapitalPreferred,2,FALSE),0) -> 0 | L9: =IFERROR(VLOOKUP(L$3,CapitalEquityMonth:CapitalPreferred,2,FALSE),0) -> 0 | M9: =IFERROR(VLOOKUP(M$3,CapitalEquityMonth:CapitalPreferred,2,FALSE),0) -> 0 | N9: =IFERROR(VLOOKUP(N$3,CapitalEquityMonth:CapitalPreferred,2,FALSE),0) -> 0 | O9: =IFERROR(VLOOKUP(O$3,CapitalEquityMonth:CapitalPreferred,2,FALSE),0) -> 0 | P9: =IFERROR(VLOOKUP(P$3,CapitalEquityMonth:CapitalPreferred,2,FALSE),0) -> 10 | Q9: =IFERROR(VLOOKUP(Q$3,CapitalEquityMonth:CapitalPreferred,2,FALSE),0) -> 0 | R9: =IFERROR(VLOOKUP(R$3,CapitalEquityMonth:CapitalPreferred,2,FALSE),0) -> 0 | ... BR9: =IFERROR(VLOOKUP(BR$3,CapitalEquityMonth:CapitalPreferred,2,FALSE),0) -> 0
B10: Common Stock | E10: =SUM(K10:V10) -> 0 | F10: =SUM(W10:AH10) -> 0 | G10: =SUM(AI10:AT10) -> 0 | H10: =SUM(AU10:BF10) -> 0 | I10: =SUM(BG10:BR10) -> 0 | K10: =IFERROR(VLOOKUP(K$3,CapitalEquityMonth:CapitalCommon,3,FALSE),0) -> 0 | L10: =IFERROR(VLOOKUP(L$3,CapitalEquityMonth:CapitalCommon,3,FALSE),0) -> 0 | M10: =IFERROR(VLOOKUP(M$3,CapitalEquityMonth:CapitalCommon,3,FALSE),0) -> 0 | N10: =IFERROR(VLOOKUP(N$3,CapitalEquityMonth:CapitalCommon,3,FALSE),0) -> 0 | O10: =IFERROR(VLOOKUP(O$3,CapitalEquityMonth:CapitalCommon,3,FALSE),0) -> 0 | P10: =IFERROR(VLOOKUP(P$3,CapitalEquityMonth:CapitalCommon,3,FALSE),0) -> 0 | Q10: =IFERROR(VLOOKUP(Q$3,CapitalEquityMonth:CapitalCommon,3,FALSE),0) -> 0 | R10: =IFERROR(VLOOKUP(R$3,CapitalEquityMonth:CapitalCommon,3,FALSE),0) -> 0 | ... BR10: =IFERROR(VLOOKUP(BR$3,CapitalEquityMonth:CapitalCommon,3,FALSE),0) -> 0
B11: New Equity | E11: =SUM(K11:V11) -> 10 | F11: =SUM(W11:AH11) -> 0 | G11: =SUM(AI11:AT11) -> 0 | H11: =SUM(AU11:BF11) -> 0 | I11: =SUM(BG11:BR11) -> 0 | K11: =SUM(K9:K10) -> 0 | L11: =SUM(L9:L10) -> 0 | M11: =SUM(M9:M10) -> 0 | N11: =SUM(N9:N10) -> 0 | O11: =SUM(O9:O10) -> 0 | P11: =SUM(P9:P10) -> 10 | Q11: =SUM(Q9:Q10) -> 0 | R11: =SUM(R9:R10) -> 0 | ... BR11: =SUM(BR9:BR10) -> 0
B12: New Capital | E12: =SUM(K12:V12) -> 60 | F12: =SUM(W12:AH12) -> 0 | G12: =SUM(AI12:AT12) -> 0 | H12: =SUM(AU12:BF12) -> 0 | I12: =SUM(BG12:BR12) -> 0 | K12: =SUM(K11,K8) -> 0 | L12: =SUM(L11,L8) -> 0 | M12: =SUM(M11,M8) -> 0 | N12: =SUM(N11,N8) -> 0 | O12: =SUM(O11,O8) -> 0 | P12: =SUM(P11,P8) -> 35 | Q12: =SUM(Q11,Q8) -> 0 | R12: =SUM(R11,R8) -> 0 | ... BR12: =SUM(BR11,BR8) -> 0
B13: Originations | E13: =SUM(K13:V13) -> -30838.906 | F13: =SUM(W13:AH13) -> -32740.982 | G13: =SUM(AI13:AT13) -> -34760.374 | H13: =SUM(AU13:BF13) -> -36904.318 | I13: =SUM(BG13:BR13) -> -39180.496 | K13: =-Loans!K19 -> -2500 | L13: =-Loans!L19 -> -2512.5 | M13: =-Loans!M19 -> -2525.0625 | N13: =-Loans!N19 -> -2537.6878 | O13: =-Loans!O19 -> -2550.3763 | P13: =-Loans!P19 -> -2563.1281 | Q13: =-Loans!Q19 -> -2575.9438 | R13: =-Loans!R19 -> -2588.8235 | ... BR13: =-Loans!BR19 -> -3355.3486
B14: Principal Collected | E14: =SUM(K14:V14) -> 8119.1557 | F14: =SUM(W14:AH14) -> 20188.5 | G14: =SUM(AI14:AT14) -> 23884.541 | H14: =SUM(AU14:BF14) -> 24788.921 | I14: =SUM(BG14:BR14) -> 26609.46 | K14: =Loans!K22 -> 122.01445 | L14: =Loans!L22 -> 243.20473 | M14: =Loans!M22 -> 366.83647 | N14: =Loans!N22 -> 492.94984 | O14: =Loans!O22 -> 569.99182 | P14: =Loans!P22 -> 649.69676 | Q14: =Loans!Q22 -> 730.97015 | R14: =Loans!R22 -> 813.83764 | ... BR14: =Loans!BR22 -> 2278.7872
B15: Sales Proceeds | E15: =SUM(K15:V15) -> 7362.8847 | F15: =SUM(W15:AH15) -> 10311.518 | G15: =SUM(AI15:AT15) -> 10882.87 | H15: =SUM(AU15:BF15) -> 11622.728 | I15: =SUM(BG15:BR15) -> 12339.593 | K15: =Loans!K15 -> 0 | L15: =Loans!L15 -> 0 | M15: =Loans!M15 -> 0 | N15: =Loans!N15 -> 797.64626 | O15: =Loans!O15 -> 806.40079 | P15: =Loans!P15 -> 810.43279 | Q15: =Loans!Q15 -> 814.48495 | R15: =Loans!R15 -> 818.55738 | ... BR15: =Loans!BR15 -> 1056.741
B16: Sales Premium | K16: =Loans!K16 -> 0 | L16: =Loans!L16 -> 0 | M16: =Loans!M16 -> 0 | N16: =Loans!N16 -> 19.941157 | O16: =Loans!O16 -> 20.16002 | P16: =Loans!P16 -> 20.26082 | Q16: =Loans!Q16 -> 20.362124 | R16: =Loans!R16 -> 20.463934 | ... BR16: =Loans!BR16 -> 26.418525
B17: Interest Collected | E17: =SUM(K17:V17) -> 2198.5169 | F17: =SUM(W17:AH17) -> 3656.916 | G17: =SUM(AI17:AT17) -> 3603.0023 | H17: =SUM(AU17:BF17) -> 4074.2232 | I17: =SUM(BG17:BR17) -> 4373.3931 | K17: =Loans!K11 -> 37.5 | L17: =Loans!L11 -> 76.462238 | M17: =Loans!M11 -> 113.62441 | N17: =Loans!N11 -> 148.94974 | O17: =Loans!O11 -> 170.44367 | P17: =Loans!P11 -> 189.67199 | Q17: =Loans!Q11 -> 207.7313 | R17: =Loans!R11 -> 224.59803 | ... BR17: =Loans!BR11 -> 374.52968
B18: Interest- Credit Facility | E18: =SUM(K18:V18) -> -581.20023 | F18: =SUM(W18:AH18) -> -1061.7389 | G18: =SUM(AI18:AT18) -> -1055.4986 | H18: =SUM(AU18:BF18) -> -1020.5569 | I18: =SUM(BG18:BR18) -> -981.52052 | L18: =K46*-RateCredit/12 -> -12.773245 | M18: =L46*-RateCredit/12 -> -25.003487 | N18: =M46*-RateCredit/12 -> -36.570872 | O18: =N46*-RateCredit/12 -> -44.481841 | P18: =O46*-RateCredit/12 -> -50.596178 | Q18: =P46*-RateCredit/12 -> -56.889701 | R18: =Q46*-RateCredit/12 -> -62.152485 | S18: =R46*-RateCredit/12 -> -67.211217 | ... BR18: =BQ46*-RateCredit/12 -> -79.594128
B19: Lending | E19: =SUM(K19:V19) -> -13555.477 | F19: =SUM(W19:AH19) -> 612.00076 | G19: =SUM(AI19:AT19) -> 2826.6114 | H19: =SUM(AU19:BF19) -> 2851.5661 | I19: =SUM(BG19:BR19) -> 3468.9191 | K19: =SUM(K13:K18) -> -2340.4855 | L19: =SUM(L13:L18) -> -2205.6063 | M19: =SUM(M13:M18) -> -2069.6051 | N19: =SUM(N13:N18) -> -1114.7717 | O19: =SUM(O13:O18) -> -1027.8618 | P19: =SUM(P13:P18) -> -943.66195 | Q19: =SUM(Q13:Q18) -> -859.28495 | R19: =SUM(R13:R18) -> -773.51899 | ... BR19: =SUM(BR13:BR18) -> 301.53368
B20: Application fee | E20: =SUM(K20:V20) -> 185.03344 | F20: =SUM(W20:AH20) -> 196.44589 | G20: =SUM(AI20:AT20) -> 208.56225 | H20: =SUM(AU20:BF20) -> 221.42591 | I20: =SUM(BG20:BR20) -> 235.08297 | K20: =Income!K5 -> 15 | L20: =Income!L5 -> 15.075 | M20: =Income!M5 -> 15.150375 | N20: =Income!N5 -> 15.226127 | O20: =Income!O5 -> 15.302258 | P20: =Income!P5 -> 15.378769 | Q20: =Income!Q5 -> 15.455663 | R20: =Income!R5 -> 15.532941 | ... BR20: =Income!BR5 -> 20.132092
B21: Origination fee | E21: =SUM(K21:V21) -> 339.22797 | F21: =SUM(W21:AH21) -> 360.1508 | G21: =SUM(AI21:AT21) -> 382.36412 | H21: =SUM(AU21:BF21) -> 405.9475 | I21: =SUM(BG21:BR21) -> 430.98545 | K21: =Income!K6 -> 27.5 | L21: =Income!L6 -> 27.6375 | M21: =Income!M6 -> 27.775687 | N21: =Income!N6 -> 27.914566 | O21: =Income!O6 -> 28.054139 | P21: =Income!P6 -> 28.194409 | Q21: =Income!Q6 -> 28.335382 | R21: =Income!R6 -> 28.477058 | ... BR21: =Income!BR6 -> 36.908835
B22: Service fee | E22: =SUM(K22:V22) -> 202.79706 | F22: =SUM(W22:AH22) -> 338.27494 | G22: =SUM(AI22:AT22) -> 341.61183 | H22: =SUM(AU22:BF22) -> 341.77967 | I22: =SUM(BG22:BR22) -> 344.4399 | K22: =Income!K7 -> 3.9591426 | L22: =Income!L7 -> 7.7331547 | M22: =Income!M7 -> 11.318257 | N22: =Income!N7 -> 13.381195 | O22: =Income!O7 -> 15.320203 | P22: =Income!P7 -> 17.138941 | Q22: =Income!Q7 -> 18.83499 | R22: =Income!R7 -> 20.405888 | ... BR22: =Income!BR7 -> 28.693925
B23: Delinquency fee | E23: =SUM(K23:V23) -> 42.587383 | F23: =SUM(W23:AH23) -> 71.037737 | G23: =SUM(AI23:AT23) -> 71.738484 | H23: =SUM(AU23:BF23) -> 71.77373 | I23: =SUM(BG23:BR23) -> 72.332379 | K23: =Income!K8 -> 0.83141994 | L23: =Income!L8 -> 1.6239625 | M23: =Income!M8 -> 2.3768339 | N23: =Income!N8 -> 2.8100509 | O23: =Income!O8 -> 3.2172425 | P23: =Income!P8 -> 3.5991777 | Q23: =Income!Q8 -> 3.955348 | R23: =Income!R8 -> 4.2852365 | ... BR23: =Income!BR8 -> 6.0257242
B24: Fees Collected | E24: =SUM(K24:V24) -> 769.64584 | F24: =SUM(W24:AH24) -> 965.90937 | G24: =SUM(AI24:AT24) -> 1004.2767 | H24: =SUM(AU24:BF24) -> 1040.9268 | I24: =SUM(BG24:BR24) -> 1082.8407 | K24: =SUM(K20:K23) -> 47.290563 | L24: =SUM(L20:L23) -> 52.069617 | M24: =SUM(M20:M23) -> 56.621153 | N24: =SUM(N20:N23) -> 59.331939 | O24: =SUM(O20:O23) -> 61.893841 | P24: =SUM(P20:P23) -> 64.311297 | Q24: =SUM(Q20:Q23) -> 66.581382 | R24: =SUM(R20:R23) -> 68.701124 | ... BR24: =SUM(BR20:BR23) -> 91.760576
B25: Salvage proceeds | E25: =SUM(K25:V25) -> 18 | F25: =SUM(W25:AH25) -> 175 | G25: =SUM(AI25:AT25) -> 0 | H25: =SUM(AU25:BF25) -> 5 | I25: =SUM(BG25:BR25) -> 15 | K25: =CapEx!K41 -> 0 | L25: =CapEx!L41 -> 0 | M25: =CapEx!M41 -> 0 | N25: =CapEx!N41 -> 0 | O25: =CapEx!O41 -> 0 | P25: =CapEx!P41 -> 0 | Q25: =CapEx!Q41 -> 0 | R25: =CapEx!R41 -> 0 | ... BR25: =CapEx!BR41 -> 0
B26: Total Collections | E26: =SUM(K26:V26) -> -12707.831 | F26: =SUM(W26:AH26) -> 1752.9101 | G26: =SUM(AI26:AT26) -> 3830.8881 | H26: =SUM(AU26:BF26) -> 3897.4929 | I26: =SUM(BG26:BR26) -> 4566.7598 | K26: =SUM(K12,K19,K24,K25) -> -2293.195 | L26: =SUM(L12,L19,L24,L25) -> -2153.5367 | M26: =SUM(M12,M19,M24,M25) -> -2012.9839 | N26: =SUM(N12,N19,N24,N25) -> -1055.4397 | O26: =SUM(O12,O19,O24,O25) -> -965.96796 | P26: =SUM(P12,P19,P24,P25) -> -844.35065 | Q26: =SUM(Q12,Q19,Q24,Q25) -> -792.70356 | R26: =SUM(R12,R19,R24,R25) -> -704.81786 | ... BR26: =SUM(BR12,BR19,BR24,BR25) -> 393.29426
B27: Referral fee | E27: =SUM(K27:V27) -> 154.19453 | F27: =SUM(W27:AH27) -> 163.70491 | G27: =SUM(AI27:AT27) -> 173.80187 | H27: =SUM(AU27:BF27) -> 184.52159 | I27: =SUM(BG27:BR27) -> 195.90248 | K27: =Income!K16 -> 12.5 | L27: =Income!L16 -> 12.5625 | M27: =Income!M16 -> 12.625312 | N27: =Income!N16 -> 12.688439 | O27: =Income!O16 -> 12.751881 | P27: =Income!P16 -> 12.815641 | Q27: =Income!Q16 -> 12.879719 | R27: =Income!R16 -> 12.944117 | ... BR27: =Income!BR16 -> 16.776743
B28: Commissions | E28: =SUM(K28:V28) -> 308.38906 | F28: =SUM(W28:AH28) -> 327.40982 | G28: =SUM(AI28:AT28) -> 347.60374 | H28: =SUM(AU28:BF28) -> 369.04318 | I28: =SUM(BG28:BR28) -> 391.80496 | K28: =Income!K17 -> 25 | L28: =Income!L17 -> 25.125 | M28: =Income!M17 -> 25.250625 | N28: =Income!N17 -> 25.376878 | O28: =Income!O17 -> 25.503763 | P28: =Income!P17 -> 25.631281 | Q28: =Income!Q17 -> 25.759438 | R28: =Income!R17 -> 25.888235 | ... BR28: =Income!BR17 -> 33.553486
B29: Processing fee | E29: =SUM(K29:V29) -> 123.35562 | F29: =SUM(W29:AH29) -> 130.96393 | G29: =SUM(AI29:AT29) -> 139.0415 | H29: =SUM(AU29:BF29) -> 147.61727 | I29: =SUM(BG29:BR29) -> 156.72198 | K29: =Income!K18 -> 10 | L29: =Income!L18 -> 10.05 | M29: =Income!M18 -> 10.10025 | N29: =Income!N18 -> 10.150751 | O29: =Income!O18 -> 10.201505 | P29: =Income!P18 -> 10.252513 | Q29: =Income!Q18 -> 10.303775 | R29: =Income!R18 -> 10.355294 | ... BR29: =Income!BR18 -> 13.421395
B31: Cost of Sales | E31: =SUM(K31:V31) -> 585.93921 | F31: =SUM(W31:AH31) -> 622.07866 | G31: =SUM(AI31:AT31) -> 660.44711 | H31: =SUM(AU31:BF31) -> 701.18204 | I31: =SUM(BG31:BR31) -> 744.42942 | K31: =SUM(K27:K29) -> 47.5 | L31: =SUM(L27:L29) -> 47.7375 | M31: =SUM(M27:M29) -> 47.976187 | N31: =SUM(N27:N29) -> 48.216068 | O31: =SUM(O27:O29) -> 48.457149 | P31: =SUM(P27:P29) -> 48.699435 | Q31: =SUM(Q27:Q29) -> 48.942932 | R31: =SUM(R27:R29) -> 49.187646 | ... BR31: =SUM(BR27:BR29) -> 63.751624
B32: Operating Expenses | E32: =SUM(K32:V32) -> 1681.9912 | F32: =SUM(W32:AH32) -> 2174.77 | G32: =SUM(AI32:AT32) -> 2302.0506 | H32: =SUM(AU32:BF32) -> 2338.1426 | I32: =SUM(BG32:BR32) -> 2374.8025 | K32: =Income!K21+Income!K22 -> 120.42667 | L32: =Income!L21+Income!L22 -> 129.78588 | M32: =Income!M21+Income!M22 -> 137.93014 | N32: =Income!N21+Income!N22 -> 138.11126 | O32: =Income!O21+Income!O22 -> 138.29261 | P32: =Income!P21+Income!P22 -> 138.47421 | Q32: =Income!Q21+Income!Q22 -> 146.01605 | R32: =Income!R21+Income!R22 -> 146.20732 | ... BR32: =Income!BR21+Income!BR22 -> 199.31443
B33: Capital Expenditures | E33: =SUM(K33:V33) -> 440 | F33: =SUM(W33:AH33) -> 10 | G33: =SUM(AI33:AT33) -> 0 | H33: =SUM(AU33:BF33) -> 0 | I33: =SUM(BG33:BR33) -> 0 | K33: =CapEx!K11 -> 40 | L33: =CapEx!L11 -> 0 | M33: =CapEx!M11 -> 0 | N33: =CapEx!N11 -> 250 | O33: =CapEx!O11 -> 0 | P33: =CapEx!P11 -> 100 | Q33: =CapEx!Q11 -> 0 | R33: =CapEx!R11 -> 50 | ... BR33: =CapEx!BR11 -> 0
B34: Interest- S/T debt | E34: =SUM(K34:V34) -> 1.975 | F34: =SUM(W34:AH34) -> 3.6 | G34: =SUM(AI34:AT34) -> 3.6 | H34: =SUM(AU34:BF34) -> 3.6 | I34: =SUM(BG34:BR34) -> 3.6 | K34: =Income!K27 -> 0.05 | L34: =Income!L27 -> 0.05 | M34: =Income!M27 -> 0.05 | N34: =Income!N27 -> 0.05 | O34: =Income!O27 -> 0.05 | P34: =Income!P27 -> 0.175 | Q34: =Income!Q27 -> 0.175 | R34: =Income!R27 -> 0.175 | ... BR34: =Income!BR27 -> 0.3
B35: Interest- L/T debt | E35: =SUM(K35:V35) -> 7 | F35: =SUM(W35:AH35) -> 7 | G35: =SUM(AI35:AT35) -> 7 | H35: =SUM(AU35:BF35) -> 7 | I35: =SUM(BG35:BR35) -> 7 | K35: =Income!K28 -> 0.58333333 | L35: =Income!L28 -> 0.58333333 | M35: =Income!M28 -> 0.58333333 | N35: =Income!N28 -> 0.58333333 | O35: =Income!O28 -> 0.58333333 | P35: =Income!P28 -> 0.58333333 | Q35: =Income!Q28 -> 0.58333333 | R35: =Income!R28 -> 0.58333333 | ... BR35: =Income!BR28 -> 0.58333333
B36: Taxes | E36: =SUM(K36:V36) -> -343.79203 | F36: =SUM(W36:AH36) -> 270.27887 | G36: =SUM(AI36:AT36) -> 249.2522 | H36: =SUM(AU36:BF36) -> 434.38725 | I36: =SUM(BG36:BR36) -> 569.29321 | K36: =Income!K29 -> -83.617486 | L36: =Income!L29 -> -73.802581 | M36: =Income!M29 -> -64.006236 | N36: =Income!N29 -> -31.9139 | O36: =Income!O29 -> -24.550393 | P36: =Income!P29 -> -20.401432 | Q36: =Income!Q29 -> -16.83004 | R36: =Income!R29 -> -17.051291 | ... BR36: =Income!BR29 -> 51.452163
B37: Interest & taxes | K37: =SUM(K34:K36) -> -82.984153 | L37: =SUM(L34:L36) -> -73.169248 | M37: =SUM(M34:M36) -> -63.372902 | N37: =SUM(N34:N36) -> -31.280566 | O37: =SUM(O34:O36) -> -23.91706 | P37: =SUM(P34:P36) -> -19.643099 | Q37: =SUM(Q34:Q36) -> -16.071707 | R37: =SUM(R34:R36) -> -16.292957 | ... BR37: =SUM(BR34:BR36) -> 52.335496
B38: Dividends | E38: =SUM(K38:V38) -> 50 | F38: =SUM(W38:AH38) -> 100 | G38: =SUM(AI38:AT38) -> 0 | H38: =SUM(AU38:BF38) -> 0 | I38: =SUM(BG38:BR38) -> 0 | K38: =Income!K32 -> 0 | L38: =Income!L32 -> 0 | M38: =Income!M32 -> 0 | N38: =Income!N32 -> 0 | O38: =Income!O32 -> 0 | P38: =Income!P32 -> 50 | Q38: =Income!Q32 -> 0 | R38: =Income!R32 -> 0 | ... BR38: =Income!BR32 -> 0
B39: Total Disbursements | E39: =SUM(K39:V39) -> 2423.1134 | F39: =SUM(W39:AH39) -> 3187.7275 | G39: =SUM(AI39:AT39) -> 3222.3499 | H39: =SUM(AU39:BF39) -> 3484.3119 | I39: =SUM(BG39:BR39) -> 3699.1252 | K39: =SUM(K31,K32,K33,K37,K38) -> 124.94251 | L39: =SUM(L31,L32,L33,L37,L38) -> 104.35413 | M39: =SUM(M31,M32,M33,M37,M38) -> 122.53342 | N39: =SUM(N31,N32,N33,N37,N38) -> 405.04676 | O39: =SUM(O31,O32,O33,O37,O38) -> 162.8327 | P39: =SUM(P31,P32,P33,P37,P38) -> 317.53055 | Q39: =SUM(Q31,Q32,Q33,Q37,Q38) -> 178.88727 | R39: =SUM(R31,R32,R33,R37,R38) -> 229.10201 | ... BR39: =SUM(BR31,BR32,BR33,BR37,BR38) -> 315.40155
B41: Cash In/out | E41: =SUM(K41:V41) -> -15130.944 | F41: =SUM(W41:AH41) -> -1434.8174 | G41: =SUM(AI41:AT41) -> 608.53818 | H41: =SUM(AU41:BF41) -> 413.181 | I41: =SUM(BG41:BR41) -> 867.63463 | K41: =K26-K39 -> -2418.1375 | L41: =L26-L39 -> -2257.8908 | M41: =M26-M39 -> -2135.5174 | N41: =N26-N39 -> -1460.4865 | O41: =O26-O39 -> -1128.8007 | P41: =P26-P39 -> -1161.8812 | Q41: =Q26-Q39 -> -971.59083 | R41: =R26-R39 -> -933.91987 | ... BR41: =BR26-BR39 -> 77.892703
B43: Unadjusted Cash | E43: =V43 -> -325.37692 | F43: =AH43 -> 240.89767 | G43: =AT43 -> 257.19397 | H43: =BF43 -> 264.299 | I43: =BR43 -> 277.8927 | K43: =K41+K5 -> -2158.1375 | L43: =L41+L5 -> -2057.8908 | M43: =M41+M5 -> -1935.5174 | N43: =N41+N5 -> -1260.4865 | O43: =O41+O5 -> -928.80066 | P43: =P41+P5 -> -961.8812 | Q43: =Q41+Q5 -> -771.59083 | R43: =R41+R5 -> -733.91987 | ... BR43: =BR41+BR5 -> 277.8927
B44: Credit Fac Borrow/repay | E44: =SUM(K44:V44) -> 15070.944 | F44: =SUM(W44:AH44) -> 1434.8174 | G44: =SUM(AI44:AT44) -> -608.53818 | H44: =SUM(AU44:BF44) -> -413.181 | I44: =SUM(BG44:BR44) -> -867.63463 | K44: =IF(K43 < OtherMinCash, OtherMinCash - K43, IF(J46 > 0, -MIN(K43 - OtherMinCash, J46), 0)) -> 2358.1375 | L44: =IF(L43 < OtherMinCash, OtherMinCash - L43, IF(K46 > 0, -MIN(L43 - OtherMinCash, K46), 0)) -> 2257.8908 | M44: =IF(M43 < OtherMinCash, OtherMinCash - M43, IF(L46 > 0, -MIN(M43 - OtherMinCash, L46), 0)) -> 2135.5174 | N44: =IF(N43 < OtherMinCash, OtherMinCash - N43, IF(M46 > 0, -MIN(N43 - OtherMinCash, M46), 0)) -> 1460.4865 | O44: =IF(O43 < OtherMinCash, OtherMinCash - O43, IF(N46 > 0, -MIN(O43 - OtherMinCash, N46), 0)) -> 1128.8007 | P44: =IF(P43 < OtherMinCash, OtherMinCash - P43, IF(O46 > 0, -MIN(P43 - OtherMinCash, O46), 0)) -> 1161.8812 | Q44: =IF(Q43 < OtherMinCash, OtherMinCash - Q43, IF(P46 > 0, -MIN(Q43 - OtherMinCash, P46), 0)) -> 971.59083 | R44: =IF(R43 < OtherMinCash, OtherMinCash - R43, IF(Q46 > 0, -MIN(R43 - OtherMinCash, Q46), 0)) -> 933.91987 | ... BR44: =IF(BR43 < OtherMinCash, OtherMinCash - BR43, IF(BQ46 > 0, -MIN(BR43 - OtherMinCash, BQ46), 0)) -> -77.892703
B45: Ending Cash | E45: =V45 -> 200 | F45: =AH45 -> 200 | G45: =AT45 -> 200 | H45: =BF45 -> 200 | I45: =BR45 -> 200 | K45: =SUM(K43:K44) -> 200 | L45: =SUM(L43:L44) -> 200 | M45: =SUM(M43:M44) -> 200 | N45: =SUM(N43:N44) -> 200 | O45: =SUM(O43:O44) -> 200 | P45: =SUM(P43:P44) -> 200 | Q45: =SUM(Q43:Q44) -> 200 | R45: =SUM(R43:R44) -> 200 | ... BR45: =SUM(BR43:BR44) -> 200
B46: Credit Facility Balance | E46: =V46 -> 15070.944 | F46: =AH46 -> 16505.762 | G46: =AT46 -> 15897.223 | H46: =BF46 -> 15484.042 | I46: =BR46 -> 14616.408 | K46: =K44 -> 2358.1375 | L46: =K46+L44 -> 4616.0283 | M46: =L46+M44 -> 6751.5457 | N46: =M46+N44 -> 8212.0322 | O46: =N46+O44 -> 9340.8328 | P46: =O46+P44 -> 10502.714 | Q46: =P46+Q44 -> 11474.305 | R46: =Q46+R44 -> 12408.225 | S46: =R46+S44 -> 13185.399 | ... BR46: =BQ46+BR44 -> 14616.408

Sheet CapEx
A1: info
B3: Capital Expense | E3: 1 | F3: 2 | G3: 3 | H3: 4 | I3: 5 | K3: 1 | L3: 2 | M3: 3 | N3: 4 | O3: 5 | P3: 6 | Q3: 7 | R3: 8 | S3: 9 | T3: 10 | U3: 11 | V3: 12 | W3: 13 | X3: 14 | Y3: 15 | Z3: 16 | AA3: 17 | AB3: 18 | AC3: 19 | AD3: 20 | AE3: 21 | AF3: 22 | AG3: 23 | AH3: 24 | AI3: 25 | AJ3: 26 | AK3: 27 | AL3: 28 | AM3: 29 | AN3: 30 | AO3: 31 | AP3: 32 | AQ3: 33 | AR3: 34 | AS3: 35 | AT3: 36 | AU3: 37 | AV3: 38 | AW3: 39 | AX3: 40 | AY3: 41 | AZ3: 42 | BA3: 43 | BB3: 44 | BC3: 45 | BD3: 46 | BE3: 47 | BF3: 48 | BG3: 49 | BH3: 50 | BI3: 51 | BJ3: 52 | BK3: 53 | BL3: 54 | BM3: 55 | BN3: 56 | BO3: 57 | BP3: 58 | BQ3: 59 | BR3: 60
B5: Facility | E5: =SUM(K5:V5) -> 250 | F5: =SUM(W5:AH5) -> 0 | G5: =SUM(AI5:AT5) -> 0 | H5: =SUM(AU5:BF5) -> 0 | I5: =SUM(BG5:BR5) -> 0 | K5: {=SUMPRODUCT(($B5=CapexCategory)*(K$3=CapexMonth)*CapexAmount)} -> 0 | L5: {=SUMPRODUCT(($B5=CapexCategory)*(L$3=CapexMonth)*CapexAmount)} -> 0 | M5: {=SUMPRODUCT(($B5=CapexCategory)*(M$3=CapexMonth)*CapexAmount)} -> 0 | N5: {=SUMPRODUCT(($B5=CapexCategory)*(N$3=CapexMonth)*CapexAmount)} -> 250 | O5: {=SUMPRODUCT(($B5=CapexCategory)*(O$3=CapexMonth)*CapexAmount)} -> 0 | P5: {=SUMPRODUCT(($B5=CapexCategory)*(P$3=CapexMonth)*CapexAmount)} -> 0 | Q5: {=SUMPRODUCT(($B5=CapexCategory)*(Q$3=CapexMonth)*CapexAmount)} -> 0 | R5: {=SUMPRODUCT(($B5=CapexCategory)*(R$3=CapexMonth)*CapexAmount)} -> 0 | ... BR5: {=SUMPRODUCT(($B5=CapexCategory)*(BR$3=CapexMonth)*CapexAmount)} -> 0
B6: Equip | E6: =SUM(K6:V6) -> 40 | F6: =SUM(W6:AH6) -> 0 | G6: =SUM(AI6:AT6) -> 0 | H6: =SUM(AU6:BF6) -> 0 | I6: =SUM(BG6:BR6) -> 0 | K6: {=SUMPRODUCT(($B6=CapexCategory)*(K$3=CapexMonth)*CapexAmount)} -> 40 | L6: {=SUMPRODUCT(($B6=CapexCategory)*(L$3=CapexMonth)*CapexAmount)} -> 0 | M6: {=SUMPRODUCT(($B6=CapexCategory)*(M$3=CapexMonth)*CapexAmount)} -> 0 | N6: {=SUMPRODUCT(($B6=CapexCategory)*(N$3=CapexMonth)*CapexAmount)} -> 0 | O6: {=SUMPRODUCT(($B6=CapexCategory)*(O$3=CapexMonth)*CapexAmount)} -> 0 | P6: {=SUMPRODUCT(($B6=CapexCategory)*(P$3=CapexMonth)*CapexAmount)} -> 0 | Q6: {=SUMPRODUCT(($B6=CapexCategory)*(Q$3=CapexMonth)*CapexAmount)} -> 0 | R6: {=SUMPRODUCT(($B6=CapexCategory)*(R$3=CapexMonth)*CapexAmount)} -> 0 | ... BR6: {=SUMPRODUCT(($B6=CapexCategory)*(BR$3=CapexMonth)*CapexAmount)} -> 0
B7: Fixture | E7: =SUM(K7:V7) -> 50 | F7: =SUM(W7:AH7) -> 0 | G7: =SUM(AI7:AT7) -> 0 | H7: =SUM(AU7:BF7) -> 0 | I7: =SUM(BG7:BR7) -> 0 | K7: {=SUMPRODUCT(($B7=CapexCategory)*(K$3=CapexMonth)*CapexAmount)} -> 0 | L7: {=SUMPRODUCT(($B7=CapexCategory)*(L$3=CapexMonth)*CapexAmount)} -> 0 | M7: {=SUMPRODUCT(($B7=CapexCategory)*(M$3=CapexMonth)*CapexAmount)} -> 0 | N7: {=SUMPRODUCT(($B7=CapexCategory)*(N$3=CapexMonth)*CapexAmount)} -> 0 | O7: {=SUMPRODUCT(($B7=CapexCategory)*(O$3=CapexMonth)*CapexAmount)} -> 0 | P7: {=SUMPRODUCT(($B7=CapexCategory)*(P$3=CapexMonth)*CapexAmount)} -> 0 | Q7: {=SUMPRODUCT(($B7=CapexCategory)*(Q$3=CapexMonth)*CapexAmount)} -> 0 | R7: {=SUMPRODUCT(($B7=CapexCategory)*(R$3=CapexMonth)*CapexAmount)} -> 50 | ... BR7: {=SUMPRODUCT(($B7=CapexCategory)*(BR$3=CapexMonth)*CapexAmount)} -> 0
B8: Intang | E8: =SUM(K8:V8) -> 100 | F8: =SUM(W8:AH8) -> 0 | G8: =SUM(AI8:AT8) -> 0 | H8: =SUM(AU8:BF8) -> 0 | I8: =SUM(BG8:BR8) -> 0 | K8: {=SUMPRODUCT(($B8=CapexCategory)*(K$3=CapexMonth)*CapexAmount)} -> 0 | L8: {=SUMPRODUCT(($B8=CapexCategory)*(L$3=CapexMonth)*CapexAmount)} -> 0 | M8: {=SUMPRODUCT(($B8=CapexCategory)*(M$3=CapexMonth)*CapexAmount)} -> 0 | N8: {=SUMPRODUCT(($B8=CapexCategory)*(N$3=CapexMonth)*CapexAmount)} -> 0 | O8: {=SUMPRODUCT(($B8=CapexCategory)*(O$3=CapexMonth)*CapexAmount)} -> 0 | P8: {=SUMPRODUCT(($B8=CapexCategory)*(P$3=CapexMonth)*CapexAmount)} -> 100 | Q8: {=SUMPRODUCT(($B8=CapexCategory)*(Q$3=CapexMonth)*CapexAmount)} -> 0 | R8: {=SUMPRODUCT(($B8=CapexCategory)*(R$3=CapexMonth)*CapexAmount)} -> 0 | ... BR8: {=SUMPRODUCT(($B8=CapexCategory)*(BR$3=CapexMonth)*CapexAmount)} -> 0
B9: Land | E9: =SUM(K9:V9) -> 0 | F9: =SUM(W9:AH9) -> 0 | G9: =SUM(AI9:AT9) -> 0 | H9: =SUM(AU9:BF9) -> 0 | I9: =SUM(BG9:BR9) -> 0 | K9: {=SUMPRODUCT(($B9=CapexCategory)*(K$3=CapexMonth)*CapexAmount)} -> 0 | L9: {=SUMPRODUCT(($B9=CapexCategory)*(L$3=CapexMonth)*CapexAmount)} -> 0 | M9: {=SUMPRODUCT(($B9=CapexCategory)*(M$3=CapexMonth)*CapexAmount)} -> 0 | N9: {=SUMPRODUCT(($B9=CapexCategory)*(N$3=CapexMonth)*CapexAmount)} -> 0 | O9: {=SUMPRODUCT(($B9=CapexCategory)*(O$3=CapexMonth)*CapexAmount)} -> 0 | P9: {=SUMPRODUCT(($B9=CapexCategory)*(P$3=CapexMonth)*CapexAmount)} -> 0 | Q9: {=SUMPRODUCT(($B9=CapexCategory)*(Q$3=CapexMonth)*CapexAmount)} -> 0 | R9: {=SUMPRODUCT(($B9=CapexCategory)*(R$3=CapexMonth)*CapexAmount)} -> 0 | ... BR9: {=SUMPRODUCT(($B9=CapexCategory)*(BR$3=CapexMonth)*CapexAmount)} -> 0
B10: All other | E10: =SUM(K10:V10) -> 0 | F10: =SUM(W10:AH10) -> 10 | G10: =SUM(AI10:AT10) -> 0 | H10: =SUM(AU10:BF10) -> 0 | I10: =SUM(BG10:BR10) -> 0 | K10: {=SUMPRODUCT( ((ISBLANK(CapexCategory) + (CapexCategory="Other"))>0) * (K$3=CapexMonth)*CapexAmount)} -> 0 | L10: {=SUMPRODUCT( ((ISBLANK(CapexCategory) + (CapexCategory="Other"))>0) * (L$3=CapexMonth)*CapexAmount)} -> 0 | M10: {=SUMPRODUCT( ((ISBLANK(CapexCategory) + (CapexCategory="Other"))>0) * (M$3=CapexMonth)*CapexAmount)} -> 0 | N10: {=SUMPRODUCT( ((ISBLANK(CapexCategory) + (CapexCategory="Other"))>0) * (N$3=CapexMonth)*CapexAmount)} -> 0 | O10: {=SUMPRODUCT( ((ISBLANK(CapexCategory) + (CapexCategory="Other"))>0) * (O$3=CapexMonth)*CapexAmount)} -> 0 | P10: {=SUMPRODUCT( ((ISBLANK(CapexCategory) + (CapexCategory="Other"))>0) * (P$3=CapexMonth)*CapexAmount)} -> 0 | Q10: {=SUMPRODUCT( ((ISBLANK(CapexCategory) + (CapexCategory="Other"))>0) * (Q$3=CapexMonth)*CapexAmount)} -> 0 | R10: {=SUMPRODUCT( ((ISBLANK(CapexCategory) + (CapexCategory="Other"))>0) * (R$3=CapexMonth)*CapexAmount)} -> 0 | ... BR10: {=SUMPRODUCT( ((ISBLANK(CapexCategory) + (CapexCategory="Other"))>0) * (BR$3=CapexMonth)*CapexAmount)} -> 0
B11: Expenditures | E11: =SUM(K11:V11) -> 440 | F11: =SUM(W11:AH11) -> 10 | G11: =SUM(AI11:AT11) -> 0 | H11: =SUM(AU11:BF11) -> 0 | I11: =SUM(BG11:BR11) -> 0 | K11: =SUM(K5:K10) -> 40 | L11: =SUM(L5:L10) -> 0 | M11: =SUM(M5:M10) -> 0 | N11: =SUM(N5:N10) -> 250 | O11: =SUM(O5:O10) -> 0 | P11: =SUM(P5:P10) -> 100 | Q11: =SUM(Q5:Q10) -> 0 | R11: =SUM(R5:R10) -> 50 | ... BR11: =SUM(BR5:BR10) -> 0
B13: Facility | E13: =SUM(K13:V13) -> 83.333333 | F13: =SUM(W13:AH13) -> 74.074074 | G13: =SUM(AI13:AT13) -> 0 | H13: =SUM(AU13:BF13) -> 0 | I13: =SUM(BG13:BR13) -> 0 | K13: {=SUMPRODUCT(( $B13=CapexCategory)*(K$3>=CapexMonth)*(K$3<=SalOff)*DepExp)} -> 0 | L13: {=SUMPRODUCT(( $B13=CapexCategory)*(L$3>=CapexMonth)*(L$3<=SalOff)*DepExp)} -> 0 | M13: {=SUMPRODUCT(( $B13=CapexCategory)*(M$3>=CapexMonth)*(M$3<=SalOff)*DepExp)} -> 0 | N13: {=SUMPRODUCT(( $B13=CapexCategory)*(N$3>=CapexMonth)*(N$3<=SalOff)*DepExp)} -> 9.2592593 | O13: {=SUMPRODUCT(( $B13=CapexCategory)*(O$3>=CapexMonth)*(O$3<=SalOff)*DepExp)} -> 9.2592593 | P13: {=SUMPRODUCT(( $B13=CapexCategory)*(P$3>=CapexMonth)*(P$3<=SalOff)*DepExp)} -> 9.2592593 | Q13: {=SUMPRODUCT(( $B13=CapexCategory)*(Q$3>=CapexMonth)*(Q$3<=SalOff)*DepExp)} -> 9.2592593 | R13: {=SUMPRODUCT(( $B13=CapexCategory)*(R$3>=CapexMonth)*(R$3<=SalOff)*DepExp)} -> 9.2592593 | ... BR13: {=SUMPRODUCT(( $B13=CapexCategory)*(BR$3>=CapexMonth)*(BR$3<=SalOff)*DepExp)} -> 0
B14: Equip | E14: =SUM(K14:V14) -> 40 | F14: =SUM(W14:AH14) -> 0 | G14: =SUM(AI14:AT14) -> 0 | H14: =SUM(AU14:BF14) -> 0 | I14: =SUM(BG14:BR14) -> 0 | K14: {=SUMPRODUCT(( $B14=CapexCategory)*(K$3>=CapexMonth)*(K$3<=SalOff)*DepExp)} -> 4 | L14: {=SUMPRODUCT(( $B14=CapexCategory)*(L$3>=CapexMonth)*(L$3<=SalOff)*DepExp)} -> 4 | M14: {=SUMPRODUCT(( $B14=CapexCategory)*(M$3>=CapexMonth)*(M$3<=SalOff)*DepExp)} -> 4 | N14: {=SUMPRODUCT(( $B14=CapexCategory)*(N$3>=CapexMonth)*(N$3<=SalOff)*DepExp)} -> 4 | O14: {=SUMPRODUCT(( $B14=CapexCategory)*(O$3>=CapexMonth)*(O$3<=SalOff)*DepExp)} -> 4 | P14: {=SUMPRODUCT(( $B14=CapexCategory)*(P$3>=CapexMonth)*(P$3<=SalOff)*DepExp)} -> 4 | Q14: {=SUMPRODUCT(( $B14=CapexCategory)*(Q$3>=CapexMonth)*(Q$3<=SalOff)*DepExp)} -> 4 | R14: {=SUMPRODUCT(( $B14=CapexCategory)*(R$3>=CapexMonth)*(R$3<=SalOff)*DepExp)} -> 4 | ... BR14: {=SUMPRODUCT(( $B14=CapexCategory)*(BR$3>=CapexMonth)*(BR$3<=SalOff)*DepExp)} -> 0
B15: Fixture | E15: =SUM(K15:V15) -> 50 | F15: =SUM(W15:AH15) -> 0 | G15: =SUM(AI15:AT15) -> 0 | H15: =SUM(AU15:BF15) -> 0 | I15: =SUM(BG15:BR15) -> 0 | K15: {=SUMPRODUCT(( $B15=CapexCategory)*(K$3>=CapexMonth)*(K$3<=SalOff)*DepExp)} -> 0 | L15: {=SUMPRODUCT(( $B15=CapexCategory)*(L$3>=CapexMonth)*(L$3<=SalOff)*DepExp)} -> 0 | M15: {=SUMPRODUCT(( $B15=CapexCategory)*(M$3>=CapexMonth)*(M$3<=SalOff)*DepExp)} -> 0 | N15: {=SUMPRODUCT(( $B15=CapexCategory)*(N$3>=CapexMonth)*(N$3<=SalOff)*DepExp)} -> 0 | O15: {=SUMPRODUCT(( $B15=CapexCategory)*(O$3>=CapexMonth)*(O$3<=SalOff)*DepExp)} -> 0 | P15: {=SUMPRODUCT(( $B15=CapexCategory)*(P$3>=CapexMonth)*(P$3<=SalOff)*DepExp)} -> 0 | Q15: {=SUMPRODUCT(( $B15=CapexCategory)*(Q$3>=CapexMonth)*(Q$3<=SalOff)*DepExp)} -> 0 | R15: {=SUMPRODUCT(( $B15=CapexCategory)*(R$3>=CapexMonth)*(R$3<=SalOff)*DepExp)} -> 16.666667 | ... BR15: {=SUMPRODUCT(( $B15=CapexCategory)*(BR$3>=CapexMonth)*(BR$3<=SalOff)*DepExp)} -> 0
B16: Intang | E16: =SUM(K16:V16) -> 50 | F16: =SUM(W16:AH16) -> 0 | G16: =SUM(AI16:AT16) -> 0 | H16: =SUM(AU16:BF16) -> 0 | I16: =SUM(BG16:BR16) -> 0 | K16: {=SUMPRODUCT(( $B16=CapexCategory)*(K$3>=CapexMonth)*(K$3<=SalOff)*DepExp)} -> 0 | L16: {=SUMPRODUCT(( $B16=CapexCategory)*(L$3>=CapexMonth)*(L$3<=SalOff)*DepExp)} -> 0 | M16: {=SUMPRODUCT(( $B16=CapexCategory)*(M$3>=CapexMonth)*(M$3<=SalOff)*DepExp)} -> 0 | N16: {=SUMPRODUCT(( $B16=CapexCategory)*(N$3>=CapexMonth)*(N$3<=SalOff)*DepExp)} -> 0 | O16: {=SUMPRODUCT(( $B16=CapexCategory)*(O$3>=CapexMonth)*(O$3<=SalOff)*DepExp)} -> 0 | P16: {=SUMPRODUCT(( $B16=CapexCategory)*(P$3>=CapexMonth)*(P$3<=SalOff)*DepExp)} -> 7.1428571 | Q16: {=SUMPRODUCT(( $B16=CapexCategory)*(Q$3>=CapexMonth)*(Q$3<=SalOff)*DepExp)} -> 7.1428571 | R16: {=SUMPRODUCT(( $B16=CapexCategory)*(R$3>=CapexMonth)*(R$3<=SalOff)*DepExp)} -> 7.1428571 | ... BR16: {=SUMPRODUCT(( $B16=CapexCategory)*(BR$3>=CapexMonth)*(BR$3<=SalOff)*DepExp)} -> 0
B17: Land | K17: {=SUMPRODUCT(( $B17=CapexCategory)*(K$3>=CapexMonth)*(K$3<=SalOff)*DepExp)} -> 0 | L17: {=SUMPRODUCT(( $B17=CapexCategory)*(L$3>=CapexMonth)*(L$3<=SalOff)*DepExp)} -> 0 | M17: {=SUMPRODUCT(( $B17=CapexCategory)*(M$3>=CapexMonth)*(M$3<=SalOff)*DepExp)} -> 0 | N17: {=SUMPRODUCT(( $B17=CapexCategory)*(N$3>=CapexMonth)*(N$3<=SalOff)*DepExp)} -> 0 | O17: {=SUMPRODUCT(( $B17=CapexCategory)*(O$3>=CapexMonth)*(O$3<=SalOff)*DepExp)} -> 0 | P17: {=SUMPRODUCT(( $B17=CapexCategory)*(P$3>=CapexMonth)*(P$3<=SalOff)*DepExp)} -> 0 | Q17: {=SUMPRODUCT(( $B17=CapexCategory)*(Q$3>=CapexMonth)*(Q$3<=SalOff)*DepExp)} -> 0 | R17: {=SUMPRODUCT(( $B17=CapexCategory)*(R$3>=CapexMonth)*(R$3<=SalOff)*DepExp)} -> 0 | ... BR17: {=SUMPRODUCT(( $B17=CapexCategory)*(BR$3>=CapexMonth)*(BR$3<=SalOff)*DepExp)} -> 0
B18: All other | E18: =SUM(K18:V18) -> 0 | F18: =SUM(W18:AH18) -> 10 | G18: =SUM(AI18:AT18) -> 0 | H18: =SUM(AU18:BF18) -> 0 | I18: =SUM(BG18:BR18) -> 0 | K18: {=SUMPRODUCT( ((ISBLANK(CapexCategory) + (CapexCategory="Other"))>0) * (K$3>=CapexMonth)*( K$3<=SalOff)*DepExp)} -> 0 | L18: {=SUMPRODUCT( ((ISBLANK(CapexCategory) + (CapexCategory="Other"))>0) * (L$3>=CapexMonth)*( L$3<=SalOff)*DepExp)} -> 0 | M18: {=SUMPRODUCT( ((ISBLANK(CapexCategory) + (CapexCategory="Other"))>0) * (M$3>=CapexMonth)*( M$3<=SalOff)*DepExp)} -> 0 | N18: {=SUMPRODUCT( ((ISBLANK(CapexCategory) + (CapexCategory="Other"))>0) * (N$3>=CapexMonth)*( N$3<=SalOff)*DepExp)} -> 0 | O18: {=SUMPRODUCT( ((ISBLANK(CapexCategory) + (CapexCategory="Other"))>0) * (O$3>=CapexMonth)*( O$3<=SalOff)*DepExp)} -> 0 | P18: {=SUMPRODUCT( ((ISBLANK(CapexCategory) + (CapexCategory="Other"))>0) * (P$3>=CapexMonth)*( P$3<=SalOff)*DepExp)} -> 0 | Q18: {=SUMPRODUCT( ((ISBLANK(CapexCategory) + (CapexCategory="Other"))>0) * (Q$3>=CapexMonth)*( Q$3<=SalOff)*DepExp)} -> 0 | R18: {=SUMPRODUCT( ((ISBLANK(CapexCategory) + (CapexCategory="Other"))>0) * (R$3>=CapexMonth)*( R$3<=SalOff)*DepExp)} -> 0 | ... BR18: {=SUMPRODUCT( ((ISBLANK(CapexCategory) + (CapexCategory="Other"))>0) * (BR$3>=CapexMonth)*( BR$3<=SalOff)*DepExp)} -> 0
B19: Depreciation | E19: =SUM(K19:V19) -> 223.33333 | F19: =SUM(W19:AH19) -> 84.074074 | G19: =SUM(AI19:AT19) -> 0 | H19: =SUM(AU19:BF19) -> 0 | I19: =SUM(BG19:BR19) -> 0 | K19: =SUM(K13:K18) -> 4 | L19: =SUM(L13:L18) -> 4 | M19: =SUM(M13:M18) -> 4 | N19: =SUM(N13:N18) -> 13.259259 | O19: =SUM(O13:O18) -> 13.259259 | P19: =SUM(P13:P18) -> 20.402116 | Q19: =SUM(Q13:Q18) -> 20.402116 | R19: =SUM(R13:R18) -> 37.068783 | ... BR19: =SUM(BR13:BR18) -> 0
B20: Facility | E20: =V20 -> -83.333333 | F20: =AH20 -> 0 | G20: =AT20 -> 0 | H20: =BF20 -> 0 | I20: =BR20 -> 0 | K20: {=SUMPRODUCT( (CapexCategory=$B20)*(K$3>=CapexMonth) * (K$3<=DepStop)* ((K$3-CapexMonth+1)*-DepExp) )} -> 0 | L20: {=SUMPRODUCT( (CapexCategory=$B20)*(L$3>=CapexMonth) * (L$3<=DepStop)* ((L$3-CapexMonth+1)*-DepExp) )} -> 0 | M20: {=SUMPRODUCT( (CapexCategory=$B20)*(M$3>=CapexMonth) * (M$3<=DepStop)* ((M$3-CapexMonth+1)*-DepExp) )} -> 0 | N20: {=SUMPRODUCT( (CapexCategory=$B20)*(N$3>=CapexMonth) * (N$3<=DepStop)* ((N$3-CapexMonth+1)*-DepExp) )} -> -9.2592593 | O20: {=SUMPRODUCT( (CapexCategory=$B20)*(O$3>=CapexMonth) * (O$3<=DepStop)* ((O$3-CapexMonth+1)*-DepExp) )} -> -18.518519 | P20: {=SUMPRODUCT( (CapexCategory=$B20)*(P$3>=CapexMonth) * (P$3<=DepStop)* ((P$3-CapexMonth+1)*-DepExp) )} -> -27.777778 | Q20: {=SUMPRODUCT( (CapexCategory=$B20)*(Q$3>=CapexMonth) * (Q$3<=DepStop)* ((Q$3-CapexMonth+1)*-DepExp) )} -> -37.037037 | R20: {=SUMPRODUCT( (CapexCategory=$B20)*(R$3>=CapexMonth) * (R$3<=DepStop)* ((R$3-CapexMonth+1)*-DepExp) )} -> -46.296296 | ... BR20: {=SUMPRODUCT( (CapexCategory=$B20)*(BR$3>=CapexMonth) * (BR$3<=DepStop)* ((BR$3-CapexMonth+1)*-DepExp) )} -> 0
B21: Equip | E21: =V21 -> 0 | F21: =AH21 -> 0 | G21: =AT21 -> 0 | H21: =BF21 -> 0 | I21: =BR21 -> 0 | K21: {=SUMPRODUCT( (CapexCategory=$B21)*(K$3>=CapexMonth) * (K$3<=DepStop)* ((K$3-CapexMonth+1)*-DepExp) )} -> -4 | L21: {=SUMPRODUCT( (CapexCategory=$B21)*(L$3>=CapexMonth) * (L$3<=DepStop)* ((L$3-CapexMonth+1)*-DepExp) )} -> -8 | M21: {=SUMPRODUCT( (CapexCategory=$B21)*(M$3>=CapexMonth) * (M$3<=DepStop)* ((M$3-CapexMonth+1)*-DepExp) )} -> -12 | N21: {=SUMPRODUCT( (CapexCategory=$B21)*(N$3>=CapexMonth) * (N$3<=DepStop)* ((N$3-CapexMonth+1)*-DepExp) )} -> -16 | O21: {=SUMPRODUCT( (CapexCategory=$B21)*(O$3>=CapexMonth) * (O$3<=DepStop)* ((O$3-CapexMonth+1)*-DepExp) )} -> -20 | P21: {=SUMPRODUCT( (CapexCategory=$B21)*(P$3>=CapexMonth) * (P$3<=DepStop)* ((P$3-CapexMonth+1)*-DepExp) )} -> -24 | Q21: {=SUMPRODUCT( (CapexCategory=$B21)*(Q$3>=CapexMonth) * (Q$3<=DepStop)* ((Q$3-CapexMonth+1)*-DepExp) )} -> -28 | R21: {=SUMPRODUCT( (CapexCategory=$B21)*(R$3>=CapexMonth) * (R$3<=DepStop)* ((R$3-CapexMonth+1)*-DepExp) )} -> -32 | ... BR21: {=SUMPRODUCT( (CapexCategory=$B21)*(BR$3>=CapexMonth) * (BR$3<=DepStop)* ((BR$3-CapexMonth+1)*-DepExp) )} -> 0
B22: Fixture | E22: =V22 -> 0 | F22: =AH22 -> 0 | G22: =AT22 -> 0 | H22: =BF22 -> 0 | I22: =BR22 -> 0 | K22: {=SUMPRODUCT( (CapexCategory=$B22)*(K$3>=CapexMonth) * (K$3<=DepStop)* ((K$3-CapexMonth+1)*-DepExp) )} -> 0 | L22: {=SUMPRODUCT( (CapexCategory=$B22)*(L$3>=CapexMonth) * (L$3<=DepStop)* ((L$3-CapexMonth+1)*-DepExp) )} -> 0 | M22: {=SUMPRODUCT( (CapexCategory=$B22)*(M$3>=CapexMonth) * (M$3<=DepStop)* ((M$3-CapexMonth+1)*-DepExp) )} -> 0 | N22: {=SUMPRODUCT( (CapexCategory=$B22)*(N$3>=CapexMonth) * (N$3<=DepStop)* ((N$3-CapexMonth+1)*-DepExp) )} -> 0 | O22: {=SUMPRODUCT( (CapexCategory=$B22)*(O$3>=CapexMonth) * (O$3<=DepStop)* ((O$3-CapexMonth+1)*-DepExp) )} -> 0 | P22: {=SUMPRODUCT( (CapexCategory=$B22)*(P$3>=CapexMonth) * (P$3<=DepStop)* ((P$3-CapexMonth+1)*-DepExp) )} -> 0 | Q22: {=SUMPRODUCT( (CapexCategory=$B22)*(Q$3>=CapexMonth) * (Q$3<=DepStop)* ((Q$3-CapexMonth+1)*-DepExp) )} -> 0 | R22: {=SUMPRODUCT( (CapexCategory=$B22)*(R$3>=CapexMonth) * (R$3<=DepStop)* ((R$3-CapexMonth+1)*-DepExp) )} -> -16.666667 | ... BR22: {=SUMPRODUCT( (CapexCategory=$B22)*(BR$3>=CapexMonth) * (BR$3<=DepStop)* ((BR$3-CapexMonth+1)*-DepExp) )} -> 0
B23: Intang | E23: =V23 -> -50 | F23: =AH23 -> 0 | G23: =AT23 -> 0 | H23: =BF23 -> 0 | I23: =BR23 -> 0 | K23: {=SUMPRODUCT( (CapexCategory=$B23)*(K$3>=CapexMonth) * (K$3<=DepStop)* ((K$3-CapexMonth+1)*-DepExp) )} -> 0 | L23: {=SUMPRODUCT( (CapexCategory=$B23)*(L$3>=CapexMonth) * (L$3<=DepStop)* ((L$3-CapexMonth+1)*-DepExp) )} -> 0 | M23: {=SUMPRODUCT( (CapexCategory=$B23)*(M$3>=CapexMonth) * (M$3<=DepStop)* ((M$3-CapexMonth+1)*-DepExp) )} -> 0 | N23: {=SUMPRODUCT( (CapexCategory=$B23)*(N$3>=CapexMonth) * (N$3<=DepStop)* ((N$3-CapexMonth+1)*-DepExp) )} -> 0 | O23: {=SUMPRODUCT( (CapexCategory=$B23)*(O$3>=CapexMonth) * (O$3<=DepStop)* ((O$3-CapexMonth+1)*-DepExp) )} -> 0 | P23: {=SUMPRODUCT( (CapexCategory=$B23)*(P$3>=CapexMonth) * (P$3<=DepStop)* ((P$3-CapexMonth+1)*-DepExp) )} -> -7.1428571 | Q23: {=SUMPRODUCT( (CapexCategory=$B23)*(Q$3>=CapexMonth) * (Q$3<=DepStop)* ((Q$3-CapexMonth+1)*-DepExp) )} -> -14.285714 | R23: {=SUMPRODUCT( (CapexCategory=$B23)*(R$3>=CapexMonth) * (R$3<=DepStop)* ((R$3-CapexMonth+1)*-DepExp) )} -> -21.428571 | ... BR23: {=SUMPRODUCT( (CapexCategory=$B23)*(BR$3>=CapexMonth) * (BR$3<=DepStop)* ((BR$3-CapexMonth+1)*-DepExp) )} -> 0
B24: Land | E24: =V24 -> 0 | F24: =AH24 -> 0 | G24: =AT24 -> 0 | H24: =BF24 -> 0 | I24: =BR24 -> 0 | K24: {=SUMPRODUCT( (CapexCategory=$B24)*(K$3>=CapexMonth) * (K$3<=DepStop)* ((K$3-CapexMonth+1)*-DepExp) )} -> 0 | L24: {=SUMPRODUCT( (CapexCategory=$B24)*(L$3>=CapexMonth) * (L$3<=DepStop)* ((L$3-CapexMonth+1)*-DepExp) )} -> 0 | M24: {=SUMPRODUCT( (CapexCategory=$B24)*(M$3>=CapexMonth) * (M$3<=DepStop)* ((M$3-CapexMonth+1)*-DepExp) )} -> 0 | N24: {=SUMPRODUCT( (CapexCategory=$B24)*(N$3>=CapexMonth) * (N$3<=DepStop)* ((N$3-CapexMonth+1)*-DepExp) )} -> 0 | O24: {=SUMPRODUCT( (CapexCategory=$B24)*(O$3>=CapexMonth) * (O$3<=DepStop)* ((O$3-CapexMonth+1)*-DepExp) )} -> 0 | P24: {=SUMPRODUCT( (CapexCategory=$B24)*(P$3>=CapexMonth) * (P$3<=DepStop)* ((P$3-CapexMonth+1)*-DepExp) )} -> 0 | Q24: {=SUMPRODUCT( (CapexCategory=$B24)*(Q$3>=CapexMonth) * (Q$3<=DepStop)* ((Q$3-CapexMonth+1)*-DepExp) )} -> 0 | R24: {=SUMPRODUCT( (CapexCategory=$B24)*(R$3>=CapexMonth) * (R$3<=DepStop)* ((R$3-CapexMonth+1)*-DepExp) )} -> 0 | ... BR24: {=SUMPRODUCT( (CapexCategory=$B24)*(BR$3>=CapexMonth) * (BR$3<=DepStop)* ((BR$3-CapexMonth+1)*-DepExp) )} -> 0
B25: All other | E25: =V25 -> 0 | F25: =AH25 -> 0 | G25: =AT25 -> 0 | H25: =BF25 -> 0 | I25: =BR25 -> 0 | K25: {=SUMPRODUCT( ((ISBLANK(CapexCategory) + (CapexCategory="Other"))>0) *(K$3>=CapexMonth) * (K$3<=DepStop)* ((K$3-CapexMonth+1)*-DepExp) )} -> 0 | L25: {=SUMPRODUCT( ((ISBLANK(CapexCategory) + (CapexCategory="Other"))>0) *(L$3>=CapexMonth) * (L$3<=DepStop)* ((L$3-CapexMonth+1)*-DepExp) )} -> 0 | M25: {=SUMPRODUCT( ((ISBLANK(CapexCategory) + (CapexCategory="Other"))>0) *(M$3>=CapexMonth) * (M$3<=DepStop)* ((M$3-CapexMonth+1)*-DepExp) )} -> 0 | N25: {=SUMPRODUCT( ((ISBLANK(CapexCategory) + (CapexCategory="Other"))>0) *(N$3>=CapexMonth) * (N$3<=DepStop)* ((N$3-CapexMonth+1)*-DepExp) )} -> 0 | O25: {=SUMPRODUCT( ((ISBLANK(CapexCategory) + (CapexCategory="Other"))>0) *(O$3>=CapexMonth) * (O$3<=DepStop)* ((O$3-CapexMonth+1)*-DepExp) )} -> 0 | P25: {=SUMPRODUCT( ((ISBLANK(CapexCategory) + (CapexCategory="Other"))>0) *(P$3>=CapexMonth) * (P$3<=DepStop)* ((P$3-CapexMonth+1)*-DepExp) )} -> 0 | Q25: {=SUMPRODUCT( ((ISBLANK(CapexCategory) + (CapexCategory="Other"))>0) *(Q$3>=CapexMonth) * (Q$3<=DepStop)* ((Q$3-CapexMonth+1)*-DepExp) )} -> 0 | R25: {=SUMPRODUCT( ((ISBLANK(CapexCategory) + (CapexCategory="Other"))>0) *(R$3>=CapexMonth) * (R$3<=DepStop)* ((R$3-CapexMonth+1)*-DepExp) )} -> 0 | ... BR25: {=SUMPRODUCT( ((ISBLANK(CapexCategory) + (CapexCategory="Other"))>0) *(BR$3>=CapexMonth) * (BR$3<=DepStop)* ((BR$3-CapexMonth+1)*-DepExp) )} -> 0
B26: Accum Depreciation | E26: =V26 -> -133.33333 | F26: =AH26 -> 0 | G26: =AT26 -> 0 | H26: =BF26 -> 0 | I26: =BR26 -> 0 | K26: =SUM(K20:K25) -> -4 | L26: =SUM(L20:L25) -> -8 | M26: =SUM(M20:M25) -> -12 | N26: =SUM(N20:N25) -> -25.259259 | O26: =SUM(O20:O25) -> -38.518519 | P26: =SUM(P20:P25) -> -58.920635 | Q26: =SUM(Q20:Q25) -> -79.322751 | R26: =SUM(R20:R25) -> -116.39153 | ... BR26: =SUM(BR20:BR25) -> 0
B27: Facility | E27: =V27 -> 250 | F27: =AH27 -> 0 | G27: =AT27 -> 0 | H27: =BF27 -> 0 | I27: =BR27 -> 0 | K27: {=SUMPRODUCT( (CapexCategory=$B20)* (K$3>=CapexMonth) *(K$3<=SalOff) * CapexAmount)} -> 0 | L27: {=SUMPRODUCT( (CapexCategory=$B20)* (L$3>=CapexMonth) *(L$3<=SalOff) * CapexAmount)} -> 0 | M27: {=SUMPRODUCT( (CapexCategory=$B20)* (M$3>=CapexMonth) *(M$3<=SalOff) * CapexAmount)} -> 0 | N27: {=SUMPRODUCT( (CapexCategory=$B20)* (N$3>=CapexMonth) *(N$3<=SalOff) * CapexAmount)} -> 250 | O27: {=SUMPRODUCT( (CapexCategory=$B20)* (O$3>=CapexMonth) *(O$3<=SalOff) * CapexAmount)} -> 250 | P27: {=SUMPRODUCT( (CapexCategory=$B20)* (P$3>=CapexMonth) *(P$3<=SalOff) * CapexAmount)} -> 250 | Q27: {=SUMPRODUCT( (CapexCategory=$B20)* (Q$3>=CapexMonth) *(Q$3<=SalOff) * CapexAmount)} -> 250 | R27: {=SUMPRODUCT( (CapexCategory=$B20)* (R$3>=CapexMonth) *(R$3<=SalOff) * CapexAmount)} -> 250 | ... BR27: {=SUMPRODUCT( (CapexCategory=$B20)* (BR$3>=CapexMonth) *(BR$3<=SalOff) * CapexAmount)} -> 0
B28: Equip | E28: =V28 -> 0 | F28: =AH28 -> 0 | G28: =AT28 -> 0 | H28: =BF28 -> 0 | I28: =BR28 -> 0 | K28: {=SUMPRODUCT( (CapexCategory=$B21)* (K$3>=CapexMonth) *(K$3<=SalOff) * CapexAmount)} -> 40 | L28: {=SUMPRODUCT( (CapexCategory=$B21)* (L$3>=CapexMonth) *(L$3<=SalOff) * CapexAmount)} -> 40 | M28: {=SUMPRODUCT( (CapexCategory=$B21)* (M$3>=CapexMonth) *(M$3<=SalOff) * CapexAmount)} -> 40 | N28: {=SUMPRODUCT( (CapexCategory=$B21)* (N$3>=CapexMonth) *(N$3<=SalOff) * CapexAmount)} -> 40 | O28: {=SUMPRODUCT( (CapexCategory=$B21)* (O$3>=CapexMonth) *(O$3<=SalOff) * CapexAmount)} -> 40 | P28: {=SUMPRODUCT( (CapexCategory=$B21)* (P$3>=CapexMonth) *(P$3<=SalOff) * CapexAmount)} -> 40 | Q28: {=SUMPRODUCT( (CapexCategory=$B21)* (Q$3>=CapexMonth) *(Q$3<=SalOff) * CapexAmount)} -> 40 | R28: {=SUMPRODUCT( (CapexCategory=$B21)* (R$3>=CapexMonth) *(R$3<=SalOff) * CapexAmount)} -> 40 | ... BR28: {=SUMPRODUCT( (CapexCategory=$B21)* (BR$3>=CapexMonth) *(BR$3<=SalOff) * CapexAmount)} -> 0
B29: Fixture | E29: =V29 -> 0 | F29: =AH29 -> 0 | G29: =AT29 -> 0 | H29: =BF29 -> 0 | I29: =BR29 -> 0 | K29: {=SUMPRODUCT( (CapexCategory=$B22)* (K$3>=CapexMonth) *(K$3<=SalOff) * CapexAmount)} -> 0 | L29: {=SUMPRODUCT( (CapexCategory=$B22)* (L$3>=CapexMonth) *(L$3<=SalOff) * CapexAmount)} -> 0 | M29: {=SUMPRODUCT( (CapexCategory=$B22)* (M$3>=CapexMonth) *(M$3<=SalOff) * CapexAmount)} -> 0 | N29: {=SUMPRODUCT( (CapexCategory=$B22)* (N$3>=CapexMonth) *(N$3<=SalOff) * CapexAmount)} -> 0 | O29: {=SUMPRODUCT( (CapexCategory=$B22)* (O$3>=CapexMonth) *(O$3<=SalOff) * CapexAmount)} -> 0 | P29: {=SUMPRODUCT( (CapexCategory=$B22)* (P$3>=CapexMonth) *(P$3<=SalOff) * CapexAmount)} -> 0 | Q29: {=SUMPRODUCT( (CapexCategory=$B22)* (Q$3>=CapexMonth) *(Q$3<=SalOff) * CapexAmount)} -> 0 | R29: {=SUMPRODUCT( (CapexCategory=$B22)* (R$3>=CapexMonth) *(R$3<=SalOff) * CapexAmount)} -> 50 | ... BR29: {=SUMPRODUCT( (CapexCategory=$B22)* (BR$3>=CapexMonth) *(BR$3<=SalOff) * CapexAmount)} -> 0
B30: Intang | E30: =V30 -> 100 | F30: =AH30 -> 0 | G30: =AT30 -> 0 | H30: =BF30 -> 0 | I30: =BR30 -> 0 | K30: {=SUMPRODUCT( (CapexCategory=$B23)* (K$3>=CapexMonth) *(K$3<=SalOff) * CapexAmount)} -> 0 | L30: {=SUMPRODUCT( (CapexCategory=$B23)* (L$3>=CapexMonth) *(L$3<=SalOff) * CapexAmount)} -> 0 | M30: {=SUMPRODUCT( (CapexCategory=$B23)* (M$3>=CapexMonth) *(M$3<=SalOff) * CapexAmount)} -> 0 | N30: {=SUMPRODUCT( (CapexCategory=$B23)* (N$3>=CapexMonth) *(N$3<=SalOff) * CapexAmount)} -> 0 | O30: {=SUMPRODUCT( (CapexCategory=$B23)* (O$3>=CapexMonth) *(O$3<=SalOff) * CapexAmount)} -> 0 | P30: {=SUMPRODUCT( (CapexCategory=$B23)* (P$3>=CapexMonth) *(P$3<=SalOff) * CapexAmount)} -> 100 | Q30: {=SUMPRODUCT( (CapexCategory=$B23)* (Q$3>=CapexMonth) *(Q$3<=SalOff) * CapexAmount)} -> 100 | R30: {=SUMPRODUCT( (CapexCategory=$B23)* (R$3>=CapexMonth) *(R$3<=SalOff) * CapexAmount)} -> 100 | ... BR30: {=SUMPRODUCT( (CapexCategory=$B23)* (BR$3>=CapexMonth) *(BR$3<=SalOff) * CapexAmount)} -> 0
B31: Land | E31: =V31 -> 0 | F31: =AH31 -> 0 | G31: =AT31 -> 0 | H31: =BF31 -> 0 | I31: =BR31 -> 0 | K31: {=SUMPRODUCT( (CapexCategory=$B24)* (K$3>=CapexMonth) *(K$3<=SalOff) * CapexAmount)} -> 0 | L31: {=SUMPRODUCT( (CapexCategory=$B24)* (L$3>=CapexMonth) *(L$3<=SalOff) * CapexAmount)} -> 0 | M31: {=SUMPRODUCT( (CapexCategory=$B24)* (M$3>=CapexMonth) *(M$3<=SalOff) * CapexAmount)} -> 0 | N31: {=SUMPRODUCT( (CapexCategory=$B24)* (N$3>=CapexMonth) *(N$3<=SalOff) * CapexAmount)} -> 0 | O31: {=SUMPRODUCT( (CapexCategory=$B24)* (O$3>=CapexMonth) *(O$3<=SalOff) * CapexAmount)} -> 0 | P31: {=SUMPRODUCT( (CapexCategory=$B24)* (P$3>=CapexMonth) *(P$3<=SalOff) * CapexAmount)} -> 0 | Q31: {=SUMPRODUCT( (CapexCategory=$B24)* (Q$3>=CapexMonth) *(Q$3<=SalOff) * CapexAmount)} -> 0 | R31: {=SUMPRODUCT( (CapexCategory=$B24)* (R$3>=CapexMonth) *(R$3<=SalOff) * CapexAmount)} -> 0 | ... BR31: {=SUMPRODUCT( (CapexCategory=$B24)* (BR$3>=CapexMonth) *(BR$3<=SalOff) * CapexAmount)} -> 0
B32: All other | E32: =V32 -> 0 | F32: =AH32 -> 0 | G32: =AT32 -> 0 | H32: =BF32 -> 0 | I32: =BR32 -> 0 | K32: {=SUMPRODUCT( ((ISBLANK(CapexCategory) + (CapexCategory="Other"))>0) * (K$3>=CapexMonth) *(K$3<=SalOff) * CapexAmount)} -> 0 | L32: {=SUMPRODUCT( ((ISBLANK(CapexCategory) + (CapexCategory="Other"))>0) * (L$3>=CapexMonth) *(L$3<=SalOff) * CapexAmount)} -> 0 | M32: {=SUMPRODUCT( ((ISBLANK(CapexCategory) + (CapexCategory="Other"))>0) * (M$3>=CapexMonth) *(M$3<=SalOff) * CapexAmount)} -> 0 | N32: {=SUMPRODUCT( ((ISBLANK(CapexCategory) + (CapexCategory="Other"))>0) * (N$3>=CapexMonth) *(N$3<=SalOff) * CapexAmount)} -> 0 | O32: {=SUMPRODUCT( ((ISBLANK(CapexCategory) + (CapexCategory="Other"))>0) * (O$3>=CapexMonth) *(O$3<=SalOff) * CapexAmount)} -> 0 | P32: {=SUMPRODUCT( ((ISBLANK(CapexCategory) + (CapexCategory="Other"))>0) * (P$3>=CapexMonth) *(P$3<=SalOff) * CapexAmount)} -> 0 | Q32: {=SUMPRODUCT( ((ISBLANK(CapexCategory) + (CapexCategory="Other"))>0) * (Q$3>=CapexMonth) *(Q$3<=SalOff) * CapexAmount)} -> 0 | R32: {=SUMPRODUCT( ((ISBLANK(CapexCategory) + (CapexCategory="Other"))>0) * (R$3>=CapexMonth) *(R$3<=SalOff) * CapexAmount)} -> 0 | ... BR32: {=SUMPRODUCT( ((ISBLANK(CapexCategory) + (CapexCategory="Other"))>0) * (BR$3>=CapexMonth) *(BR$3<=SalOff) * CapexAmount)} -> 0
B33: Balance | E33: =V33 -> 350 | F33: =AH33 -> 0 | G33: =AT33 -> 0 | H33: =BF33 -> 0 | I33: =BR33 -> 0 | K33: =SUM(K27:K32) -> 40 | L33: =SUM(L27:L32) -> 40 | M33: =SUM(M27:M32) -> 40 | N33: =SUM(N27:N32) -> 290 | O33: =SUM(O27:O32) -> 290 | P33: =SUM(P27:P32) -> 390 | Q33: =SUM(Q27:Q32) -> 390 | R33: =SUM(R27:R32) -> 440 | ... BR33: =SUM(BR27:BR32) -> 0
B35: Facility | E35: =SUM(K35:V35) -> 0 | F35: =SUM(W35:AH35) -> 175 | G35: =SUM(AI35:AT35) -> 0 | H35: =SUM(AU35:BF35) -> 0 | I35: =SUM(BG35:BR35) -> 0 | K35: {=SUMPRODUCT(($B35=CapexCategory)*(K$3=CapExSalvageMonth)*CapexSalvage)} -> 0 | L35: {=SUMPRODUCT(($B35=CapexCategory)*(L$3=CapExSalvageMonth)*CapexSalvage)} -> 0 | M35: {=SUMPRODUCT(($B35=CapexCategory)*(M$3=CapExSalvageMonth)*CapexSalvage)} -> 0 | N35: {=SUMPRODUCT(($B35=CapexCategory)*(N$3=CapExSalvageMonth)*CapexSalvage)} -> 0 | O35: {=SUMPRODUCT(($B35=CapexCategory)*(O$3=CapExSalvageMonth)*CapexSalvage)} -> 0 | P35: {=SUMPRODUCT(($B35=CapexCategory)*(P$3=CapExSalvageMonth)*CapexSalvage)} -> 0 | Q35: {=SUMPRODUCT(($B35=CapexCategory)*(Q$3=CapExSalvageMonth)*CapexSalvage)} -> 0 | R35: {=SUMPRODUCT(($B35=CapexCategory)*(R$3=CapExSalvageMonth)*CapexSalvage)} -> 0 | ... BR35: {=SUMPRODUCT(($B35=CapexCategory)*(BR$3=CapExSalvageMonth)*CapexSalvage)} -> 0
B36: Equip | E36: =SUM(K36:V36) -> 0 | F36: =SUM(W36:AH36) -> 0 | G36: =SUM(AI36:AT36) -> 0 | H36: =SUM(AU36:BF36) -> 0 | I36: =SUM(BG36:BR36) -> 15 | K36: {=SUMPRODUCT(($B36=CapexCategory)*(K$3=CapExSalvageMonth)*CapexSalvage)} -> 0 | L36: {=SUMPRODUCT(($B36=CapexCategory)*(L$3=CapExSalvageMonth)*CapexSalvage)} -> 0 | M36: {=SUMPRODUCT(($B36=CapexCategory)*(M$3=CapExSalvageMonth)*CapexSalvage)} -> 0 | N36: {=SUMPRODUCT(($B36=CapexCategory)*(N$3=CapExSalvageMonth)*CapexSalvage)} -> 0 | O36: {=SUMPRODUCT(($B36=CapexCategory)*(O$3=CapExSalvageMonth)*CapexSalvage)} -> 0 | P36: {=SUMPRODUCT(($B36=CapexCategory)*(P$3=CapExSalvageMonth)*CapexSalvage)} -> 0 | Q36: {=SUMPRODUCT(($B36=CapexCategory)*(Q$3=CapExSalvageMonth)*CapexSalvage)} -> 0 | R36: {=SUMPRODUCT(($B36=CapexCategory)*(R$3=CapExSalvageMonth)*CapexSalvage)} -> 0 | ... BR36: {=SUMPRODUCT(($B36=CapexCategory)*(BR$3=CapExSalvageMonth)*CapexSalvage)} -> 0
B37: Fixture | E37: =SUM(K37:V37) -> 0 | F37: =SUM(W37:AH37) -> 0 | G37: =SUM(AI37:AT37) -> 0 | H37: =SUM(AU37:BF37) -> 0 | I37: =SUM(BG37:BR37) -> 0 | K37: {=SUMPRODUCT(($B37=CapexCategory)*(K$3=CapExSalvageMonth)*CapexSalvage)} -> 0 | L37: {=SUMPRODUCT(($B37=CapexCategory)*(L$3=CapExSalvageMonth)*CapexSalvage)} -> 0 | M37: {=SUMPRODUCT(($B37=CapexCategory)*(M$3=CapExSalvageMonth)*CapexSalvage)} -> 0 | N37: {=SUMPRODUCT(($B37=CapexCategory)*(N$3=CapExSalvageMonth)*CapexSalvage)} -> 0 | O37: {=SUMPRODUCT(($B37=CapexCategory)*(O$3=CapExSalvageMonth)*CapexSalvage)} -> 0 | P37: {=SUMPRODUCT(($B37=CapexCategory)*(P$3=CapExSalvageMonth)*CapexSalvage)} -> 0 | Q37: {=SUMPRODUCT(($B37=CapexCategory)*(Q$3=CapExSalvageMonth)*CapexSalvage)} -> 0 | R37: {=SUMPRODUCT(($B37=CapexCategory)*(R$3=CapExSalvageMonth)*CapexSalvage)} -> 0 | ... BR37: {=SUMPRODUCT(($B37=CapexCategory)*(BR$3=CapExSalvageMonth)*CapexSalvage)} -> 0
B38: Intang | E38: =SUM(K38:V38) -> 18 | F38: =SUM(W38:AH38) -> 0 | G38: =SUM(AI38:AT38) -> 0 | H38: =SUM(AU38:BF38) -> 0 | I38: =SUM(BG38:BR38) -> 0 | K38: {=SUMPRODUCT(($B38=CapexCategory)*(K$3=CapExSalvageMonth)*CapexSalvage)} -> 0 | L38: {=SUMPRODUCT(($B38=CapexCategory)*(L$3=CapExSalvageMonth)*CapexSalvage)} -> 0 | M38: {=SUMPRODUCT(($B38=CapexCategory)*(M$3=CapExSalvageMonth)*CapexSalvage)} -> 0 | N38: {=SUMPRODUCT(($B38=CapexCategory)*(N$3=CapExSalvageMonth)*CapexSalvage)} -> 0 | O38: {=SUMPRODUCT(($B38=CapexCategory)*(O$3=CapExSalvageMonth)*CapexSalvage)} -> 0 | P38: {=SUMPRODUCT(($B38=CapexCategory)*(P$3=CapExSalvageMonth)*CapexSalvage)} -> 0 | Q38: {=SUMPRODUCT(($B38=CapexCategory)*(Q$3=CapExSalvageMonth)*CapexSalvage)} -> 0 | R38: {=SUMPRODUCT(($B38=CapexCategory)*(R$3=CapExSalvageMonth)*CapexSalvage)} -> 0 | ... BR38: {=SUMPRODUCT(($B38=CapexCategory)*(BR$3=CapExSalvageMonth)*CapexSalvage)} -> 0
B39: Land | E39: =SUM(K39:V39) -> 0 | F39: =SUM(W39:AH39) -> 0 | G39: =SUM(AI39:AT39) -> 0 | H39: =SUM(AU39:BF39) -> 0 | I39: =SUM(BG39:BR39) -> 0 | K39: {=SUMPRODUCT(($B39=CapexCategory)*(K$3=CapExSalvageMonth)*CapexSalvage)} -> 0 | L39: {=SUMPRODUCT(($B39=CapexCategory)*(L$3=CapExSalvageMonth)*CapexSalvage)} -> 0 | M39: {=SUMPRODUCT(($B39=CapexCategory)*(M$3=CapExSalvageMonth)*CapexSalvage)} -> 0 | N39: {=SUMPRODUCT(($B39=CapexCategory)*(N$3=CapExSalvageMonth)*CapexSalvage)} -> 0 | O39: {=SUMPRODUCT(($B39=CapexCategory)*(O$3=CapExSalvageMonth)*CapexSalvage)} -> 0 | P39: {=SUMPRODUCT(($B39=CapexCategory)*(P$3=CapExSalvageMonth)*CapexSalvage)} -> 0 | Q39: {=SUMPRODUCT(($B39=CapexCategory)*(Q$3=CapExSalvageMonth)*CapexSalvage)} -> 0 | R39: {=SUMPRODUCT(($B39=CapexCategory)*(R$3=CapExSalvageMonth)*CapexSalvage)} -> 0 | ... BR39: {=SUMPRODUCT(($B39=CapexCategory)*(BR$3=CapExSalvageMonth)*CapexSalvage)} -> 0
B40: All other | E40: =SUM(K40:V40) -> 0 | F40: =SUM(W40:AH40) -> 0 | G40: =SUM(AI40:AT40) -> 0 | H40: =SUM(AU40:BF40) -> 5 | I40: =SUM(BG40:BR40) -> 0 | K40: {=SUMPRODUCT( ((ISBLANK(CapexCategory) + (CapexCategory="Other"))>0) * (K$3=CapExSalvageMonth)*CapexSalvage)} -> 0 | L40: {=SUMPRODUCT( ((ISBLANK(CapexCategory) + (CapexCategory="Other"))>0) * (L$3=CapExSalvageMonth)*CapexSalvage)} -> 0 | M40: {=SUMPRODUCT( ((ISBLANK(CapexCategory) + (CapexCategory="Other"))>0) * (M$3=CapExSalvageMonth)*CapexSalvage)} -> 0 | N40: {=SUMPRODUCT( ((ISBLANK(CapexCategory) + (CapexCategory="Other"))>0) * (N$3=CapExSalvageMonth)*CapexSalvage)} -> 0 | O40: {=SUMPRODUCT( ((ISBLANK(CapexCategory) + (CapexCategory="Other"))>0) * (O$3=CapExSalvageMonth)*CapexSalvage)} -> 0 | P40: {=SUMPRODUCT( ((ISBLANK(CapexCategory) + (CapexCategory="Other"))>0) * (P$3=CapExSalvageMonth)*CapexSalvage)} -> 0 | Q40: {=SUMPRODUCT( ((ISBLANK(CapexCategory) + (CapexCategory="Other"))>0) * (Q$3=CapExSalvageMonth)*CapexSalvage)} -> 0 | R40: {=SUMPRODUCT( ((ISBLANK(CapexCategory) + (CapexCategory="Other"))>0) * (R$3=CapExSalvageMonth)*CapexSalvage)} -> 0 | ... BR40: {=SUMPRODUCT( ((ISBLANK(CapexCategory) + (CapexCategory="Other"))>0) * (BR$3=CapExSalvageMonth)*CapexSalvage)} -> 0
B41: Salvage Proceeds | E41: =SUM(K41:V41) -> 18 | F41: =SUM(W41:AH41) -> 175 | G41: =SUM(AI41:AT41) -> 0 | H41: =SUM(AU41:BF41) -> 5 | I41: =SUM(BG41:BR41) -> 15 | K41: =SUM(K35:K40) -> 0 | L41: =SUM(L35:L40) -> 0 | M41: =SUM(M35:M40) -> 0 | N41: =SUM(N35:N40) -> 0 | O41: =SUM(O35:O40) -> 0 | P41: =SUM(P35:P40) -> 0 | Q41: =SUM(Q35:Q40) -> 0 | R41: =SUM(R35:R40) -> 0 | ... BR41: =SUM(BR35:BR40) -> 0
B42: Facility | E42: =SUM(K42:V42) -> 0 | F42: =SUM(W42:AH42) -> 82.407407 | G42: =SUM(AI42:AT42) -> 0 | H42: =SUM(AU42:BF42) -> 0 | I42: =SUM(BG42:BR42) -> 0 | K42: {=SUMPRODUCT(($B42=CapexCategory)*(K$3=CapExSalvageMonth)*SalGain)} -> 0 | L42: {=SUMPRODUCT(($B42=CapexCategory)*(L$3=CapExSalvageMonth)*SalGain)} -> 0 | M42: {=SUMPRODUCT(($B42=CapexCategory)*(M$3=CapExSalvageMonth)*SalGain)} -> 0 | N42: {=SUMPRODUCT(($B42=CapexCategory)*(N$3=CapExSalvageMonth)*SalGain)} -> 0 | O42: {=SUMPRODUCT(($B42=CapexCategory)*(O$3=CapExSalvageMonth)*SalGain)} -> 0 | P42: {=SUMPRODUCT(($B42=CapexCategory)*(P$3=CapExSalvageMonth)*SalGain)} -> 0 | Q42: {=SUMPRODUCT(($B42=CapexCategory)*(Q$3=CapExSalvageMonth)*SalGain)} -> 0 | R42: {=SUMPRODUCT(($B42=CapexCategory)*(R$3=CapExSalvageMonth)*SalGain)} -> 0 | ... BR42: {=SUMPRODUCT(($B42=CapexCategory)*(BR$3=CapExSalvageMonth)*SalGain)} -> 0
B43: Equip | E43: =SUM(K43:V43) -> 0 | F43: =SUM(W43:AH43) -> 0 | G43: =SUM(AI43:AT43) -> 0 | H43: =SUM(AU43:BF43) -> 0 | I43: =SUM(BG43:BR43) -> 15 | K43: {=SUMPRODUCT(($B43=CapexCategory)*(K$3=CapExSalvageMonth)*SalGain)} -> 0 | L43: {=SUMPRODUCT(($B43=CapexCategory)*(L$3=CapExSalvageMonth)*SalGain)} -> 0 | M43: {=SUMPRODUCT(($B43=CapexCategory)*(M$3=CapExSalvageMonth)*SalGain)} -> 0 | N43: {=SUMPRODUCT(($B43=CapexCategory)*(N$3=CapExSalvageMonth)*SalGain)} -> 0 | O43: {=SUMPRODUCT(($B43=CapexCategory)*(O$3=CapExSalvageMonth)*SalGain)} -> 0 | P43: {=SUMPRODUCT(($B43=CapexCategory)*(P$3=CapExSalvageMonth)*SalGain)} -> 0 | Q43: {=SUMPRODUCT(($B43=CapexCategory)*(Q$3=CapExSalvageMonth)*SalGain)} -> 0 | R43: {=SUMPRODUCT(($B43=CapexCategory)*(R$3=CapExSalvageMonth)*SalGain)} -> 0 | ... BR43: {=SUMPRODUCT(($B43=CapexCategory)*(BR$3=CapExSalvageMonth)*SalGain)} -> 0
B44: Fixture | E44: =SUM(K44:V44) -> 0 | F44: =SUM(W44:AH44) -> 0 | G44: =SUM(AI44:AT44) -> 0 | H44: =SUM(AU44:BF44) -> 0 | I44: =SUM(BG44:BR44) -> 0 | K44: {=SUMPRODUCT(($B44=CapexCategory)*(K$3=CapExSalvageMonth)*SalGain)} -> 0 | L44: {=SUMPRODUCT(($B44=CapexCategory)*(L$3=CapExSalvageMonth)*SalGain)} -> 0 | M44: {=SUMPRODUCT(($B44=CapexCategory)*(M$3=CapExSalvageMonth)*SalGain)} -> 0 | N44: {=SUMPRODUCT(($B44=CapexCategory)*(N$3=CapExSalvageMonth)*SalGain)} -> 0 | O44: {=SUMPRODUCT(($B44=CapexCategory)*(O$3=CapExSalvageMonth)*SalGain)} -> 0 | P44: {=SUMPRODUCT(($B44=CapexCategory)*(P$3=CapExSalvageMonth)*SalGain)} -> 0 | Q44: {=SUMPRODUCT(($B44=CapexCategory)*(Q$3=CapExSalvageMonth)*SalGain)} -> 0 | R44: {=SUMPRODUCT(($B44=CapexCategory)*(R$3=CapExSalvageMonth)*SalGain)} -> 0 | ... BR44: {=SUMPRODUCT(($B44=CapexCategory)*(BR$3=CapExSalvageMonth)*SalGain)} -> 0
B45: Intang | E45: =SUM(K45:V45) -> -32 | F45: =SUM(W45:AH45) -> 0 | G45: =SUM(AI45:AT45) -> 0 | H45: =SUM(AU45:BF45) -> 0 | I45: =SUM(BG45:BR45) -> 0 | K45: {=SUMPRODUCT(($B45=CapexCategory)*(K$3=CapExSalvageMonth)*SalGain)} -> 0 | L45: {=SUMPRODUCT(($B45=CapexCategory)*(L$3=CapExSalvageMonth)*SalGain)} -> 0 | M45: {=SUMPRODUCT(($B45=CapexCategory)*(M$3=CapExSalvageMonth)*SalGain)} -> 0 | N45: {=SUMPRODUCT(($B45=CapexCategory)*(N$3=CapExSalvageMonth)*SalGain)} -> 0 | O45: {=SUMPRODUCT(($B45=CapexCategory)*(O$3=CapExSalvageMonth)*SalGain)} -> 0 | P45: {=SUMPRODUCT(($B45=CapexCategory)*(P$3=CapExSalvageMonth)*SalGain)} -> 0 | Q45: {=SUMPRODUCT(($B45=CapexCategory)*(Q$3=CapExSalvageMonth)*SalGain)} -> 0 | R45: {=SUMPRODUCT(($B45=CapexCategory)*(R$3=CapExSalvageMonth)*SalGain)} -> 0 | ... BR45: {=SUMPRODUCT(($B45=CapexCategory)*(BR$3=CapExSalvageMonth)*SalGain)} -> 0
B46: Land | E46: =SUM(K46:V46) -> 0 | F46: =SUM(W46:AH46) -> 0 | G46: =SUM(AI46:AT46) -> 0 | H46: =SUM(AU46:BF46) -> 0 | I46: =SUM(BG46:BR46) -> 0 | K46: {=SUMPRODUCT(($B46=CapexCategory)*(K$3=CapExSalvageMonth)*SalGain)} -> 0 | L46: {=SUMPRODUCT(($B46=CapexCategory)*(L$3=CapExSalvageMonth)*SalGain)} -> 0 | M46: {=SUMPRODUCT(($B46=CapexCategory)*(M$3=CapExSalvageMonth)*SalGain)} -> 0 | N46: {=SUMPRODUCT(($B46=CapexCategory)*(N$3=CapExSalvageMonth)*SalGain)} -> 0 | O46: {=SUMPRODUCT(($B46=CapexCategory)*(O$3=CapExSalvageMonth)*SalGain)} -> 0 | P46: {=SUMPRODUCT(($B46=CapexCategory)*(P$3=CapExSalvageMonth)*SalGain)} -> 0 | Q46: {=SUMPRODUCT(($B46=CapexCategory)*(Q$3=CapExSalvageMonth)*SalGain)} -> 0 | R46: {=SUMPRODUCT(($B46=CapexCategory)*(R$3=CapExSalvageMonth)*SalGain)} -> 0 | ... BR46: {=SUMPRODUCT(($B46=CapexCategory)*(BR$3=CapExSalvageMonth)*SalGain)} -> 0
B47: All other | E47: =SUM(K47:V47) -> 0 | F47: =SUM(W47:AH47) -> 0 | G47: =SUM(AI47:AT47) -> 0 | H47: =SUM(AU47:BF47) -> 5 | I47: =SUM(BG47:BR47) -> 0 | K47: {=SUMPRODUCT((K$3=CapExSalvageMonth)*SalGain)-SUM(K42:K46)} -> 0 | L47: {=SUMPRODUCT((L$3=CapExSalvageMonth)*SalGain)-SUM(L42:L46)} -> 0 | M47: {=SUMPRODUCT((M$3=CapExSalvageMonth)*SalGain)-SUM(M42:M46)} -> 0 | N47: {=SUMPRODUCT((N$3=CapExSalvageMonth)*SalGain)-SUM(N42:N46)} -> 0 | O47: {=SUMPRODUCT((O$3=CapExSalvageMonth)*SalGain)-SUM(O42:O46)} -> 0 | P47: {=SUMPRODUCT((P$3=CapExSalvageMonth)*SalGain)-SUM(P42:P46)} -> 0 | Q47: {=SUMPRODUCT((Q$3=CapExSalvageMonth)*SalGain)-SUM(Q42:Q46)} -> 0 | R47: {=SUMPRODUCT((R$3=CapExSalvageMonth)*SalGain)-SUM(R42:R46)} -> 0 | ... BR47: {=SUMPRODUCT((BR$3=CapExSalvageMonth)*SalGain)-SUM(BR42:BR46)} -> 0
B48: Gain/loss on Salvage | E48: =SUM(K48:V48) -> -32 | F48: =SUM(W48:AH48) -> 82.407407 | G48: =SUM(AI48:AT48) -> 0 | H48: =SUM(AU48:BF48) -> 5 | I48: =SUM(BG48:BR48) -> 15 | K48: =SUM(K42:K47) -> 0 | L48: =SUM(L42:L47) -> 0 | M48: =SUM(M42:M47) -> 0 | N48: =SUM(N42:N47) -> 0 | O48: =SUM(O42:O47) -> 0 | P48: =SUM(P42:P47) -> 0 | Q48: =SUM(Q42:Q47) -> 0 | R48: =SUM(R42:R47) -> 0 | ... BR48: =SUM(BR42:BR47) -> 0

Sheet Income
A1: info
B3: Profit & Loss | E3: 1 | F3: 2 | G3: 3 | H3: 4 | I3: 5 | K3: 1 | L3: 2 | M3: 3 | N3: 4 | O3: 5 | P3: 6 | Q3: 7 | R3: 8 | S3: 9 | T3: 10 | U3: 11 | V3: 12 | W3: 13 | X3: 14 | Y3: 15 | Z3: 16 | AA3: 17 | AB3: 18 | AC3: 19 | AD3: 20 | AE3: 21 | AF3: 22 | AG3: 23 | AH3: 24 | AI3: 25 | AJ3: 26 | AK3: 27 | AL3: 28 | AM3: 29 | AN3: 30 | AO3: 31 | AP3: 32 | AQ3: 33 | AR3: 34 | AS3: 35 | AT3: 36 | AU3: 37 | AV3: 38 | AW3: 39 | AX3: 40 | AY3: 41 | AZ3: 42 | BA3: 43 | BB3: 44 | BC3: 45 | BD3: 46 | BE3: 47 | BF3: 48 | BG3: 49 | BH3: 50 | BI3: 51 | BJ3: 52 | BK3: 53 | BL3: 54 | BM3: 55 | BN3: 56 | BO3: 57 | BP3: 58 | BQ3: 59 | BR3: 60
B5: Application fee | E5: =SUM(K5:V5) -> 185.03344 | F5: =SUM(W5:AH5) -> 196.44589 | G5: =SUM(AI5:AT5) -> 208.56225 | H5: =SUM(AU5:BF5) -> 221.42591 | I5: =SUM(BG5:BR5) -> 235.08297 | K5: =LoanRevApplication/1000*Loans!K5 -> 15 | L5: =LoanRevApplication/1000*Loans!L5 -> 15.075 | M5: =LoanRevApplication/1000*Loans!M5 -> 15.150375 | N5: =LoanRevApplication/1000*Loans!N5 -> 15.226127 | O5: =LoanRevApplication/1000*Loans!O5 -> 15.302258 | P5: =LoanRevApplication/1000*Loans!P5 -> 15.378769 | Q5: =LoanRevApplication/1000*Loans!Q5 -> 15.455663 | R5: =LoanRevApplication/1000*Loans!R5 -> 15.532941 | ... BR5: =LoanRevApplication/1000*Loans!BR5 -> 20.132092
B6: Origination fee | E6: =SUM(K6:V6) -> 339.22797 | F6: =SUM(W6:AH6) -> 360.1508 | G6: =SUM(AI6:AT6) -> 382.36412 | H6: =SUM(AU6:BF6) -> 405.9475 | I6: =SUM(BG6:BR6) -> 430.98545 | K6: =LoanRevOrigination*Loans!K19 -> 27.5 | L6: =LoanRevOrigination*Loans!L19 -> 27.6375 | M6: =LoanRevOrigination*Loans!M19 -> 27.775687 | N6: =LoanRevOrigination*Loans!N19 -> 27.914566 | O6: =LoanRevOrigination*Loans!O19 -> 28.054139 | P6: =LoanRevOrigination*Loans!P19 -> 28.194409 | Q6: =LoanRevOrigination*Loans!Q19 -> 28.335382 | R6: =LoanRevOrigination*Loans!R19 -> 28.477058 | ... BR6: =LoanRevOrigination*Loans!BR19 -> 36.908835
B7: Servicing fee | E7: =SUM(K7:V7) -> 202.79706 | F7: =SUM(W7:AH7) -> 338.27494 | G7: =SUM(AI7:AT7) -> 341.61183 | H7: =SUM(AU7:BF7) -> 341.77967 | I7: =SUM(BG7:BR7) -> 344.4399 | K7: =(LoanRevServicing/12)*Loans!K23 -> 3.9591426 | L7: =(LoanRevServicing/12)*Loans!L23 -> 7.7331547 | M7: =(LoanRevServicing/12)*Loans!M23 -> 11.318257 | N7: =(LoanRevServicing/12)*Loans!N23 -> 13.381195 | O7: =(LoanRevServicing/12)*Loans!O23 -> 15.320203 | P7: =(LoanRevServicing/12)*Loans!P23 -> 17.138941 | Q7: =(LoanRevServicing/12)*Loans!Q23 -> 18.83499 | R7: =(LoanRevServicing/12)*Loans!R23 -> 20.405888 | ... BR7: =(LoanRevServicing/12)*Loans!BR23 -> 28.693925
B8: Delinquency fee | E8: =SUM(K8:V8) -> 42.587383 | F8: =SUM(W8:AH8) -> 71.037737 | G8: =SUM(AI8:AT8) -> 71.738484 | H8: =SUM(AU8:BF8) -> 71.77373 | I8: =SUM(BG8:BR8) -> 72.332379 | K8: =MitigateDelinquency*(LoanRevDelinquency/1000)*Loans!K23 -> 0.83141994 | L8: =MitigateDelinquency*(LoanRevDelinquency/1000)*Loans!L23 -> 1.6239625 | M8: =MitigateDelinquency*(LoanRevDelinquency/1000)*Loans!M23 -> 2.3768339 | N8: =MitigateDelinquency*(LoanRevDelinquency/1000)*Loans!N23 -> 2.8100509 | O8: =MitigateDelinquency*(LoanRevDelinquency/1000)*Loans!O23 -> 3.2172425 | P8: =MitigateDelinquency*(LoanRevDelinquency/1000)*Loans!P23 -> 3.5991777 | Q8: =MitigateDelinquency*(LoanRevDelinquency/1000)*Loans!Q23 -> 3.955348 | R8: =MitigateDelinquency*(LoanRevDelinquency/1000)*Loans!R23 -> 4.2852365 | ... BR8: =MitigateDelinquency*(LoanRevDelinquency/1000)*Loans!BR23 -> 6.0257242
B9: Revenue from Fees | E9: =SUM(K9:V9) -> 769.64584 | F9: =SUM(W9:AH9) -> 965.90937 | G9: =SUM(AI9:AT9) -> 1004.2767 | H9: =SUM(AU9:BF9) -> 1040.9268 | I9: =SUM(BG9:BR9) -> 1082.8407 | K9: =SUM(K5:K8) -> 47.290563 | L9: =SUM(L5:L8) -> 52.069617 | M9: =SUM(M5:M8) -> 56.621153 | N9: =SUM(N5:N8) -> 59.331939 | O9: =SUM(O5:O8) -> 61.893841 | P9: =SUM(P5:P8) -> 64.311297 | Q9: =SUM(Q5:Q8) -> 66.581382 | R9: =SUM(R5:R8) -> 68.701124 | ... BR9: =SUM(BR5:BR8) -> 91.760576
B10: Loan interest collected | E10: =SUM(K10:V10) -> 2198.5169 | F10: =SUM(W10:AH10) -> 3656.916 | G10: =SUM(AI10:AT10) -> 3603.0023 | H10: =SUM(AU10:BF10) -> 4074.2232 | I10: =SUM(BG10:BR10) -> 4373.3931 | K10: =Loans!K11 -> 37.5 | L10: =Loans!L11 -> 76.462238 | M10: =Loans!M11 -> 113.62441 | N10: =Loans!N11 -> 148.94974 | O10: =Loans!O11 -> 170.44367 | P10: =Loans!P11 -> 189.67199 | Q10: =Loans!Q11 -> 207.7313 | R10: =Loans!R11 -> 224.59803 | ... BR10: =Loans!BR11 -> 374.52968
B11: Credit facility interest | E11: =SUM(K11:V11) -> -581.20023 | F11: =SUM(W11:AH11) -> -1061.7389 | G11: =SUM(AI11:AT11) -> -1055.4986 | H11: =SUM(AU11:BF11) -> -1020.5569 | I11: =SUM(BG11:BR11) -> -981.52052 | K11: =Credit!K18 -> 0 | L11: =Credit!L18 -> -12.773245 | M11: =Credit!M18 -> -25.003487 | N11: =Credit!N18 -> -36.570872 | O11: =Credit!O18 -> -44.481841 | P11: =Credit!P18 -> -50.596178 | Q11: =Credit!Q18 -> -56.889701 | R11: =Credit!R18 -> -62.152485 | ... BR11: =Credit!BR18 -> -79.594128
B12: Net Interest Income | E12: =SUM(K12:V12) -> 1617.3167 | F12: =SUM(W12:AH12) -> 2595.1771 | G12: =SUM(AI12:AT12) -> 2547.5037 | H12: =SUM(AU12:BF12) -> 3053.6663 | I12: =SUM(BG12:BR12) -> 3391.8725 | K12: =SUM(K10:K11) -> 37.5 | L12: =SUM(L10:L11) -> 63.688994 | M12: =SUM(M10:M11) -> 88.620927 | N12: =SUM(N10:N11) -> 112.37887 | O12: =SUM(O10:O11) -> 125.96183 | P12: =SUM(P10:P11) -> 139.07581 | Q12: =SUM(Q10:Q11) -> 150.8416 | R12: =SUM(R10:R11) -> 162.44555 | ... BR12: =SUM(BR10:BR11) -> 294.93555
B13: Gain on loan sales | E13: =SUM(K13:V13) -> 184.07212 | F13: =SUM(W13:AH13) -> 257.78795 | G13: =SUM(AI13:AT13) -> 272.07174 | H13: =SUM(AU13:BF13) -> 290.56821 | I13: =SUM(BG13:BR13) -> 308.48982 | K13: =Loans!K16 -> 0 | L13: =Loans!L16 -> 0 | M13: =Loans!M16 -> 0 | N13: =Loans!N16 -> 19.941157 | O13: =Loans!O16 -> 20.16002 | P13: =Loans!P16 -> 20.26082 | Q13: =Loans!Q16 -> 20.362124 | R13: =Loans!R16 -> 20.463934 | ... BR13: =Loans!BR16 -> 26.418525
B14: Revenue | E14: =SUM(K14:V14) -> 2571.0347 | F14: =SUM(W14:AH14) -> 3818.8744 | G14: =SUM(AI14:AT14) -> 3823.8521 | H14: =SUM(AU14:BF14) -> 4385.1613 | I14: =SUM(BG14:BR14) -> 4783.2031 | K14: =SUM(K9,K12,K13) -> 84.790563 | L14: =SUM(L9,L12,L13) -> 115.75861 | M14: =SUM(M9,M12,M13) -> 145.24208 | N14: =SUM(N9,N12,N13) -> 191.65196 | O14: =SUM(O9,O12,O13) -> 208.01569 | P14: =SUM(P9,P12,P13) -> 223.64793 | Q14: =SUM(Q9,Q12,Q13) -> 237.7851 | R14: =SUM(R9,R12,R13) -> 251.61061 | ... BR14: =SUM(BR9,BR12,BR13) -> 413.11465
B15: Loan chargeoffs | E15: =SUM(K15:V15) -> 137.29757 | F15: =SUM(W15:AH15) -> 233.69868 | G15: =SUM(AI15:AT15) -> 239.97448 | H15: =SUM(AU15:BF15) -> 241.72117 | I15: =SUM(BG15:BR15) -> 245.85885 | K15: =Loans!K20 -> 2.5 | L15: =Loans!L20 -> 4.8879855 | M15: =Loans!M20 -> 7.1649553 | N15: =Loans!N20 -> 9.3286417 | O15: =Loans!O20 -> 10.579093 | P15: =Loans!P20 -> 11.75525 | Q15: =Loans!Q20 -> 12.859309 | R15: =Loans!R20 -> 13.889818 | ... BR15: =Loans!BR20 -> 20.572456
B16: Referral fee | E16: =SUM(K16:V16) -> 154.19453 | F16: =SUM(W16:AH16) -> 163.70491 | G16: =SUM(AI16:AT16) -> 173.80187 | H16: =SUM(AU16:BF16) -> 184.52159 | I16: =SUM(BG16:BR16) -> 195.90248 | K16: =LoanCostReferral/1000*Loans!K5 -> 12.5 | L16: =LoanCostReferral/1000*Loans!L5 -> 12.5625 | M16: =LoanCostReferral/1000*Loans!M5 -> 12.625312 | N16: =LoanCostReferral/1000*Loans!N5 -> 12.688439 | O16: =LoanCostReferral/1000*Loans!O5 -> 12.751881 | P16: =LoanCostReferral/1000*Loans!P5 -> 12.815641 | Q16: =LoanCostReferral/1000*Loans!Q5 -> 12.879719 | R16: =LoanCostReferral/1000*Loans!R5 -> 12.944117 | ... BR16: =LoanCostReferral/1000*Loans!BR5 -> 16.776743
B17: Commission | E17: =SUM(K17:V17) -> 308.38906 | F17: =SUM(W17:AH17) -> 327.40982 | G17: =SUM(AI17:AT17) -> 347.60374 | H17: =SUM(AU17:BF17) -> 369.04318 | I17: =SUM(BG17:BR17) -> 391.80496 | K17: =LoanCostCommission*Loans!K19 -> 25 | L17: =LoanCostCommission*Loans!L19 -> 25.125 | M17: =LoanCostCommission*Loans!M19 -> 25.250625 | N17: =LoanCostCommission*Loans!N19 -> 25.376878 | O17: =LoanCostCommission*Loans!O19 -> 25.503763 | P17: =LoanCostCommission*Loans!P19 -> 25.631281 | Q17: =LoanCostCommission*Loans!Q19 -> 25.759438 | R17: =LoanCostCommission*Loans!R19 -> 25.888235 | ... BR17: =LoanCostCommission*Loans!BR19 -> 33.553486
B18: Processing fee | E18: =SUM(K18:V18) -> 123.35562 | F18: =SUM(W18:AH18) -> 130.96393 | G18: =SUM(AI18:AT18) -> 139.0415 | H18: =SUM(AU18:BF18) -> 147.61727 | I18: =SUM(BG18:BR18) -> 156.72198 | K18: =LoanCostProcessing/1000*Loans!K5 -> 10 | L18: =LoanCostProcessing/1000*Loans!L5 -> 10.05 | M18: =LoanCostProcessing/1000*Loans!M5 -> 10.10025 | N18: =LoanCostProcessing/1000*Loans!N5 -> 10.150751 | O18: =LoanCostProcessing/1000*Loans!O5 -> 10.201505 | P18: =LoanCostProcessing/1000*Loans!P5 -> 10.252513 | Q18: =LoanCostProcessing/1000*Loans!Q5 -> 10.303775 | R18: =LoanCostProcessing/1000*Loans!R5 -> 10.355294 | ... BR18: =LoanCostProcessing/1000*Loans!BR5 -> 13.421395
B19: Loss Provision | E19: =SUM(K19:V19) -> 760.9784 | F19: =SUM(W19:AH19) -> 100.36328 | G19: =SUM(AI19:AT19) -> -12.35052 | H19: =SUM(AU19:BF19) -> 12.547362 | I19: =SUM(BG19:BR19) -> -0.72077922 | K19: =Loans!K24 -> 118.77428 | L19: =Loans!L24-Loans!K24 -> 113.22036 | M19: =Loans!M24-Loans!L24 -> 107.55305 | N19: =Loans!N24-Loans!M24 -> 61.888153 | O19: =Loans!O24-Loans!N24 -> 58.170228 | P19: =Loans!P24-Loans!O24 -> 54.562167 | Q19: =Loans!Q24-Loans!P24 -> 50.881468 | R19: =Loans!R24-Loans!Q24 -> 47.126933 | S19: =Loans!S24-Loans!R24 -> 43.297343 | ... BR19: =Loans!BR24-Loans!BQ24 -> -0.037603094
B20: Cost of Sales | E20: =SUM(K20:V20) -> 1346.9176 | F20: =SUM(W20:AH20) -> 722.44194 | G20: =SUM(AI20:AT20) -> 648.09659 | H20: =SUM(AU20:BF20) -> 713.72941 | I20: =SUM(BG20:BR20) -> 743.70864 | K20: =SUM(K16:K19) -> 166.27428 | L20: =SUM(L16:L19) -> 160.95786 | M20: =SUM(M16:M19) -> 155.52924 | N20: =SUM(N16:N19) -> 110.10422 | O20: =SUM(O16:O19) -> 106.62738 | P20: =SUM(P16:P19) -> 103.2616 | Q20: =SUM(Q16:Q19) -> 99.8244 | R20: =SUM(R16:R19) -> 96.314579 | ... BR20: =SUM(BR16:BR19) -> 63.714021
B21: Overhead | E21: =SUM(K21:V21) -> 604.72028 | F21: =SUM(W21:AH21) -> 615.13219 | G21: =SUM(AI21:AT21) -> 625.72337 | H21: =SUM(AU21:BF21) -> 636.49691 | I21: =SUM(BG21:BR21) -> 647.45594 | K21: =SUM(OverheadAmount)/12 -> 50 | L21: =K21*(1+SUMPRODUCT(OverheadGrowth,OverheadAmount)/SUM(OverheadAmount)/12) -> 50.071181 | M21: =L21*(1+SUMPRODUCT(OverheadGrowth,OverheadAmount)/SUM(OverheadAmount)/12) -> 50.142462 | N21: =M21*(1+SUMPRODUCT(OverheadGrowth,OverheadAmount)/SUM(OverheadAmount)/12) -> 50.213846 | O21: =N21*(1+SUMPRODUCT(OverheadGrowth,OverheadAmount)/SUM(OverheadAmount)/12) -> 50.285331 | P21: =O21*(1+SUMPRODUCT(OverheadGrowth,OverheadAmount)/SUM(OverheadAmount)/12) -> 50.356918 | Q21: =P21*(1+SUMPRODUCT(OverheadGrowth,OverheadAmount)/SUM(OverheadAmount)/12) -> 50.428606 | R21: =Q21*(1+SUMPRODUCT(OverheadGrowth,OverheadAmount)/SUM(OverheadAmount)/12) -> 50.500397 | S21: =R21*(1+SUMPRODUCT(OverheadGrowth,OverheadAmount)/SUM(OverheadAmount)/12) -> 50.57229 | ... BR21: =BQ21*(1+SUMPRODUCT(OverheadGrowth,OverheadAmount)/SUM(OverheadAmount)/12) -> 54.377819
B22: Payroll | E22: =SUM(K22:V22) -> 1077.2709 | F22: =SUM(W22:AH22) -> 1559.6378 | G22: =SUM(AI22:AT22) -> 1676.3272 | H22: =SUM(AU22:BF22) -> 1701.6457 | I22: =SUM(BG22:BR22) -> 1727.3466 | K22: {=SUMPRODUCT((CompStartMonth=K$3)*CompTotal)} -> 70.426667 | L22: {=K22*(1+CompGrowth/12)+SUMPRODUCT((CompStartMonth=L$3)*CompTotal)} -> 79.7147 | M22: {=L22*(1+CompGrowth/12)+SUMPRODUCT((CompStartMonth=M$3)*CompTotal)} -> 87.787677 | N22: {=M22*(1+CompGrowth/12)+SUMPRODUCT((CompStartMonth=N$3)*CompTotal)} -> 87.897411 | O22: {=N22*(1+CompGrowth/12)+SUMPRODUCT((CompStartMonth=O$3)*CompTotal)} -> 88.007283 | P22: {=O22*(1+CompGrowth/12)+SUMPRODUCT((CompStartMonth=P$3)*CompTotal)} -> 88.117292 | Q22: {=P22*(1+CompGrowth/12)+SUMPRODUCT((CompStartMonth=Q$3)*CompTotal)} -> 95.587439 | R22: {=Q22*(1+CompGrowth/12)+SUMPRODUCT((CompStartMonth=R$3)*CompTotal)} -> 95.706923 | S22: {=R22*(1+CompGrowth/12)+SUMPRODUCT((CompStartMonth=S$3)*CompTotal)} -> 95.826557 | ... BR22: {=BQ22*(1+CompGrowth/12)+SUMPRODUCT((CompStartMonth=BR$3)*CompTotal)} -> 144.93661
B23: Depreciation & Amort | E23: =SUM(K23:V23) -> 223.33333 | F23: =SUM(W23:AH23) -> 84.074074 | G23: =SUM(AI23:AT23) -> 0 | H23: =SUM(AU23:BF23) -> 0 | I23: =SUM(BG23:BR23) -> 0 | K23: =CapEx!K19 -> 4 | L23: =CapEx!L19 -> 4 | M23: =CapEx!M19 -> 4 | N23: =CapEx!N19 -> 13.259259 | O23: =CapEx!O19 -> 13.259259 | P23: =CapEx!P19 -> 20.402116 | Q23: =CapEx!Q19 -> 20.402116 | R23: =CapEx!R19 -> 37.068783 | ... BR23: =CapEx!BR19 -> 0
B24: Operating Income | E24: =SUM(K24:V24) -> -818.50506 | F24: =SUM(W24:AH24) -> 603.88976 | G24: =SUM(AI24:AT24) -> 633.7305 | H24: =SUM(AU24:BF24) -> 1091.5681 | I24: =SUM(BG24:BR24) -> 1418.833 | K24: =K14-SUM(K15,K20:K23) -> -208.41038 | L24: =L14-SUM(L15,L20:L23) -> -183.87312 | M24: =M14-SUM(M15,M20:M23) -> -159.38226 | N24: =N14-SUM(N15,N20:N23) -> -79.151416 | O24: =O14-SUM(O15,O20:O23) -> -60.742649 | P24: =P14-SUM(P15,P20:P23) -> -50.245247 | Q24: =Q14-SUM(Q15,Q20:Q23) -> -41.316767 | R24: =R14-SUM(R15,R20:R23) -> -41.869893 | ... BR24: =BR14-SUM(BR15,BR20:BR23) -> 129.51374
B26: Gain/loss on salvage | E26: =SUM(K26:V26) -> -32 | F26: =SUM(W26:AH26) -> 82.407407 | G26: =SUM(AI26:AT26) -> 0 | H26: =SUM(AU26:BF26) -> 5 | I26: =SUM(BG26:BR26) -> 15 | K26: =CapEx!K48 -> 0 | L26: =CapEx!L48 -> 0 | M26: =CapEx!M48 -> 0 | N26: =CapEx!N48 -> 0 | O26: =CapEx!O48 -> 0 | P26: =CapEx!P48 -> 0 | Q26: =CapEx!Q48 -> 0 | R26: =CapEx!R48 -> 0 | ... BR26: =CapEx!BR48 -> 0
B27: Interest- S/T debt | E27: =SUM(K27:V27) -> 1.975 | F27: =SUM(W27:AH27) -> 3.6 | G27: =SUM(AI27:AT27) -> 3.6 | H27: =SUM(AU27:BF27) -> 3.6 | I27: =SUM(BG27:BR27) -> 3.6 | K27: =RateShort/12*Balance!K22 -> 0.05 | L27: =RateShort/12*Balance!L22 -> 0.05 | M27: =RateShort/12*Balance!M22 -> 0.05 | N27: =RateShort/12*Balance!N22 -> 0.05 | O27: =RateShort/12*Balance!O22 -> 0.05 | P27: =RateShort/12*Balance!P22 -> 0.175 | Q27: =RateShort/12*Balance!Q22 -> 0.175 | R27: =RateShort/12*Balance!R22 -> 0.175 | ... BR27: =RateShort/12*Balance!BR22 -> 0.3
B28: Interest- L/T debt | E28: =SUM(K28:V28) -> 7 | F28: =SUM(W28:AH28) -> 7 | G28: =SUM(AI28:AT28) -> 7 | H28: =SUM(AU28:BF28) -> 7 | I28: =SUM(BG28:BR28) -> 7 | K28: =RateLong/12*Balance!K25 -> 0.58333333 | L28: =RateLong/12*Balance!L25 -> 0.58333333 | M28: =RateLong/12*Balance!M25 -> 0.58333333 | N28: =RateLong/12*Balance!N25 -> 0.58333333 | O28: =RateLong/12*Balance!O25 -> 0.58333333 | P28: =RateLong/12*Balance!P25 -> 0.58333333 | Q28: =RateLong/12*Balance!Q25 -> 0.58333333 | R28: =RateLong/12*Balance!R25 -> 0.58333333 | ... BR28: =RateLong/12*Balance!BR25 -> 0.58333333
B29: Income Tax | E29: =SUM(K29:V29) -> -343.79203 | F29: =SUM(W29:AH29) -> 270.27887 | G29: =SUM(AI29:AT29) -> 249.2522 | H29: =SUM(AU29:BF29) -> 434.38725 | I29: =SUM(BG29:BR29) -> 569.29321 | K29: =(SUM(K24,K26)-SUM(K27:K28))*OtherTaxes -> -83.617486 | L29: =(SUM(L24,L26)-SUM(L27:L28))*OtherTaxes -> -73.802581 | M29: =(SUM(M24,M26)-SUM(M27:M28))*OtherTaxes -> -64.006236 | N29: =(SUM(N24,N26)-SUM(N27:N28))*OtherTaxes -> -31.9139 | O29: =(SUM(O24,O26)-SUM(O27:O28))*OtherTaxes -> -24.550393 | P29: =(SUM(P24,P26)-SUM(P27:P28))*OtherTaxes -> -20.401432 | Q29: =(SUM(Q24,Q26)-SUM(Q27:Q28))*OtherTaxes -> -16.83004 | R29: =(SUM(R24,R26)-SUM(R27:R28))*OtherTaxes -> -17.051291 | ... BR29: =(SUM(BR24,BR26)-SUM(BR27:BR28))*OtherTaxes -> 51.452163
B30: Net Income | E30: =SUM(K30:V30) -> -515.68804 | F30: =SUM(W30:AH30) -> 405.4183 | G30: =SUM(AI30:AT30) -> 373.8783 | H30: =SUM(AU30:BF30) -> 651.58088 | I30: =SUM(BG30:BR30) -> 853.93982 | K30: =SUM(K24:K26)-SUM(K27:K29) -> -125.42623 | L30: =SUM(L24:L26)-SUM(L27:L29) -> -110.70387 | M30: =SUM(M24:M26)-SUM(M27:M29) -> -96.009354 | N30: =SUM(N24:N26)-SUM(N27:N29) -> -47.870849 | O30: =SUM(O24:O26)-SUM(O27:O29) -> -36.82559 | P30: =SUM(P24:P26)-SUM(P27:P29) -> -30.602148 | Q30: =SUM(Q24:Q26)-SUM(Q27:Q29) -> -25.24506 | R30: =SUM(R24:R26)-SUM(R27:R29) -> -25.576936 | ... BR30: =SUM(BR24:BR26)-SUM(BR27:BR29) -> 77.178244
B32: Dividends | E32: =SUM(K32:V32) -> 50 | F32: =SUM(W32:AH32) -> 100 | G32: =SUM(AI32:AT32) -> 0 | H32: =SUM(AU32:BF32) -> 0 | I32: =SUM(BG32:BR32) -> 0 | K32: =IFERROR(VLOOKUP(K3,CapitalEquityMonth:CapitalDividends,4,FALSE),0) -> 0 | L32: =IFERROR(VLOOKUP(L3,CapitalEquityMonth:CapitalDividends,4,FALSE),0) -> 0 | M32: =IFERROR(VLOOKUP(M3,CapitalEquityMonth:CapitalDividends,4,FALSE),0) -> 0 | N32: =IFERROR(VLOOKUP(N3,CapitalEquityMonth:CapitalDividends,4,FALSE),0) -> 0 | O32: =IFERROR(VLOOKUP(O3,CapitalEquityMonth:CapitalDividends,4,FALSE),0) -> 0 | P32: =IFERROR(VLOOKUP(P3,CapitalEquityMonth:CapitalDividends,4,FALSE),0) -> 50 | Q32: =IFERROR(VLOOKUP(Q3,CapitalEquityMonth:CapitalDividends,4,FALSE),0) -> 0 | R32: =IFERROR(VLOOKUP(R3,CapitalEquityMonth:CapitalDividends,4,FALSE),0) -> 0 | ... BR32: =IFERROR(VLOOKUP(BR3,CapitalEquityMonth:CapitalDividends,4,FALSE),0) -> 0
B33: Retained Earnings | E33: =V33 -> -565.68804 | F33: =AH33 -> -260.26974 | G33: =AT33 -> 113.60856 | H33: =BF33 -> 765.18944 | I33: =BR33 -> 1619.1293 | K33: =K30-K32 -> -125.42623 | L33: =K33+L30-L32 -> -236.1301 | M33: =L33+M30-M32 -> -332.13945 | N33: =M33+N30-N32 -> -380.0103 | O33: =N33+O30-O32 -> -416.83589 | P33: =O33+P30-P32 -> -497.43804 | Q33: =P33+Q30-Q32 -> -522.6831 | R33: =Q33+R30-R32 -> -548.26004 | S33: =R33+S30-S32 -> -564.85388 | ... BR33: =BQ33+BR30-BR32 -> 1619.1293

Sheet Balance
A1: info
B3: Balance Sheet | E3: 1 | F3: 2 | G3: 3 | H3: 4 | I3: 5 | K3: 1 | L3: 2 | M3: 3 | N3: 4 | O3: 5 | P3: 6 | Q3: 7 | R3: 8 | S3: 9 | T3: 10 | U3: 11 | V3: 12 | W3: 13 | X3: 14 | Y3: 15 | Z3: 16 | AA3: 17 | AB3: 18 | AC3: 19 | AD3: 20 | AE3: 21 | AF3: 22 | AG3: 23 | AH3: 24 | AI3: 25 | AJ3: 26 | AK3: 27 | AL3: 28 | AM3: 29 | AN3: 30 | AO3: 31 | AP3: 32 | AQ3: 33 | AR3: 34 | AS3: 35 | AT3: 36 | AU3: 37 | AV3: 38 | AW3: 39 | AX3: 40 | AY3: 41 | AZ3: 42 | BA3: 43 | BB3: 44 | BC3: 45 | BD3: 46 | BE3: 47 | BF3: 48 | BG3: 49 | BH3: 50 | BI3: 51 | BJ3: 52 | BK3: 53 | BL3: 54 | BM3: 55 | BN3: 56 | BO3: 57 | BP3: 58 | BQ3: 59 | BR3: 60
B5: Cash | E5: =V5 -> 200 | F5: =AH5 -> 200 | G5: =AT5 -> 200 | H5: =BF5 -> 200 | I5: =BR5 -> 200 | K5: =Credit!K45 -> 200 | L5: =Credit!L45 -> 200 | M5: =Credit!M45 -> 200 | N5: =Credit!N45 -> 200 | O5: =Credit!O45 -> 200 | P5: =Credit!P45 -> 200 | Q5: =Credit!Q45 -> 200 | R5: =Credit!R45 -> 200 | ... BR5: =Credit!BR45 -> 200
B6: =Loans!B23 -> Loans Outstanding | C6: =Loans!C23 -> 0 | D6: =Loans!D23 -> 0 | E6: =Loans!E23 -> 15219.568 | F6: =Loans!F23 -> 17226.834 | G6: =Loans!G23 -> 16979.823 | H6: =Loans!H23 -> 17230.77 | I6: =Loans!I23 -> 17216.355 | ... BR6: =Loans!BR23 -> 17216.355
B7: =Loans!B24 -> Loss Reserve | C7: =Loans!C24 -> 0 | D7: =Loans!D24 -> 0 | E7: =Loans!E24 -> 760.9784 | F7: =Loans!F24 -> 861.34168 | G7: =Loans!G24 -> 848.99116 | H7: =Loans!H24 -> 861.53852 | I7: =Loans!I24 -> 860.81774 | ... BR7: =Loans!BR24 -> 860.81774
B8: Loans Receivable | E8: =V8 -> 14458.59 | F8: =AH8 -> 16365.492 | G8: =AT8 -> 16130.832 | H8: =BF8 -> 16369.232 | I8: =BR8 -> 16355.537 | K8: =Loans!K25 -> 2256.7113 | L8: =Loans!L25 -> 4407.8982 | M8: =Loans!M25 -> 6451.4062 | N8: =Loans!N25 -> 7627.2811 | O8: =Loans!O25 -> 8732.5155 | P8: =Loans!P25 -> 9769.1966 | Q8: =Loans!Q25 -> 10735.945 | R8: =Loans!R25 -> 11631.356 | ... BR8: =Loans!BR25 -> 16355.537
B9: Current Assets | E9: =V9 -> 14658.59 | F9: =AH9 -> 16565.492 | G9: =AT9 -> 16330.832 | H9: =BF9 -> 16569.232 | I9: =BR9 -> 16555.537 | K9: =SUM(K5,K8) -> 2456.7113 | L9: =SUM(L5,L8) -> 4607.8982 | M9: =SUM(M5,M8) -> 6651.4062 | N9: =SUM(N5,N8) -> 7827.2811 | O9: =SUM(O5,O8) -> 8932.5155 | P9: =SUM(P5,P8) -> 9969.1966 | Q9: =SUM(Q5,Q8) -> 10935.945 | R9: =SUM(R5,R8) -> 11831.356 | ... BR9: =SUM(BR5,BR8) -> 16555.537
B10: Facility | E10: =V10 -> 250 | F10: =AH10 -> 0 | G10: =AT10 -> 0 | H10: =BF10 -> 0 | I10: =BR10 -> 0 | K10: =CapEx!K27 -> 0 | L10: =CapEx!L27 -> 0 | M10: =CapEx!M27 -> 0 | N10: =CapEx!N27 -> 250 | O10: =CapEx!O27 -> 250 | P10: =CapEx!P27 -> 250 | Q10: =CapEx!Q27 -> 250 | R10: =CapEx!R27 -> 250 | ... BR10: =CapEx!BR27 -> 0
B11: Equip | E11: =V11 -> 0 | F11: =AH11 -> 0 | G11: =AT11 -> 0 | H11: =BF11 -> 0 | I11: =BR11 -> 0 | K11: =CapEx!K28 -> 40 | L11: =CapEx!L28 -> 40 | M11: =CapEx!M28 -> 40 | N11: =CapEx!N28 -> 40 | O11: =CapEx!O28 -> 40 | P11: =CapEx!P28 -> 40 | Q11: =CapEx!Q28 -> 40 | R11: =CapEx!R28 -> 40 | ... BR11: =CapEx!BR28 -> 0
B12: Fixture | E12: =V12 -> 0 | F12: =AH12 -> 0 | G12: =AT12 -> 0 | H12: =BF12 -> 0 | I12: =BR12 -> 0 | K12: =CapEx!K29 -> 0 | L12: =CapEx!L29 -> 0 | M12: =CapEx!M29 -> 0 | N12: =CapEx!N29 -> 0 | O12: =CapEx!O29 -> 0 | P12: =CapEx!P29 -> 0 | Q12: =CapEx!Q29 -> 0 | R12: =CapEx!R29 -> 50 | ... BR12: =CapEx!BR29 -> 0
B13: Intang | E13: =V13 -> 100 | F13: =AH13 -> 0 | G13: =AT13 -> 0 | H13: =BF13 -> 0 | I13: =BR13 -> 0 | K13: =CapEx!K30 -> 0 | L13: =CapEx!L30 -> 0 | M13: =CapEx!M30 -> 0 | N13: =CapEx!N30 -> 0 | O13: =CapEx!O30 -> 0 | P13: =CapEx!P30 -> 100 | Q13: =CapEx!Q30 -> 100 | R13: =CapEx!R30 -> 100 | ... BR13: =CapEx!BR30 -> 0
B14: Land | E14: =V14 -> 0 | F14: =AH14 -> 0 | G14: =AT14 -> 0 | H14: =BF14 -> 0 | I14: =BR14 -> 0 | K14: =CapEx!K31 -> 0 | L14: =CapEx!L31 -> 0 | M14: =CapEx!M31 -> 0 | N14: =CapEx!N31 -> 0 | O14: =CapEx!O31 -> 0 | P14: =CapEx!P31 -> 0 | Q14: =CapEx!Q31 -> 0 | R14: =CapEx!R31 -> 0 | ... BR14: =CapEx!BR31 -> 0
B15: All Other | E15: =V15 -> 0 | F15: =AH15 -> 0 | G15: =AT15 -> 0 | H15: =BF15 -> 0 | I15: =BR15 -> 0 | K15: =CapEx!K32 -> 0 | L15: =CapEx!L32 -> 0 | M15: =CapEx!M32 -> 0 | N15: =CapEx!N32 -> 0 | O15: =CapEx!O32 -> 0 | P15: =CapEx!P32 -> 0 | Q15: =CapEx!Q32 -> 0 | R15: =CapEx!R32 -> 0 | ... BR15: =CapEx!BR32 -> 0
B16: Capital Invesments | E16: =V16 -> 350 | F16: =AH16 -> 0 | G16: =AT16 -> 0 | H16: =BF16 -> 0 | I16: =BR16 -> 0 | K16: =SUM(K10:K15) -> 40 | L16: =SUM(L10:L15) -> 40 | M16: =SUM(M10:M15) -> 40 | N16: =SUM(N10:N15) -> 290 | O16: =SUM(O10:O15) -> 290 | P16: =SUM(P10:P15) -> 390 | Q16: =SUM(Q10:Q15) -> 390 | R16: =SUM(R10:R15) -> 440 | ... BR16: =SUM(BR10:BR15) -> 0
B17: Accumulated Deprec | E17: =V17 -> -133.33333 | F17: =AH17 -> 0 | G17: =AT17 -> 0 | H17: =BF17 -> 0 | I17: =BR17 -> 0 | K17: =CapEx!K26 -> -4 | L17: =CapEx!L26 -> -8 | M17: =CapEx!M26 -> -12 | N17: =CapEx!N26 -> -25.259259 | O17: =CapEx!O26 -> -38.518519 | P17: =CapEx!P26 -> -58.920635 | Q17: =CapEx!Q26 -> -79.322751 | R17: =CapEx!R26 -> -116.39153 | ... BR17: =CapEx!BR26 -> 0
B18: Salvage value | E18: =V18 -> -50 | F18: =AH18 -> 0 | G18: =AT18 -> 0 | H18: =BF18 -> 0 | I18: =BR18 -> 0 | K18: =CapEx!K48-CapEx!K41 -> 0 | L18: =CapEx!L48-CapEx!L41 -> 0 | M18: =CapEx!M48-CapEx!M41 -> 0 | N18: =CapEx!N48-CapEx!N41 -> 0 | O18: =CapEx!O48-CapEx!O41 -> 0 | P18: =CapEx!P48-CapEx!P41 -> 0 | Q18: =CapEx!Q48-CapEx!Q41 -> 0 | R18: =CapEx!R48-CapEx!R41 -> 0 | ... BR18: =CapEx!BR48-CapEx!BR41 -> 0
B19: Net Fixed Assets | E19: =V19 -> 166.66667 | F19: =AH19 -> 0 | G19: =AT19 -> 0 | H19: =BF19 -> 0 | I19: =BR19 -> 0 | K19: =SUM(K16:K17)-K18 -> 36 | L19: =SUM(L16:L17)-L18 -> 32 | M19: =SUM(M16:M18) -> 28 | N19: =SUM(N16:N18) -> 264.74074 | O19: =SUM(O16:O18) -> 251.48148 | P19: =SUM(P16:P18) -> 331.07937 | Q19: =SUM(Q16:Q18) -> 310.67725 | R19: =SUM(R16:R18) -> 323.60847 | S19: =SUM(S16:S18) -> 286.53968 | T19: =SUM(T16:T18) -> 249.4709 | ... BR19: =SUM(BR16:BR18) -> 0
B20: Assets | E20: =V20 -> 14825.256 | F20: =AH20 -> 16565.492 | G20: =AT20 -> 16330.832 | H20: =BF20 -> 16569.232 | I20: =BR20 -> 16555.537 | K20: =SUM(K9,K19) -> 2492.7113 | L20: =SUM(L9,L19) -> 4639.8982 | M20: =SUM(M9,M19) -> 6679.4062 | N20: =SUM(N9,N19) -> 8092.0219 | O20: =SUM(O9,O19) -> 9183.9969 | P20: =SUM(P9,P19) -> 10300.276 | Q20: =SUM(Q9,Q19) -> 11246.622 | R20: =SUM(R9,R19) -> 12154.965 | ... BR20: =SUM(BR9,BR19) -> 16555.537
B22: Short-Term Debt | E22: =V22 -> 60 | F22: =AH22 -> 60 | G22: =AT22 -> 60 | H22: =BF22 -> 60 | I22: =BR22 -> 60 | K22: =CapitalShortStart+Credit!K6 -> 10 | L22: =K22+Credit!L6 -> 10 | M22: =L22+Credit!M6 -> 10 | N22: =M22+Credit!N6 -> 10 | O22: =N22+Credit!O6 -> 10 | P22: =O22+Credit!P6 -> 35 | Q22: =P22+Credit!Q6 -> 35 | R22: =Q22+Credit!R6 -> 35 | S22: =R22+Credit!S6 -> 60 | ... BR22: =BQ22+Credit!BR6 -> 60
B23: Credit Facility | E23: =V23 -> 15070.944 | F23: =AH23 -> 16505.762 | G23: =AT23 -> 15897.223 | H23: =BF23 -> 15484.042 | I23: =BR23 -> 14616.408 | K23: =Credit!K46 -> 2358.1375 | L23: =Credit!L46 -> 4616.0283 | M23: =Credit!M46 -> 6751.5457 | N23: =Credit!N46 -> 8212.0322 | O23: =Credit!O46 -> 9340.8328 | P23: =Credit!P46 -> 10502.714 | Q23: =Credit!Q46 -> 11474.305 | R23: =Credit!R46 -> 12408.225 | ... BR23: =Credit!BR46 -> 14616.408
B24: Current Liabilities | E24: =V24 -> 15130.944 | F24: =AH24 -> 16565.762 | G24: =AT24 -> 15957.223 | H24: =BF24 -> 15544.042 | I24: =BR24 -> 14676.408 | K24: =SUM(K22:K23) -> 2368.1375 | L24: =SUM(L22:L23) -> 4626.0283 | M24: =SUM(M22:M23) -> 6761.5457 | N24: =SUM(N22:N23) -> 8222.0322 | O24: =SUM(O22:O23) -> 9350.8328 | P24: =SUM(P22:P23) -> 10537.714 | Q24: =SUM(Q22:Q23) -> 11509.305 | R24: =SUM(R22:R23) -> 12443.225 | ... BR24: =SUM(BR22:BR23) -> 14676.408
B25: Long-Term Debt | E25: =V25 -> 100 | F25: =AH25 -> 100 | G25: =AT25 -> 100 | H25: =BF25 -> 100 | I25: =BR25 -> 100 | K25: =CapitalLongStart+Credit!K7 -> 100 | L25: =K25+Credit!L7 -> 100 | M25: =L25+Credit!M7 -> 100 | N25: =M25+Credit!N7 -> 100 | O25: =N25+Credit!O7 -> 100 | P25: =O25+Credit!P7 -> 100 | Q25: =P25+Credit!Q7 -> 100 | R25: =Q25+Credit!R7 -> 100 | S25: =R25+Credit!S7 -> 100 | ... BR25: =BQ25+Credit!BR7 -> 100
B26: Liabilities | E26: =V26 -> 15230.944 | F26: =AH26 -> 16665.762 | G26: =AT26 -> 16057.223 | H26: =BF26 -> 15644.042 | I26: =BR26 -> 14776.408 | K26: =SUM(K24:K25) -> 2468.1375 | L26: =SUM(L24:L25) -> 4726.0283 | M26: =SUM(M24:M25) -> 6861.5457 | N26: =SUM(N24:N25) -> 8322.0322 | O26: =SUM(O24:O25) -> 9450.8328 | P26: =SUM(P24:P25) -> 10637.714 | Q26: =SUM(Q24:Q25) -> 11609.305 | R26: =SUM(R24:R25) -> 12543.225 | ... BR26: =SUM(BR24:BR25) -> 14776.408
B28: Preferred | E28: =V28 -> 110 | F28: =AH28 -> 110 | G28: =AT28 -> 110 | H28: =BF28 -> 110 | I28: =BR28 -> 110 | K28: =CapitalPreferredStart+Credit!K9 -> 100 | L28: =K28+Credit!L9 -> 100 | M28: =L28+Credit!M9 -> 100 | N28: =M28+Credit!N9 -> 100 | O28: =N28+Credit!O9 -> 100 | P28: =O28+Credit!P9 -> 110 | Q28: =P28+Credit!Q9 -> 110 | R28: =Q28+Credit!R9 -> 110 | S28: =R28+Credit!S9 -> 110 | ... BR28: =BQ28+Credit!BR9 -> 110
B29: Common | E29: =V29 -> 50 | F29: =AH29 -> 50 | G29: =AT29 -> 50 | H29: =BF29 -> 50 | I29: =BR29 -> 50 | K29: =CapitalCommonStart+Credit!K10 -> 50 | L29: =K29+Credit!L10 -> 50 | M29: =L29+Credit!M10 -> 50 | N29: =M29+Credit!N10 -> 50 | O29: =N29+Credit!O10 -> 50 | P29: =O29+Credit!P10 -> 50 | Q29: =P29+Credit!Q10 -> 50 | R29: =Q29+Credit!R10 -> 50 | S29: =R29+Credit!S10 -> 50 | ... BR29: =BQ29+Credit!BR10 -> 50
B30: Retained Earnings | E30: =V30 -> -565.68804 | F30: =AH30 -> -260.26974 | G30: =AT30 -> 113.60856 | H30: =BF30 -> 765.18944 | I30: =BR30 -> 1619.1293 | K30: =Income!K33 -> -125.42623 | L30: =Income!L33 -> -236.1301 | M30: =Income!M33 -> -332.13945 | N30: =Income!N33 -> -380.0103 | O30: =Income!O33 -> -416.83589 | P30: =Income!P33 -> -497.43804 | Q30: =Income!Q33 -> -522.6831 | R30: =Income!R33 -> -548.26004 | ... BR30: =Income!BR33 -> 1619.1293
B31: Equity | E31: =V31 -> -405.68804 | F31: =AH31 -> -100.26974 | G31: =AT31 -> 273.60856 | H31: =BF31 -> 925.18944 | I31: =BR31 -> 1779.1293 | K31: =SUM(K28:K30) -> 24.573771 | L31: =SUM(L28:L30) -> -86.130101 | M31: =SUM(M28:M30) -> -182.13945 | N31: =SUM(N28:N30) -> -230.0103 | O31: =SUM(O28:O30) -> -266.83589 | P31: =SUM(P28:P30) -> -337.43804 | Q31: =SUM(Q28:Q30) -> -362.6831 | R31: =SUM(R28:R30) -> -388.26004 | ... BR31: =SUM(BR28:BR30) -> 1779.1293
B33: Check | E33: =IF(ABS(E20-E26-E31)<0.0001,"✔","✕") -> ✔ | F33: =IF(ABS(F20-F26-F31)<0.0001,"✔","✕") -> ✔ | G33: =IF(ABS(G20-G26-G31)<0.0001,"✔","✕") -> ✔ | H33: =IF(ABS(H20-H26-H31)<0.0001,"✔","✕") -> ✔ | I33: =IF(ABS(I20-I26-I31)<0.0001,"✔","✕") -> ✔ | K33: =IF(ABS(K20-K26-K31)<0.0001,"✔","✕") -> ✔ | L33: =IF(ABS(L20-L26-L31)<0.0001,"✔","✕") -> ✔ | M33: =IF(ABS(M20-M26-M31)<0.0001,"✔","✕") -> ✔ | N33: =IF(ABS(N20-N26-N31)<0.0001,"✔","✕") -> ✔ | O33: =IF(ABS(O20-O26-O31)<0.0001,"✔","✕") -> ✔ | P33: =IF(ABS(P20-P26-P31)<0.0001,"✔","✕") -> ✔ | Q33: =IF(ABS(Q20-Q26-Q31)<0.0001,"✔","✕") -> ✔ | R33: =IF(ABS(R20-R26-R31)<0.0001,"✔","✕") -> ✔ | ... BR33: =IF(ABS(BR20-BR26-BR31)<0.0001,"✔","✕") -> ✔

Sheet Cash
A1: info
B3: Cash Flow | E3: 1 | F3: 2 | G3: 3 | H3: 4 | I3: 5 | K3: 1 | L3: 2 | M3: 3 | N3: 4 | O3: 5 | P3: 6 | Q3: 7 | R3: 8 | S3: 9 | T3: 10 | U3: 11 | V3: 12 | W3: 13 | X3: 14 | Y3: 15 | Z3: 16 | AA3: 17 | AB3: 18 | AC3: 19 | AD3: 20 | AE3: 21 | AF3: 22 | AG3: 23 | AH3: 24 | AI3: 25 | AJ3: 26 | AK3: 27 | AL3: 28 | AM3: 29 | AN3: 30 | AO3: 31 | AP3: 32 | AQ3: 33 | AR3: 34 | AS3: 35 | AT3: 36 | AU3: 37 | AV3: 38 | AW3: 39 | AX3: 40 | AY3: 41 | AZ3: 42 | BA3: 43 | BB3: 44 | BC3: 45 | BD3: 46 | BE3: 47 | BF3: 48 | BG3: 49 | BH3: 50 | BI3: 51 | BJ3: 52 | BK3: 53 | BL3: 54 | BM3: 55 | BN3: 56 | BO3: 57 | BP3: 58 | BQ3: 59 | BR3: 60
B5: Net Income | E5: =SUM(K5:V5) -> -515.68804 | F5: =SUM(W5:AH5) -> 405.4183 | G5: =SUM(AI5:AT5) -> 373.8783 | H5: =SUM(AU5:BF5) -> 651.58088 | I5: =SUM(BG5:BR5) -> 853.93982 | K5: =Income!K30 -> -125.42623 | L5: =Income!L30 -> -110.70387 | M5: =Income!M30 -> -96.009354 | N5: =Income!N30 -> -47.870849 | O5: =Income!O30 -> -36.82559 | P5: =Income!P30 -> -30.602148 | Q5: =Income!Q30 -> -25.24506 | R5: =Income!R30 -> -25.576936 | ... BR5: =Income!BR30 -> 77.178244
B6: Depreciation & Amort | E6: =SUM(K6:V6) -> 223.33333 | F6: =SUM(W6:AH6) -> 84.074074 | G6: =SUM(AI6:AT6) -> 0 | H6: =SUM(AU6:BF6) -> 0 | I6: =SUM(BG6:BR6) -> 0 | K6: =Income!K23 -> 4 | L6: =Income!L23 -> 4 | M6: =Income!M23 -> 4 | N6: =Income!N23 -> 13.259259 | O6: =Income!O23 -> 13.259259 | P6: =Income!P23 -> 20.402116 | Q6: =Income!Q23 -> 20.402116 | R6: =Income!R23 -> 37.068783 | ... BR6: =Income!BR23 -> 0
B7: Gain on asset sales | E7: =SUM(K7:V7) -> 32 | F7: =SUM(W7:AH7) -> -82.407407 | G7: =SUM(AI7:AT7) -> 0 | H7: =SUM(AU7:BF7) -> -5 | I7: =SUM(BG7:BR7) -> -15 | K7: =-Income!K26 -> 0 | L7: =-Income!L26 -> 0 | M7: =-Income!M26 -> 0 | N7: =-Income!N26 -> 0 | O7: =-Income!O26 -> 0 | P7: =-Income!P26 -> 0 | Q7: =-Income!Q26 -> 0 | R7: =-Income!R26 -> 0 | ... BR7: =-Income!BR26 -> 0
B8: ∆ Loans Receivable | K8: =-Loans!K25 -> -2256.7113 | L8: =-Loans!L25+Loans!K25 -> -2151.1869 | M8: =-Loans!M25+Loans!L25 -> -2043.508 | N8: =-Loans!N25+Loans!M25 -> -1175.8749 | O8: =-Loans!O25+Loans!N25 -> -1105.2343 | P8: =-Loans!P25+Loans!O25 -> -1036.6812 | Q8: =-Loans!Q25+Loans!P25 -> -966.74789 | R8: =-Loans!R25+Loans!Q25 -> -895.41172 | S8: =-Loans!S25+Loans!R25 -> -822.64952 | ... BR8: =-Loans!BR25+Loans!BQ25 -> 0.71445878
B9: Cash from Operations | E9: =SUM(K9:V9) -> -14718.944 | F9: =SUM(W9:AH9) -> -1499.8174 | G9: =SUM(AI9:AT9) -> 608.53818 | H9: =SUM(AU9:BF9) -> 408.181 | I9: =SUM(BG9:BR9) -> 852.63463 | K9: =SUM(K5:K8) -> -2378.1375 | L9: =SUM(L5:L8) -> -2257.8908 | M9: =SUM(M5:M8) -> -2135.5174 | N9: =SUM(N5:N8) -> -1210.4865 | O9: =SUM(O5:O8) -> -1128.8007 | P9: =SUM(P5:P8) -> -1046.8812 | Q9: =SUM(Q5:Q8) -> -971.59083 | R9: =SUM(R5:R8) -> -883.91987 | ... BR9: =SUM(BR5:BR8) -> 77.892703
B11: Capital expenditures | E11: =SUM(K11:V11) -> -440 | F11: =SUM(W11:AH11) -> -10 | G11: =SUM(AI11:AT11) -> 0 | H11: =SUM(AU11:BF11) -> 0 | I11: =SUM(BG11:BR11) -> 0 | K11: =-Credit!K33 -> -40 | L11: =-Credit!L33 -> 0 | M11: =-Credit!M33 -> 0 | N11: =-Credit!N33 -> -250 | O11: =-Credit!O33 -> 0 | P11: =-Credit!P33 -> -100 | Q11: =-Credit!Q33 -> 0 | R11: =-Credit!R33 -> -50 | ... BR11: =-Credit!BR33 -> 0
B12: Salvage proceeds | E12: =SUM(K12:V12) -> 18 | F12: =SUM(W12:AH12) -> 175 | G12: =SUM(AI12:AT12) -> 0 | H12: =SUM(AU12:BF12) -> 5 | I12: =SUM(BG12:BR12) -> 15 | K12: =Credit!K25 -> 0 | L12: =Credit!L25 -> 0 | M12: =Credit!M25 -> 0 | N12: =Credit!N25 -> 0 | O12: =Credit!O25 -> 0 | P12: =Credit!P25 -> 0 | Q12: =Credit!Q25 -> 0 | R12: =Credit!R25 -> 0 | ... BR12: =Credit!BR25 -> 0
B13: Cash from Investing | E13: =SUM(K13:V13) -> -422 | F13: =SUM(W13:AH13) -> 165 | G13: =SUM(AI13:AT13) -> 0 | H13: =SUM(AU13:BF13) -> 5 | I13: =SUM(BG13:BR13) -> 15 | K13: =SUM(K11:K12) -> -40 | L13: =SUM(L11:L12) -> 0 | M13: =SUM(M11:M12) -> 0 | N13: =SUM(N11:N12) -> -250 | O13: =SUM(O11:O12) -> 0 | P13: =SUM(P11:P12) -> -100 | Q13: =SUM(Q11:Q12) -> 0 | R13: =SUM(R11:R12) -> -50 | ... BR13: =SUM(BR11:BR12) -> 0
B15: Short-term debt | E15: =SUM(K15:V15) -> 50 | F15: =SUM(W15:AH15) -> 0 | G15: =SUM(AI15:AT15) -> 0 | H15: =SUM(AU15:BF15) -> 0 | I15: =SUM(BG15:BR15) -> 0 | K15: =Balance!K22-CapitalShortStart -> 0 | L15: =Balance!L22-Balance!K22 -> 0 | M15: =Balance!M22-Balance!L22 -> 0 | N15: =Balance!N22-Balance!M22 -> 0 | O15: =Balance!O22-Balance!N22 -> 0 | P15: =Balance!P22-Balance!O22 -> 25 | Q15: =Balance!Q22-Balance!P22 -> 0 | R15: =Balance!R22-Balance!Q22 -> 0 | S15: =Balance!S22-Balance!R22 -> 25 | ... BR15: =Balance!BR22-Balance!BQ22 -> 0
B16: Long-term debt | K16: =Balance!K25-CapitalLongStart -> 0 | L16: =Balance!L25-Balance!K25 -> 0 | M16: =Balance!M25-Balance!L25 -> 0 | N16: =Balance!N25-Balance!M25 -> 0 | O16: =Balance!O25-Balance!N25 -> 0 | P16: =Balance!P25-Balance!O25 -> 0 | Q16: =Balance!Q25-Balance!P25 -> 0 | R16: =Balance!R25-Balance!Q25 -> 0 | S16: =Balance!S25-Balance!R25 -> 0 | ... BR16: =Balance!BR25-Balance!BQ25 -> 0
B17: Preferred stock | K17: =Balance!K28-CapitalPreferredStart -> 0 | L17: =Balance!L28-Balance!K28 -> 0 | M17: =Balance!M28-Balance!L28 -> 0 | N17: =Balance!N28-Balance!M28 -> 0 | O17: =Balance!O28-Balance!N28 -> 0 | P17: =Balance!P28-Balance!O28 -> 10 | Q17: =Balance!Q28-Balance!P28 -> 0 | R17: =Balance!R28-Balance!Q28 -> 0 | S17: =Balance!S28-Balance!R28 -> 0 | ... BR17: =Balance!BR28-Balance!BQ28 -> 0
B18: Common stock | K18: =Balance!K29-CapitalCommonStart -> 0 | L18: =Balance!L29-Balance!K29 -> 0 | M18: =Balance!M29-Balance!L29 -> 0 | N18: =Balance!N29-Balance!M29 -> 0 | O18: =Balance!O29-Balance!N29 -> 0 | P18: =Balance!P29-Balance!O29 -> 0 | Q18: =Balance!Q29-Balance!P29 -> 0 | R18: =Balance!R29-Balance!Q29 -> 0 | S18: =Balance!S29-Balance!R29 -> 0 | ... BR18: =Balance!BR29-Balance!BQ29 -> 0
B19: Dividends | E19: =SUM(K19:V19) -> -50 | F19: =SUM(W19:AH19) -> -100 | G19: =SUM(AI19:AT19) -> 0 | H19: =SUM(AU19:BF19) -> 0 | I19: =SUM(BG19:BR19) -> 0 | K19: =-Income!K32 -> 0 | L19: =-Income!L32 -> 0 | M19: =-Income!M32 -> 0 | N19: =-Income!N32 -> 0 | O19: =-Income!O32 -> 0 | P19: =-Income!P32 -> -50 | Q19: =-Income!Q32 -> 0 | R19: =-Income!R32 -> 0 | ... BR19: =-Income!BR32 -> 0
B20: Cash from Financing | E20: =SUM(K20:V20) -> 10 | F20: =SUM(W20:AH20) -> -100 | G20: =SUM(AI20:AT20) -> 0 | H20: =SUM(AU20:BF20) -> 0 | I20: =SUM(BG20:BR20) -> 0 | K20: =SUM(K15:K19) -> 0 | L20: =SUM(L15:L19) -> 0 | M20: =SUM(M15:M19) -> 0 | N20: =SUM(N15:N19) -> 0 | O20: =SUM(O15:O19) -> 0 | P20: =SUM(P15:P19) -> -15 | Q20: =SUM(Q15:Q19) -> 0 | R20: =SUM(R15:R19) -> 0 | ... BR20: =SUM(BR15:BR19) -> 0
B22: Free Cash Flow ⎯ Indirect | E22: =SUM(K22:V22) -> -15130.944 | F22: =SUM(W22:AH22) -> -1434.8174 | G22: =SUM(AI22:AT22) -> 608.53818 | H22: =SUM(AU22:BF22) -> 413.181 | I22: =SUM(BG22:BR22) -> 867.63463 | K22: =SUM(K9,K13,K20) -> -2418.1375 | L22: =SUM(L9,L13,L20) -> -2257.8908 | M22: =SUM(M9,M13,M20) -> -2135.5174 | N22: =SUM(N9,N13,N20) -> -1460.4865 | O22: =SUM(O9,O13,O20) -> -1128.8007 | P22: =SUM(P9,P13,P20) -> -1161.8812 | Q22: =SUM(Q9,Q13,Q20) -> -971.59083 | R22: =SUM(R9,R13,R20) -> -933.91987 | ... BR22: =SUM(BR9,BR13,BR20) -> 77.892703
B23: Free Cash Flow ⎯ Direct | E23: =Credit!E41 -> -15130.944 | F23: =Credit!F41 -> -1434.8174 | G23: =Credit!G41 -> 608.53818 | H23: =Credit!H41 -> 413.181 | I23: =Credit!I41 -> 867.63463 | J23: =Credit!J41 -> 0 | K23: =Credit!K41 -> -2418.1375 | L23: =Credit!L41 -> -2257.8908 | ... BR23: =Credit!BR41 -> 77.892703
B24: Check | E24: =IF(ABS(E23-E22)<0.0001,"✔","✕") -> ✔ | F24: =IF(ABS(F23-F22)<0.0001,"✔","✕") -> ✔ | G24: =IF(ABS(G23-G22)<0.0001,"✔","✕") -> ✔ | H24: =IF(ABS(H23-H22)<0.0001,"✔","✕") -> ✔ | I24: =IF(ABS(I23-I22)<0.0001,"✔","✕") -> ✔ | K24: =IF(ABS(K23-K22)<0.0001,"✔","✕") -> ✔ | L24: =IF(ABS(L23-L22)<0.0001,"✔","✕") -> ✔ | M24: =IF(ABS(M23-M22)<0.0001,"✔","✕") -> ✔ | N24: =IF(ABS(N23-N22)<0.0001,"✔","✕") -> ✔ | O24: =IF(ABS(O23-O22)<0.0001,"✔","✕") -> ✔ | P24: =IF(ABS(P23-P22)<0.0001,"✔","✕") -> ✔ | Q24: =IF(ABS(Q23-Q22)<0.0001,"✔","✕") -> ✔ | R24: =IF(ABS(R23-R22)<0.0001,"✔","✕") -> ✔ | ... BR24: =IF(ABS(BR23-BR22)<0.0001,"✔","✕") -> ✔
B26: Wgtd Avg Cost of Capital | E26: {=(SUM(Balance!E28:I28)/5)/SUM((Balance!E28:I29)/5)*RatePreferred+(SUM(Balance!E29:I29)/5)/SUM((Balance!E28:I29)/5)*RateCommon} -> 0.129375
B27: Present Value, FCFE | E27: =SUM(K27:V27) -> -14419.265 | F27: =SUM(W27:AH27) -> -1168.3021 | G27: =SUM(AI27:AT27) -> 445.92718 | H27: =SUM(AU27:BF27) -> 269.36965 | I27: =SUM(BG27:BR27) -> 498.6289 | K27: =SUM(K22,-K20)/((1+WACC) ^ (K3/12)) -> -2393.7446 | L27: =SUM(L22,-L20)/((1+WACC) ^ (L3/12)) -> -2212.5677 | M27: =SUM(M22,-M20)/((1+WACC) ^ (M3/12)) -> -2071.5412 | N27: =SUM(N22,-N20)/((1+WACC) ^ (N3/12)) -> -1402.4417 | O27: =SUM(O22,-O20)/((1+WACC) ^ (O3/12)) -> -1073.004 | P27: =SUM(P22,-P20)/((1+WACC) ^ (P3/12)) -> -1079.1936 | Q27: =SUM(Q22,-Q20)/((1+WACC) ^ (Q3/12)) -> -905.02618 | R27: =SUM(R22,-R20)/((1+WACC) ^ (R3/12)) -> -861.16064 | ... BR27: =SUM(BR22,-BR20)/((1+WACC) ^ (BR3/12)) -> 42.394149
B28: ∑ Present Value, FCFE | E28: =SUM(K27:BR27) -> -14373.641
B30: Terminal Value | E30: =((SUM(BG22:BR22)-SUM(BG20:BR20)) * (1+ValTerminal) / (WACC-ValTerminal)) -> 8091.3126
B31: PV, Terminal Value | E31: =E30/(1+WACC)^5 -> 4403.8055
B32: Equity Value | E32: =SUM(E28:E31) -> -1878.523

Sheet Summary
A1: info
B3: 5-yr Summary | D3: y1 | F3: y2 | G3: y/y | H3: y/y% | J3: y3 | K3: y/y | L3: y/y% | N3: y4 | O3: y/y | P3: y/y% | R3: y5 | S3: y/y | T3: y/y%
B5: Loans
B6: # Originations | D6: =Loans!E5 -> 1233.5562 | F6: =Loans!F5 -> 1309.6393 | G6: =F6-D6 -> 76.08305 | H6: =IFERROR(IF(F6/D6-1=-1," n/a",F6/D6-1),0) -> 0.061677812 | J6: =Loans!G5 -> 1390.415 | K6: =J6-F6 -> 80.775686 | L6: =IFERROR(IF(J6/F6-1=-1," n/a",J6/F6-1),0) -> 0.061677812 | N6: =Loans!H5 -> 1476.1727 | O6: =N6-J6 -> 85.757753 | P6: =IFERROR(IF(N6/J6-1=-1," n/a",N6/J6-1),0) -> 0.061677812 | R6: =Loans!I5 -> 1567.2198 | S6: =R6-N6 -> 91.047104 | T6: =IFERROR(IF(R6/N6-1=-1," n/a",R6/N6-1),0) -> 0.061677812
B7: # Sales | D7: =Loans!E6 -> 366.18388 | F7: =Loans!F6 -> 514.52913 | G7: =F7-D7 -> 148.34525 | H7: =IFERROR(IF(F7/D7-1=-1," n/a",F7/D7-1),0) -> 0.40511135 | J7: =Loans!G6 -> 546.26416 | K7: =J7-F7 -> 31.735031 | L7: =IFERROR(IF(J7/F7-1=-1," n/a",J7/F7-1),0) -> 0.061677812 | N7: =Loans!H6 -> 579.95654 | O7: =N7-J7 -> 33.692378 | P7: =IFERROR(IF(N7/J7-1=-1," n/a",N7/J7-1),0) -> 0.061677812 | R7: =Loans!I6 -> 615.72699 | S7: =R7-N7 -> 35.77045 | T7: =IFERROR(IF(R7/N7-1=-1," n/a",R7/N7-1),0) -> 0.061677812
B8: Loans Receivable | D8: =Loans!E25 -> 14458.59 | F8: =Loans!F25 -> 16365.492 | G8: =F8-D8 -> 1906.9023 | H8: =IFERROR(IF(F8/D8-1=-1," n/a",F8/D8-1),0) -> 0.13188716 | J8: =Loans!G25 -> 16130.832 | K8: =J8-F8 -> -234.65988 | L8: =IFERROR(IF(J8/F8-1=-1," n/a",J8/F8-1),0) -> -0.0143387 | N8: =Loans!H25 -> 16369.232 | O8: =N8-J8 -> 238.39988 | P8: =IFERROR(IF(N8/J8-1=-1," n/a",N8/J8-1),0) -> 0.014779143 | R8: =Loans!I25 -> 16355.537 | S8: =R8-N8 -> -13.694805 | T8: =IFERROR(IF(R8/N8-1=-1," n/a",R8/N8-1),0) -> -0.00083661868
B9: Credit line
B10: Cash collected | D10: =Credit!E26 -> -12707.831 | F10: =Credit!F26 -> 1752.9101 | G10: =F10-D10 -> 14460.741 | H10: =IFERROR(IF(F10/D10-1=-1," n/a",F10/D10-1),0) -> -1.1379394 | J10: =Credit!G26 -> 3830.8881 | K10: =J10-F10 -> 2077.9779 | L10: =IFERROR(IF(J10/F10-1=-1," n/a",J10/F10-1),0) -> 1.1854446 | N10: =Credit!H26 -> 3897.4929 | O10: =N10-J10 -> 66.604839 | P10: =IFERROR(IF(N10/J10-1=-1," n/a",N10/J10-1),0) -> 0.017386266 | R10: =Credit!I26 -> 4566.7598 | S10: =R10-N10 -> 669.26689 | T10: =IFERROR(IF(R10/N10-1=-1," n/a",R10/N10-1),0) -> 0.17171728
B11: Cash disbursed | D11: =Credit!E39 -> 2423.1134 | F11: =Credit!F39 -> 3187.7275 | G11: =F11-D11 -> 764.61411 | H11: =IFERROR(IF(F11/D11-1=-1," n/a",F11/D11-1),0) -> 0.31555028 | J11: =Credit!G39 -> 3222.3499 | K11: =J11-F11 -> 34.622381 | L11: =IFERROR(IF(J11/F11-1=-1," n/a",J11/F11-1),0) -> 0.010861148 | N11: =Credit!H39 -> 3484.3119 | O11: =N11-J11 -> 261.96202 | P11: =IFERROR(IF(N11/J11-1=-1," n/a",N11/J11-1),0) -> 0.081295338 | R11: =Credit!I39 -> 3699.1252 | S11: =R11-N11 -> 214.81327 | T11: =IFERROR(IF(R11/N11-1=-1," n/a",R11/N11-1),0) -> 0.061651561
B12: Cash borrowed/repaid | D12: =Credit!E44 -> 15070.944 | F12: =Credit!F44 -> 1434.8174 | G12: =F12-D12 -> -13636.127 | H12: =IFERROR(IF(F12/D12-1=-1," n/a",F12/D12-1),0) -> -0.90479579 | J12: =Credit!G44 -> -608.53818 | K12: =J12-F12 -> -2043.3555 | L12: =IFERROR(IF(J12/F12-1=-1," n/a",J12/F12-1),0) -> -1.4241224 | N12: =Credit!H44 -> -413.181 | O12: =N12-J12 -> 195.35718 | P12: =IFERROR(IF(N12/J12-1=-1," n/a",N12/J12-1),0) -> -0.32102699 | R12: =Credit!I44 -> -867.63463 | S12: =R12-N12 -> -454.45363 | T12: =IFERROR(IF(R12/N12-1=-1," n/a",R12/N12-1),0) -> 1.0998899
B13: Balance | D13: =Credit!E46 -> 15070.944 | F13: =Credit!F46 -> 16505.762 | G13: =F13-D13 -> 1434.8174 | H13: =IFERROR(IF(F13/D13-1=-1," n/a",F13/D13-1),0) -> 0.095204211 | J13: =Credit!G46 -> 15897.223 | K13: =J13-F13 -> -608.53818 | L13: =IFERROR(IF(J13/F13-1=-1," n/a",J13/F13-1),0) -> -0.036868228 | N13: =Credit!H46 -> 15484.042 | O13: =N13-J13 -> -413.181 | P13: =IFERROR(IF(N13/J13-1=-1," n/a",N13/J13-1),0) -> -0.025990765 | R13: =Credit!I46 -> 14616.408 | S13: =R13-N13 -> -867.63463 | T13: =IFERROR(IF(R13/N13-1=-1," n/a",R13/N13-1),0) -> -0.056034116
B14: Capital expenditures
B15: Expenditures | D15: =Credit!E33 -> 440 | F15: =Credit!F33 -> 10 | G15: =F15-D15 -> -430 | H15: =IFERROR(IF(F15/D15-1=-1," n/a",F15/D15-1),0) -> -0.97727273 | J15: =Credit!G33 -> 0 | K15: =J15-F15 -> -10 | L15: =IFERROR(IF(J15/F15-1=-1," n/a",J15/F15-1),0) -> n/a | N15: =Credit!H33 -> 0 | O15: =N15-J15 -> 0 | P15: =IFERROR(IF(N15/J15-1=-1," n/a",N15/J15-1),0) -> 0 | R15: =Credit!I33 -> 0 | S15: =R15-N15 -> 0 | T15: =IFERROR(IF(R15/N15-1=-1," n/a",R15/N15-1),0) -> 0
B16: Salvage proceeds | D16: =Credit!E25 -> 18 | F16: =Credit!F25 -> 175 | G16: =F16-D16 -> 157 | H16: =IFERROR(IF(F16/D16-1=-1," n/a",F16/D16-1),0) -> 8.7222222 | J16: =Credit!G25 -> 0 | K16: =J16-F16 -> -175 | L16: =IFERROR(IF(J16/F16-1=-1," n/a",J16/F16-1),0) -> n/a | N16: =Credit!H25 -> 5 | O16: =N16-J16 -> 5 | P16: =IFERROR(IF(N16/J16-1=-1," n/a",N16/J16-1),0) -> 0 | R16: =Credit!I25 -> 15 | S16: =R16-N16 -> 10 | T16: =IFERROR(IF(R16/N16-1=-1," n/a",R16/N16-1),0) -> 2
B17: Income Statement
B18: Revenue | D18: =Income!E14 -> 2571.0347 | F18: =Income!F14 -> 3818.8744 | G18: =F18-D18 -> 1247.8398 | H18: =IFERROR(IF(F18/D18-1=-1," n/a",F18/D18-1),0) -> 0.48534537 | J18: =Income!G14 -> 3823.8521 | K18: =J18-F18 -> 4.9777214 | L18: =IFERROR(IF(J18/F18-1=-1," n/a",J18/F18-1),0) -> 0.0013034525 | N18: =Income!H14 -> 4385.1613 | O18: =N18-J18 -> 561.30917 | P18: =IFERROR(IF(N18/J18-1=-1," n/a",N18/J18-1),0) -> 0.14679155 | R18: =Income!I14 -> 4783.2031 | S18: =R18-N18 -> 398.04175 | T18: =IFERROR(IF(R18/N18-1=-1," n/a",R18/N18-1),0) -> 0.09077015
B19: Cost of Goods Sold | D19: =Income!E20 -> 1346.9176 | F19: =Income!F20 -> 722.44194 | G19: =F19-D19 -> -624.47567 | H19: =IFERROR(IF(F19/D19-1=-1," n/a",F19/D19-1),0) -> -0.46363316 | J19: =Income!G20 -> 648.09659 | K19: =J19-F19 -> -74.345349 | L19: =IFERROR(IF(J19/F19-1=-1," n/a",J19/F19-1),0) -> -0.10290841 | N19: =Income!H20 -> 713.72941 | O19: =N19-J19 -> 65.632815 | P19: =IFERROR(IF(N19/J19-1=-1," n/a",N19/J19-1),0) -> 0.10127011 | R19: =Income!I20 -> 743.70864 | S19: =R19-N19 -> 29.979233 | T19: =IFERROR(IF(R19/N19-1=-1," n/a",R19/N19-1),0) -> 0.04200364
B20: Payroll expense | D20: =Income!E22 -> 1077.2709 | F20: =Income!F22 -> 1559.6378 | G20: =F20-D20 -> 482.36686 | H20: =IFERROR(IF(F20/D20-1=-1," n/a",F20/D20-1),0) -> 0.44776745 | J20: =Income!G22 -> 1676.3272 | K20: =J20-F20 -> 116.68941 | L20: =IFERROR(IF(J20/F20-1=-1," n/a",J20/F20-1),0) -> 0.074818278 | N20: =Income!H22 -> 1701.6457 | O20: =N20-J20 -> 25.318501 | P20: =IFERROR(IF(N20/J20-1=-1," n/a",N20/J20-1),0) -> 0.015103556 | R20: =Income!I22 -> 1727.3466 | S20: =R20-N20 -> 25.700901 | T20: =IFERROR(IF(R20/N20-1=-1," n/a",R20/N20-1),0) -> 0.015103556
B21: Overhead expense | D21: =Income!E21 -> 604.72028 | F21: =Income!F21 -> 615.13219 | G21: =F21-D21 -> 10.411911 | H21: =IFERROR(IF(F21/D21-1=-1," n/a",F21/D21-1),0) -> 0.01721773 | J21: =Income!G21 -> 625.72337 | K21: =J21-F21 -> 10.59118 | L21: =IFERROR(IF(J21/F21-1=-1," n/a",J21/F21-1),0) -> 0.01721773 | N21: =Income!H21 -> 636.49691 | O21: =N21-J21 -> 10.773536 | P21: =IFERROR(IF(N21/J21-1=-1," n/a",N21/J21-1),0) -> 0.01721773 | R21: =Income!I21 -> 647.45594 | S21: =R21-N21 -> 10.959032 | T21: =IFERROR(IF(R21/N21-1=-1," n/a",R21/N21-1),0) -> 0.01721773
B22: Net Earnings | D22: =Income!E30 -> -515.68804 | F22: =Income!F30 -> 405.4183 | G22: =F22-D22 -> 921.10634 | H22: =IFERROR(IF(F22/D22-1=-1," n/a",F22/D22-1),0) -> -1.7861697 | J22: =Income!G30 -> 373.8783 | K22: =J22-F22 -> -31.539995 | L22: =IFERROR(IF(J22/F22-1=-1," n/a",J22/F22-1),0) -> -0.07779618 | N22: =Income!H30 -> 651.58088 | O22: =N22-J22 -> 277.70258 | P22: =IFERROR(IF(N22/J22-1=-1," n/a",N22/J22-1),0) -> 0.74276195 | R22: =Income!I30 -> 853.93982 | S22: =R22-N22 -> 202.35894 | T22: =IFERROR(IF(R22/N22-1=-1," n/a",R22/N22-1),0) -> 0.31056612
B23: Balance Sheet
B24: Assets | D24: =Balance!E20 -> 14825.256 | F24: =Balance!F20 -> 16565.492 | G24: =F24-D24 -> 1740.2357 | H24: =IFERROR(IF(F24/D24-1=-1," n/a",F24/D24-1),0) -> 0.11738318 | J24: =Balance!G20 -> 16330.832 | K24: =J24-F24 -> -234.65988 | L24: =IFERROR(IF(J24/F24-1=-1," n/a",J24/F24-1),0) -> -0.014165585 | N24: =Balance!H20 -> 16569.232 | O24: =N24-J24 -> 238.39988 | P24: =IFERROR(IF(N24/J24-1=-1," n/a",N24/J24-1),0) -> 0.014598147 | R24: =Balance!I20 -> 16555.537 | S24: =R24-N24 -> -13.694805 | T24: =IFERROR(IF(R24/N24-1=-1," n/a",R24/N24-1),0) -> -0.00082652022
B25: Liabilities | D25: =Balance!E26 -> 15230.944 | F25: =Balance!F26 -> 16665.762 | G25: =F25-D25 -> 1434.8174 | H25: =IFERROR(IF(F25/D25-1=-1," n/a",F25/D25-1),0) -> 0.094204097 | J25: =Balance!G26 -> 16057.223 | K25: =J25-F25 -> -608.53818 | L25: =IFERROR(IF(J25/F25-1=-1," n/a",J25/F25-1),0) -> -0.036514274 | N25: =Balance!H26 -> 15644.042 | O25: =N25-J25 -> -413.181 | P25: =IFERROR(IF(N25/J25-1=-1," n/a",N25/J25-1),0) -> -0.025731784 | R25: =Balance!I26 -> 14776.408 | S25: =R25-N25 -> -867.63463 | T25: =IFERROR(IF(R25/N25-1=-1," n/a",R25/N25-1),0) -> -0.055461025
B26: Equity | D26: =Balance!E31 -> -405.68804 | F26: =Balance!F31 -> -100.26974 | G26: =F26-D26 -> 305.4183 | H26: =IFERROR(IF(F26/D26-1=-1," n/a",F26/D26-1),0) -> -0.75284028 | J26: =Balance!G31 -> 273.60856 | K26: =J26-F26 -> 373.8783 | L26: =IFERROR(IF(J26/F26-1=-1," n/a",J26/F26-1),0) -> -3.7287252 | N26: =Balance!H31 -> 925.18944 | O26: =N26-J26 -> 651.58088 | P26: =IFERROR(IF(N26/J26-1=-1," n/a",N26/J26-1),0) -> 2.3814345 | R26: =Balance!I31 -> 1779.1293 | S26: =R26-N26 -> 853.93982 | T26: =IFERROR(IF(R26/N26-1=-1," n/a",R26/N26-1),0) -> 0.92298916
B27: Cash Flow
B28: Ops | D28: =Cash!E9 -> -14718.944 | F28: =Cash!F9 -> -1499.8174 | G28: =F28-D28 -> 13219.127 | H28: =IFERROR(IF(F28/D28-1=-1," n/a",F28/D28-1),0) -> -0.89810293 | J28: =Cash!G9 -> 608.53818 | K28: =J28-F28 -> 2108.3555 | L28: =IFERROR(IF(J28/F28-1=-1," n/a",J28/F28-1),0) -> -1.4057415 | N28: =Cash!H9 -> 408.181 | O28: =N28-J28 -> -200.35718 | P28: =IFERROR(IF(N28/J28-1=-1," n/a",N28/J28-1),0) -> -0.3292434 | R28: =Cash!I9 -> 852.63463 | S28: =R28-N28 -> 444.45363 | T28: =IFERROR(IF(R28/N28-1=-1," n/a",R28/N28-1),0) -> 1.0888641
B29: Investing | D29: =Cash!E13 -> -422 | F29: =Cash!F13 -> 165 | G29: =F29-D29 -> 587 | H29: =IFERROR(IF(F29/D29-1=-1," n/a",F29/D29-1),0) -> -1.3909953 | J29: =Cash!G13 -> 0 | K29: =J29-F29 -> -165 | L29: =IFERROR(IF(J29/F29-1=-1," n/a",J29/F29-1),0) -> n/a | N29: =Cash!H13 -> 5 | O29: =N29-J29 -> 5 | P29: =IFERROR(IF(N29/J29-1=-1," n/a",N29/J29-1),0) -> 0 | R29: =Cash!I13 -> 15 | S29: =R29-N29 -> 10 | T29: =IFERROR(IF(R29/N29-1=-1," n/a",R29/N29-1),0) -> 2
B30: Financing | D30: =Cash!E20 -> 10 | F30: =Cash!F20 -> -100 | G30: =F30-D30 -> -110 | H30: =IFERROR(IF(F30/D30-1=-1," n/a",F30/D30-1),0) -> -11 | J30: =Cash!G20 -> 0 | K30: =J30-F30 -> 100 | L30: =IFERROR(IF(J30/F30-1=-1," n/a",J30/F30-1),0) -> n/a | N30: =Cash!H20 -> 0 | O30: =N30-J30 -> 0 | P30: =IFERROR(IF(N30/J30-1=-1," n/a",N30/J30-1),0) -> 0 | R30: =Cash!I20 -> 0 | S30: =R30-N30 -> 0 | T30: =IFERROR(IF(R30/N30-1=-1," n/a",R30/N30-1),0) -> 0
B31: In/Out | D31: =Cash!E22 -> -15130.944 | F31: =Cash!F22 -> -1434.8174 | G31: =F31-D31 -> 13696.127 | H31: =IFERROR(IF(F31/D31-1=-1," n/a",F31/D31-1),0) -> -0.90517331 | J31: =Cash!G22 -> 608.53818 | K31: =J31-F31 -> 2043.3555 | L31: =IFERROR(IF(J31/F31-1=-1," n/a",J31/F31-1),0) -> -1.4241224 | N31: =Cash!H22 -> 413.181 | O31: =N31-J31 -> -195.35718 | P31: =IFERROR(IF(N31/J31-1=-1," n/a",N31/J31-1),0) -> -0.32102699 | R31: =Cash!I22 -> 867.63463 | S31: =R31-N31 -> 454.45363 | T31: =IFERROR(IF(R31/N31-1=-1," n/a",R31/N31-1),0) -> 1.0998899
B32: Equity Value | D32: =Cash!E32 -> -1878.523
